Workbook
Name 台灣神隆成交客戶99年: 附表二台灣神隆!$A$4:$G$375

Sheet 犯罪所得 
A1: 附表一、販售未上市櫃公司股票「犯罪所得」及「沒收金額」計算表
A2: （一）賣出金額：
A3: 編號 | B3: 股票名稱 | C3: 期間 | D3: 張數 | E3: 金額 | F3: 平均每股賣價 | G3: 資料來源
A4: 1 | B4: 台灣神隆公司 | C4: =TEXT(MIN(附表二台灣神隆!$B$3:$B$374),"e/mm/dd")&"-"&TEXT(MAX(附表二台灣神隆!$B$3:$B$374),"e/mm/dd") -> 94/07/27-99/02/23 | D4: =附表二台灣神隆!F375 -> 2844 | E4: =附表二台灣神隆!L375 -> 87091000 | F4: =ROUND(E4/D4,2)/1000 -> 30.62271 | G4: 附表二
A5: 2 | B5: 華聯公司 | C5: =TEXT(MIN(附表三華聯!$B$3:$B$565),"e/mm/dd")&"-"&TEXT(MAX(附表三華聯!$B$3:$B$565),"e/mm/dd") -> 97/04/03-102/10/04 | D5: =附表三華聯!F566 -> 4611 | E5: =附表三華聯!L566 -> 163457000 | F5: =ROUND(E5/D5,2)/1000 -> 35.44936 | G5: 附表三
C6: 103/11/20-104/11/23 | D6: =附表三之一華聯!E17/1000 -> 338.202 | E6: =附表三之一華聯!G17 -> 2293040 | F6: =ROUND(E6/D6,2)/1000 -> 6.78009 | G6: 附表三之一
C7: 小計 | D7: =SUM(D5:D6) -> 4949.202 | E7: =SUM(E5:E6) -> 165750040 | F7: =ROUND(E7/D7,2)/1000 -> 33.49026
A8: 3 | B8: 聯相公司 | C8: =TEXT(MIN(附表四聯相!$C$3:$C$861),"e/mm/dd")&"-"&TEXT(MAX(附表四聯相!$C$3:$C$861),"e/mm/dd") -> 99/01/10-102/04/12 | D8: =附表四聯相!G864 -> 5639 | E8: =附表四聯相!M864 -> 229892000 | F8: =ROUND(E8/D8,2)/1000 -> 40.76822 | G8: 附表四
C9: 104/03/25-104/09/02 | D9: =附表四之一聯相!E30/1000 -> 548 | E9: =附表四之一聯相!G30 -> 1661000 | F9: =ROUND(E9/D9,2)/1000 -> 3.03102 | G9: 附表四之一
C10: 小計 | D10: =SUM(D8:D9) -> 6187 | E10: =SUM(E8:E9) -> 231553000 | F10: =ROUND(E10/D10,2)/1000 -> 37.42573
A11: 4 | B11: 台積固態公司 | C11: =TEXT(MIN(附表五台固!$C$3:$C$230),"e/mm/dd")&"-"&TEXT(MAX(附表五台固!$C$3:$C$230),"e/mm/dd") -> 102/08/19-102/12/09 | D11: =附表五台固!G233 -> 1748 | E11: =附表五台固!M233 -> 60541000 | F11: =ROUND(E11/D11,2)/1000 -> 34.63444 | G11: 附表五
C12: 103/01/8-103/12/31 | D12: =附表五之一台固!H328 -> 3515 | E12: =附表五之一台固!I328 -> 137085000 | F12: =ROUND(E12/D12,2)/1000 -> 39 | G12: 附表五之一
C13: 小計 | D13: =SUM(D11:D12) -> 5263 | E13: =SUM(E11:E12) -> 197626000 | F13: =ROUND(E13/D13,2)/1000 -> 37.55007
A14: 5 | B14: 太景生物科技 | C14: =TEXT(MIN(附表六太景!$B$3:$B$382),"e/mm/dd")&"-"&TEXT(MAX(附表六太景!$B$3:$B$382),"e/mm/dd") -> 101/01/28-102/07/11 | D14: =附表六太景!F383 -> 3063 | E14: =附表六太景!N383 -> 98651000 | F14: =ROUND(E14/D14,2)/1000 -> 32.20731 | G14: 附表六
B15: 合計 | C15: 94/07/27-104/11/23 | D15: =D4+D7+D10+D13+D14 -> 22306.202 | E15: =E4+E7+E10+E13+E14 -> 780671040 | F15: =ROUND(E15/D15,2)/1000 -> 34.99794
A16: 註： | B16: 起訴意旨以財政部財政資訊中心回函105年8月1日資裡字第10500000000號函所檢附之唐志驄、唐霈喬及王秀鳳等3人之買賣交易、繳交證券交易稅之記錄（見A21P139-182），作為計算被告唐志驄販售未上市櫃公司股票收入金額，然該計算方式，僅能含括以王秀鳳、唐志驄、唐霈喬為賣出名義人所示之交易，尚未能包含實際確為被告唐志驄所販售，但係逕由上游股票供應商過戶至向被告唐志驄買受股票之客戶部分；再者，上開回函所示證券交易稅繳交記錄，與扣案（107刑保788號扣押物品清單編號29；附表十一編號29）唐霈喬房間光碟（即市調處原始扣押物編號C-6）內檔案「Database..ID_45403」資料表所示各股票成交紀錄（此並經被告唐霈喬自承依勝券公司販售未上市櫃公司股票之真實交易紀錄所登載之成交資料，見本院卷二P73）相互比對，查見同一筆成交交易，有申報不同交易價格並重複繳交證交稅稅款情事（被告唐志驄表示係分別以與上游盤商及買受客戶之交易價格申報，目的係賺取價差，見本院卷二P75），是以前開財政部財政資訊中心函覆資料無法真實反映被告唐志驄之真實販售情狀，本院援以前開扣案唐霈喬房間光碟內檔案所示各股票成交記錄，作為計算被告唐志驄經營勝券公司非法販售未上市櫃股票所得之基礎。又因該扣押資料所記錄之成交內容僅登載至102年間，故此後（103年1月1日至104年11月23日）之銷售股票情形，則引用被告唐志驄所附勝券公司之各業務人員於103年度年終獎金所示成交明細或經整理之財政部財政資訊中心回函資料所示證券交易稅繳交紀錄明細作為計算（依卷證資料顯示，自103年1月1日後，僅有華聯、聯相及台積固態等公司之證券買賣交易資料）。
A17: （二）買進金額：
A18: 編號 | B18: 股票名稱 | C18: 期間 | D18: 股數 | E18: 金額 | F18: 平均每股買價 | G18: 卷證出處
A19: 1 | B19: 台灣神隆公司 | C19: 96/01/19-99/10/25 | D19: 812597 | E19: 21295881 | F19: =ROUND(E19/D19,2) -> 26.21 | G19: 財政資訊中心回函 （A21P141-142）
A20: 2 | B20: 華聯公司 | C20: 97/04/18-104/07/13 | D20: 2101652 | E20: 36426597 | F20: =ROUND(E20/D20,2) -> 17.33 | G20: 財政資訊中心回函 （A21P146-146反）
C21: 99/01/28-104/04/02 | D21: =144000+731+3000+892+4000+755+243+325+1000+620+179 -> 155745 | E21: =144731*15+3892*15+4755*11+243*15+325*11+1620*15+179*11 -> 2315139 | F21: =ROUND(E21/D21,2) -> 14.86 | G21: 元富證券公司回函 （本院卷一P405-407）
C22: 小計 | D22: =SUM(D20:D21) -> 2257397 | E22: =SUM(E20:E21) -> 38741736 | F22: =ROUND(E22/D22,2) -> 17.16
A23: 3 | B23: 聯相公司 | C23: 99/03/19-104/03/26 | D23: 7027584 | E23: 107714834 | F23: =ROUND(E23/D23,2) -> 15.33 | G23: 財政資訊中心回函 （A21P153-155反）
A24: 4 | B24: 台積固態公司 | C24: 102/07/30-104/03/20 | D24: 93606 | E24: 1245769 | F24: =ROUND(E24/D24,2) -> 13.31 | G24: 財政資訊中心回函 （A21P180）
A25: 5 | B25: 太景生物科技 | F25: =(E19+E22+E23+E24)/(D19+D22+D23+D24) -> 16.582786 | G25: 因無直接相關證據，僅能以其他股票之買進成本進行估算
A27: （三）犯罪所得：
A28: 編號 | B28: 股票名稱 | C28: 賣出張數 | D28: 平均每股賣價 | E28: 平均每股買價 | F28: 獲利金額 | G28: 上市櫃顧問費 （附表七） | H28: 總犯罪所得
A29: 1 | B29: 台灣神隆公司 | C29: =D4 -> 2844 | D29: =F4 -> 30.62271 | E29: =F19 -> 26.21 | F29: =(D29-E29)*C29*1000 -> 12549747 | G29: =附表七顧問費!E4 -> 24450 | H29: =F29+G29 -> 12574197
A30: 2 | B30: 華聯公司 | C30: =D7 -> 4949.202 | D30: =F7 -> 33.49026 | E30: =F22 -> 17.16 | F30: =(D30-E30)*C30*1000 -> 80821755 | H30: =F30+G30 -> 80821755
A31: 3 | B31: 聯相公司 | C31: =D10 -> 6187 | D31: =F10 -> 37.42573 | E31: =F23 -> 15.33 | F31: =(D31-E31)*C31*1000 -> 1.3670628e+08 | H31: =F31+G31 -> 1.3670628e+08
A32: 4 | B32: 台積固態公司 | C32: =D13 -> 5263 | D32: =F13 -> 37.55007 | E32: =F24 -> 13.31 | F32: =(D32-E32)*C32*1000 -> 1.2757549e+08 | H32: =F32+G32 -> 1.2757549e+08
A33: 5 | B33: 太景生物科技 | C33: =D14 -> 3063 | D33: =F14 -> 32.20731 | E33: =F25 -> 16.582786 | F33: =(D33-E33)*C33*1000 -> 47857918 | G33: =附表七顧問費!E10 -> 44220 | H33: =F33+G33 -> 47902138
B34: 合計 | F34: =SUM(F29:F33) -> 4.0551119e+08 | G34: =SUM(G29:G33) -> 68670 | H34: =SUM(H29:H33) -> 4.0557986e+08
A36: （四）沒收金額：
A37: 被告 | B37: 犯罪所得 | C37: 員工獎金 （含底薪） （附表八） | D37: 退款（單） （附表九） | E37: 和解金額 （附表十） | F37: 沒收金額
A38: 唐志聰 | B38: ='犯罪所得 '!H34 -> 4.0557986e+08 | C38: =附表八員工獎金!D1406 -> 82508485 | D38: =附表九退款!N126 -> 25634267 | E38: =附表十和解!D6 -> 600000 | F38: =B38-C38-D38-E38 -> 2.9683711e+08
A39: 唐霈喬 | C39: =附表八員工獎金!D1405 -> 5000000 | F39: =C39 -> 5000000

Sheet 附表二台灣神隆
A1: 附表二、被告販售「台灣神隆公司」股票金額彙總表
A2: 編號 | B2: 完款日期 | C2: 姓名 | D2: 戶號 | E2: 價格 (註1) | F2: 張數 (註1) | G2: 業務 | H2: 買價 | J2: 張數 | L2: 合計金額
A3: 1 | B3: 38560 | C3: 詹秀玲 | E3: 29+13 | F3: 1+1 | G3: 簡淑惠 | H3: 29 | I3: 13 | J3: 1 | K3: 1 | L3: =(H3*J3+I3*K3)*1000 -> 42000
A4: 2 | B4: 38579 | C4: 馬小萍 | E4: 29+13 | F4: 1+1 | G4: 簡淑惠 | H4: 29 | I4: 13 | J4: 1 | K4: 1 | L4: =(H4*J4+I4*K4)*1000 -> 42000
A5: 3 | B5: 38586 | C5: 王騰毅 | D5: 1533 | E5: 29+13 | F5: 2+2 | G5: 簡淑惠 | H5: 29 | I5: 13 | J5: 2 | K5: 2 | L5: =(H5*J5+I5*K5)*1000 -> 84000
A6: 4 | B6: 38658 | C6: 劉秋微 | E6: 29+13 | F6: 2+2 | G6: 簡淑惠 | H6: 29 | I6: 13 | J6: 2 | K6: 2 | L6: =(H6*J6+I6*K6)*1000 -> 84000
A7: 5 | B7: 38673 | C7: 廖淑如 | D7: 1577 | E7: 29+13 | F7: 2+2 | G7: 簡淑惠 | H7: 29 | I7: 13 | J7: 2 | K7: 2 | L7: =(H7*J7+I7*K7)*1000 -> 84000
A8: 6 | B8: 38684 | C8: 彭素珍 | E8: 29+13 | F8: 4+4 | G8: 簡淑惠 | H8: 29 | I8: 13 | J8: 4 | K8: 4 | L8: =(H8*J8+I8*K8)*1000 -> 168000
A9: 7 | B9: 38713 | C9: 翁菱鴻 | D9: 1613 | E9: 29+13 | F9: 3+3 | G9: 簡淑惠 | H9: 29 | I9: 13 | J9: 3 | K9: 3 | L9: =(H9*J9+I9*K9)*1000 -> 126000
A10: 8 | B10: 38720 | C10: 陳思穎 | E10: 29 | F10: 1 | G10: 吳佳澐 | H10: 29 | J10: 1 | L10: =(H10*J10+I10*K10)*1000 -> 29000
A11: 9 | B11: 38736 | C11: 林岱萱 | E11: 29+13 | F11: 10+10 | G11: 簡淑惠 | H11: 29 | I11: 13 | J11: 10 | K11: 10 | L11: =(H11*J11+I11*K11)*1000 -> 420000
A12: 10 | B12: 38742 | C12: 邱振芳 | E12: 29+13 | F12: 3+3 | G12: 簡淑惠 | H12: 29 | I12: 13 | J12: 3 | K12: 3 | L12: =(H12*J12+I12*K12)*1000 -> 126000
A13: 11 | B13: 38754 | C13: 吳怡賢 | D13: 1655 | E13: 29+13 | F13: 1+1 | G13: 簡淑惠 | H13: 29 | I13: 13 | J13: 1 | K13: 1 | L13: =(H13*J13+I13*K13)*1000 -> 42000
A14: 12 | B14: 38756 | C14: 吳秉忠 | E14: 29+13 | F14: 3+3 | G14: 簡淑惠 | H14: 29 | I14: 13 | J14: 3 | K14: 3 | L14: =(H14*J14+I14*K14)*1000 -> 126000
A15: 13 | B15: 38761 | C15: 李玉英 | E15: 29+13 | F15: 10+10 | G15: 簡淑惠 | H15: 29 | I15: 13 | J15: 10 | K15: 10 | L15: =(H15*J15+I15*K15)*1000 -> 420000
A16: 14 | B16: 38775 | C16: 陳震國 | E16: 38+18 | F16: 7+7 | G16: 簡淑惠 | H16: 38 | I16: 18 | J16: 7 | K16: 7 | L16: =(H16*J16+I16*K16)*1000 -> 392000
A17: 15 | B17: 38782 | C17: 李曉婷 | D17: 1494 | E17: 29+13 | F17: 10+10 | G17: 王姵今 | H17: 29 | I17: 13 | J17: 10 | K17: 10 | L17: =(H17*J17+I17*K17)*1000 -> 420000
A18: 16 | B18: 38797 | C18: 余中伶 | D18: 1696 | E18: 38+13 | F18: 3+3 | G18: 簡淑惠 | H18: 38 | I18: 13 | J18: 3 | K18: 3 | L18: =(H18*J18+I18*K18)*1000 -> 153000
A19: 17 | B19: 38826 | C19: 張紹明 | D19: 1505 | E19: 29+13 | F19: 3+3 | G19: 王姵今 | H19: 29 | I19: 13 | J19: 3 | K19: 3 | L19: =(H19*J19+I19*K19)*1000 -> 126000
A20: 18 | B20: 38845 | C20: 劉昭課 | D20: 1516 | E20: 29 | F20: 1 | G20: 吳佳澐 | H20: 29 | J20: 1 | L20: =(H20*J20+I20*K20)*1000 -> 29000
A21: 19 | B21: 38849 | C21: 楊仁君 | D21: 1623 | E21: 29+13 | F21: 1+1 | G21: 王姵今 | H21: 29 | I21: 13 | J21: 1 | K21: 1 | L21: =(H21*J21+I21*K21)*1000 -> 42000
A22: 20 | B22: 38853 | C22: 施俊良 | E22: 38+13 | F22: 5+5 | G22: 簡淑惠 | H22: 38 | I22: 13 | J22: 5 | K22: 5 | L22: =(H22*J22+I22*K22)*1000 -> 255000
A23: 21 | B23: 38859 | C23: 黃永義 | D23: 1622 | E23: 29+13 | F23: 10+10 | G23: 王姵今 | H23: 29 | I23: 13 | J23: 10 | K23: 10 | L23: =(H23*J23+I23*K23)*1000 -> 420000
A24: 22 | B24: 38866 | C24: 吳正華 | D24: 1763 | E24: 38+13 | F24: 1+1 | G24: 簡淑惠 | H24: 38 | I24: 13 | J24: 1 | K24: 1 | L24: =(H24*J24+I24*K24)*1000 -> 51000
A25: 23 | B25: 38867 | C25: 莊秀麗 | E25: 38+13 | F25: 1+1 | G25: 簡淑惠 | H25: 38 | I25: 13 | J25: 1 | K25: 1 | L25: =(H25*J25+I25*K25)*1000 -> 51000
A26: 24 | B26: 38869 | C26: 蔡淑玲 | D26: 1541 | E26: 29+13 | F26: 5+5 | G26: 簡淑惠 | H26: 29 | I26: 13 | J26: 5 | K26: 5 | L26: =(H26*J26+I26*K26)*1000 -> 210000
A27: 25 | B27: 38869 | C27: 翁菱璣 | D27: 1514 | E27: 29+13 | F27: 20+20 | G27: 簡淑惠 | H27: 29 | I27: 13 | J27: 20 | K27: 20 | L27: =(H27*J27+I27*K27)*1000 -> 840000
A28: 26 | B28: 38891 | C28: 楊傑閔 | D28: 1779 | E28: 38+13 | F28: 1+1 | G28: 簡淑惠 | H28: 38 | I28: 13 | J28: 1 | K28: 1 | L28: =(H28*J28+I28*K28)*1000 -> 51000
A29: 27 | B29: 38929 | C29: 藍素萍 | D29: 1527 | E29: 29+13 | F29: 1+1 | G29: 簡淑惠 | H29: 29 | I29: 13 | J29: 1 | K29: 1 | L29: =(H29*J29+I29*K29)*1000 -> 42000
A30: 28 | B30: 38931 | C30: 游安君 | D30: 1523 | E30: 29+13 | F30: 1+1 | G30: 簡淑惠 | H30: 29 | I30: 13 | J30: 1 | K30: 1 | L30: =(H30*J30+I30*K30)*1000 -> 42000
A31: 29 | B31: 38933 | C31: 邱 滿 | E31: 29+13 | F31: 5+5 | G31: 簡淑惠 | H31: 29 | I31: 13 | J31: 5 | K31: 5 | L31: =(H31*J31+I31*K31)*1000 -> 210000
A32: 30 | B32: 38933 | C32: 羅鳳英 | E32: 29+13 | F32: 1+1 | G32: 吳佳澐 | H32: 29 | I32: 13 | J32: 1 | K32: 1 | L32: =(H32*J32+I32*K32)*1000 -> 42000
A33: 31 | B33: 38965 | C33: 洪秀雲 | D33: 1542 | E33: 29+13 | F33: 2+2 | G33: 簡淑惠 | H33: 29 | I33: 13 | J33: 2 | K33: 2 | L33: =(H33*J33+I33*K33)*1000 -> 84000
A34: 32 | B34: 38967 | C34: 簡蔚瑾 | D34: 1540 | E34: 29+13 | F34: 1+1 | G34: 簡淑惠 | H34: 29 | I34: 13 | J34: 1 | K34: 1 | L34: =(H34*J34+I34*K34)*1000 -> 42000
A35: 33 | B35: 38968 | C35: 曾美榮 | D35: 1539 | E35: 29+13 | F35: 1+1 | G35: 簡淑惠 | H35: 29 | I35: 13 | J35: 1 | K35: 1 | L35: =(H35*J35+I35*K35)*1000 -> 42000
A36: 34 | B36: 38968 | C36: 林士景 | D36: 1544 | E36: 29+13 | F36: 1+1 | G36: 簡淑惠 | H36: 29 | I36: 13 | J36: 1 | K36: 1 | L36: =(H36*J36+I36*K36)*1000 -> 42000
A37: 35 | B37: 38968 | C37: 胡景文 | D37: 1537 | E37: 29+13 | F37: 1+1 | G37: 吳佳澐 | H37: 29 | I37: 13 | J37: 1 | K37: 1 | L37: =(H37*J37+I37*K37)*1000 -> 42000
A38: 36 | B38: 38978 | C38: 林聰賓 | E38: 29+13 | F38: 10+10 | G38: 吳佳澐 | H38: 29 | I38: 13 | J38: 10 | K38: 10 | L38: =(H38*J38+I38*K38)*1000 -> 420000
A39: 37 | B39: 38985 | C39: 諸葛娟 | D39: 1548 | E39: 29+13 | F39: 2+2 | G39: 簡淑惠 | H39: 29 | I39: 13 | J39: 2 | K39: 2 | L39: =(H39*J39+I39*K39)*1000 -> 84000
A40: 38 | B40: 38985 | C40: 諸葛珍 | D40: 1549 | E40: 29+13 | F40: 2+2 | G40: 簡淑惠 | H40: 29 | I40: 13 | J40: 2 | K40: 2 | L40: =(H40*J40+I40*K40)*1000 -> 84000
A41: 39 | B41: 39003 | C41: 李雯琪 | D41: 1551 | E41: 29+13 | F41: 2+2 | G41: 簡淑惠 | H41: 29 | I41: 13 | J41: 2 | K41: 2 | L41: =(H41*J41+I41*K41)*1000 -> 84000
A42: 40 | B42: 39003 | C42: 李文德 | D42: 1550 | E42: 29+13 | F42: 1+1 | G42: 王姵今 | H42: 29 | I42: 13 | J42: 1 | K42: 1 | L42: =(H42*J42+I42*K42)*1000 -> 42000
A43: 41 | B43: 39016 | C43: 歐桂蘭 | D43: 1553 | E43: 29+13 | F43: 2+2 | G43: 簡淑惠 | H43: 29 | I43: 13 | J43: 2 | K43: 2 | L43: =(H43*J43+I43*K43)*1000 -> 84000
A44: 42 | B44: 39016 | C44: 崔添迪 | D44: 1555 | E44: 29+13 | F44: 2+2 | G44: 簡淑惠 | H44: 29 | I44: 13 | J44: 2 | K44: 2 | L44: =(H44*J44+I44*K44)*1000 -> 84000
A45: 43 | B45: 39024 | C45: 陳薪州 | D45: 1563 | E45: 29+13 | F45: 5+5 | G45: 簡淑惠 | H45: 29 | I45: 13 | J45: 5 | K45: 5 | L45: =(H45*J45+I45*K45)*1000 -> 210000
A46: 44 | B46: 39024 | C46: 林錦東 | D46: 1562 | E46: 29+13 | F46: 2+2 | G46: 吳佳澐 | H46: 29 | I46: 13 | J46: 2 | K46: 2 | L46: =(H46*J46+I46*K46)*1000 -> 84000
A47: 45 | B47: 39030 | C47: 黃雅琪 | D47: 1567 | E47: 29+13 | F47: 1+1 | G47: 簡淑惠 | H47: 29 | I47: 13 | J47: 1 | K47: 1 | L47: =(H47*J47+I47*K47)*1000 -> 42000
A48: 46 | B48: 39030 | C48: 李 英 | E48: 29+13 | F48: 3+3 | G48: 簡淑惠 | H48: 29 | I48: 13 | J48: 3 | K48: 3 | L48: =(H48*J48+I48*K48)*1000 -> 126000
A49: 47 | B49: 39030 | C49: 朱諼如 | D49: 1568 | E49: 29+13 | F49: 1+1 | G49: 簡淑惠 | H49: 29 | I49: 13 | J49: 1 | K49: 1 | L49: =(H49*J49+I49*K49)*1000 -> 42000
A50: 48 | B50: 39036 | C50: 高珊姵 | D50: 1571 | E50: 29+13 | F50: 1+1 | G50: 簡淑惠 | H50: 29 | I50: 13 | J50: 1 | K50: 1 | L50: =(H50*J50+I50*K50)*1000 -> 42000
A51: 49 | B51: 39036 | C51: 鄭彩華 | D51: 1572 | E51: 29+13 | F51: 1+1 | G51: 王姵今 | H51: 29 | I51: 13 | J51: 1 | K51: 1 | L51: =(H51*J51+I51*K51)*1000 -> 42000
A52: 50 | B52: 39036 | C52: 張峰嚴 | D52: 1573 | E52: 29+13 | F52: 1+1 | G52: 王姵今 | H52: 29 | I52: 13 | J52: 1 | K52: 1 | L52: =(H52*J52+I52*K52)*1000 -> 42000
A53: 51 | B53: 39037 | C53: 林理芸 | D53: 1576 | E53: 29+13 | F53: 1+1 | G53: 王姵今 | H53: 29 | I53: 13 | J53: 1 | K53: 1 | L53: =(H53*J53+I53*K53)*1000 -> 42000
A54: 52 | B54: 39044 | C54: 柯宗男 | D54: 1575 | E54: 29+13 | F54: 1+1 | G54: 王姵今 | H54: 29 | I54: 13 | J54: 1 | K54: 1 | L54: =(H54*J54+I54*K54)*1000 -> 42000
A55: 53 | B55: 39051 | C55: 陳文榮 | D55: 1586 | E55: 29+13 | F55: 1+1 | G55: 簡淑惠 | H55: 29 | I55: 13 | J55: 1 | K55: 1 | L55: =(H55*J55+I55*K55)*1000 -> 42000
A56: 54 | B56: 39051 | C56: 鄭彩華 | D56: 1572 | E56: 29+13 | F56: 2+2 | G56: 王姵今 | H56: 29 | I56: 13 | J56: 2 | K56: 2 | L56: =(H56*J56+I56*K56)*1000 -> 84000
A57: 55 | B57: 39051 | C57: 鄭安舜 | D57: 1588 | E57: 29+13 | F57: 2+2 | G57: 王姵今 | H57: 29 | I57: 13 | J57: 2 | K57: 2 | L57: =(H57*J57+I57*K57)*1000 -> 84000
A58: 56 | B58: 39051 | C58: 黃詩茵 | D58: 1587 | E58: 29+13 | F58: 1+1 | G58: 王姵今 | H58: 29 | I58: 13 | J58: 1 | K58: 1 | L58: =(H58*J58+I58*K58)*1000 -> 42000
A59: 57 | B59: 39051 | C59: 林秀霞 | D59: 1590 | E59: 29+13 | F59: 1+1 | G59: 簡淑惠 | H59: 29 | I59: 13 | J59: 1 | K59: 1 | L59: =(H59*J59+I59*K59)*1000 -> 42000
A60: 58 | B60: 39051 | C60: 柯宗男 | D60: 1575 | E60: 29+13 | F60: 2+2 | G60: 王姵今 | H60: 29 | I60: 13 | J60: 2 | K60: 2 | L60: =(H60*J60+I60*K60)*1000 -> 84000
... A64: 62 | B64: 39059 | C64: 王淼駿 | D64: 1597 | E64: 29+13 | F64: 1+1 | G64: 王姵今 | H64: 29 | I64: 13 | J64: 1 | K64: 1 | L64: =(H64*J64+I64*K64)*1000 -> 42000
A65: 63 | B65: 39062 | C65: 王姵今 | D65: 1639 | E65: 13 | F65: 1 | G65: 王姵今 | H65: 13 | J65: 1 | L65: =(H65*J65+I65*K65)*1000 -> 13000
A66: 64 | B66: 39063 | C66: 黃光潔 | D66: 1596 | E66: 29+13 | F66: 2+2 | G66: 簡淑惠 | H66: 29 | I66: 13 | J66: 2 | K66: 2 | L66: =(H66*J66+I66*K66)*1000 -> 84000
A67: 65 | B67: 39063 | C67: 曾美榮 | D67: 1539 | E67: 29+13 | F67: 2+2 | G67: 簡淑惠 | H67: 29 | I67: 13 | J67: 2 | K67: 2 | L67: =(H67*J67+I67*K67)*1000 -> 84000
A68: 66 | B68: 39063 | C68: 林麗貞 | D68: 1600 | E68: 29+13 | F68: 3+3 | G68: 簡淑惠 | H68: 29 | I68: 13 | J68: 3 | K68: 3 | L68: =(H68*J68+I68*K68)*1000 -> 126000
A69: 67 | B69: 39071 | C69: 顏秀芳 | D69: 1602 | E69: 29+13 | F69: 1+1 | G69: 王姵今 | H69: 29 | I69: 13 | J69: 1 | K69: 1 | L69: =(H69*J69+I69*K69)*1000 -> 42000
A70: 68 | B70: 39071 | C70: 簡山孟 | D70: 1605 | E70: 29+13 | F70: 10+10 | G70: 簡淑惠 | H70: 29 | I70: 13 | J70: 10 | K70: 10 | L70: =(H70*J70+I70*K70)*1000 -> 420000
A71: 69 | B71: 39073 | C71: 張玲玲 | D71: 1606 | E71: 29+13 | F71: 10+10 | G71: 王姵今 | H71: 29 | I71: 13 | J71: 10 | K71: 10 | L71: =(H71*J71+I71*K71)*1000 -> 420000
A72: 70 | B72: 39078 | C72: 李曉婷 | D72: 1494 | E72: 29+13 | F72: 5+5 | G72: 王姵今 | H72: 29 | I72: 13 | J72: 5 | K72: 5 | L72: =(H72*J72+I72*K72)*1000 -> 210000
A73: 71 | B73: 39080 | C73: 鄭君如 | D73: 1614 | E73: 29+13 | F73: 1+1 | G73: 王姵今 | H73: 29 | I73: 13 | J73: 1 | K73: 1 | L73: =(H73*J73+I73*K73)*1000 -> 42000
A74: 72 | B74: 39094 | C74: 張玲玲 | D74: 1606 | E74: 29+13 | F74: 10+10 | G74: 王姵今 | H74: 29 | I74: 13 | J74: 10 | K74: 10 | L74: =(H74*J74+I74*K74)*1000 -> 420000
A75: 73 | B75: 39094 | C75: 李濬宏 | D75: 1616 | E75: 29+13 | F75: 1+1 | G75: 吳佳澐 | H75: 29 | I75: 13 | J75: 1 | K75: 1 | L75: =(H75*J75+I75*K75)*1000 -> 42000
A76: 74 | B76: 39094 | C76: 梁信川 | D76: 1617 | E76: 29+13 | F76: 2+2 | G76: 吳佳澐 | H76: 29 | I76: 13 | J76: 2 | K76: 2 | L76: =(H76*J76+I76*K76)*1000 -> 84000
A77: 75 | B77: 39098 | C77: 陳 樺 | D77: 1621 | E77: 29+13 | F77: 3+3 | G77: 簡淑惠 | H77: 29 | I77: 13 | J77: 3 | K77: 3 | L77: =(H77*J77+I77*K77)*1000 -> 126000
... A106: 104 | B106: 39150 | C106: 金偉翔 | D106: 1401 | E106: 29+13 | F106: 3+3 | G106: 簡淑惠 | H106: 29 | I106: 13 | J106: 3 | K106: 3 | L106: =(H106*J106+I106*K106)*1000 -> 126000
A107: 105 | B107: 39150 | C107: 金偉傑 | E107: 29+13 | F107: 2+2 | G107: 簡淑惠 | H107: 29 | I107: 13 | J107: 2 | K107: 2 | L107: =(H107*J107+I107*K107)*1000 -> 84000
A108: 106 | B108: 39156 | C108: 蔡淑玲 | D108: 1541 | E108: 38+13 | F108: 10+10 | G108: 簡淑惠 | H108: 38 | I108: 13 | J108: 10 | K108: 10 | L108: =(H108*J108+I108*K108)*1000 -> 510000
A109: 107 | B109: 39156 | C109: 黃瑞池 | D109: 1689 | E109: 29+13 | F109: 5+5 | G109: 簡淑惠 | H109: 29 | I109: 13 | J109: 5 | K109: 5 | L109: =(H109*J109+I109*K109)*1000 -> 210000
A110: 108 | B110: 39156 | C110: 周志霖 | D110: 1642 | E110: 38+13 | F110: 5+5 | G110: 王姵今 | H110: 38 | I110: 13 | J110: 5 | K110: 5 | L110: =(H110*J110+I110*K110)*1000 -> 255000
A111: 109 | B111: 39160 | C111: 洪緗筌 | D111: 1686 | E111: 38+13 | F111: 5+5 | G111: 王姵今 | H111: 38 | I111: 13 | J111: 5 | K111: 5 | L111: =(H111*J111+I111*K111)*1000 -> 255000
A112: 110 | B112: 39162 | C112: 王瀞憶 | D112: 1666 | E112: 38+13 | F112: 5+5 | G112: 簡淑惠 | H112: 38 | I112: 13 | J112: 5 | K112: 5 | L112: =(H112*J112+I112*K112)*1000 -> 255000
A113: 111 | B113: 39167 | C113: 張玲玲 | D113: 1606 | E113: 38+13 | F113: 10+10 | G113: 王姵今 | H113: 38 | I113: 13 | J113: 10 | K113: 10 | L113: =(H113*J113+I113*K113)*1000 -> 510000
A114: 112 | B114: 39168 | C114: 蔡秀美 | D114: 1692 | E114: 38+13 | F114: 1+1 | G114: 簡淑惠 | H114: 38 | I114: 13 | J114: 1 | K114: 1 | L114: =(H114*J114+I114*K114)*1000 -> 51000
A115: 113 | B115: 39168 | C115: 陳怡芬 | D115: 1699 | E115: 38+13 | F115: 1+1 | G115: 王姵今 | H115: 38 | I115: 13 | J115: 1 | K115: 1 | L115: =(H115*J115+I115*K115)*1000 -> 51000
A116: 114 | B116: 39168 | C116: 姜修齊 | D116: 1694 | E116: 38+13 | F116: 2+2 | G116: 王姵今 | H116: 38 | I116: 13 | J116: 2 | K116: 2 | L116: =(H116*J116+I116*K116)*1000 -> 102000
A117: 115 | B117: 39168 | C117: 林政男 | D117: 1695 | E117: 38+13 | F117: 2+2 | G117: 王姵今 | H117: 38 | I117: 13 | J117: 2 | K117: 2 | L117: =(H117*J117+I117*K117)*1000 -> 102000
A118: 116 | B118: 39168 | C118: 方如妍 | D118: 1693 | E118: 38+13 | F118: 5+5 | G118: 王姵今 | H118: 38 | I118: 13 | J118: 5 | K118: 5 | L118: =(H118*J118+I118*K118)*1000 -> 255000
A119: 117 | B119: 39175 | C119: 張玲玲 | D119: 1606 | E119: 38+13 | F119: 10+10 | G119: 王姵今 | H119: 38 | I119: 13 | J119: 10 | K119: 10 | L119: =(H119*J119+I119*K119)*1000 -> 510000
... A123: 121 | B123: 39183 | C123: 宋佳霖 | D123: 1707 | E123: 38+13 | F123: 2+2 | G123: 簡淑惠 | H123: 38 | I123: 13 | J123: 2 | K123: 2 | L123: =(H123*J123+I123*K123)*1000 -> 102000
A124: 122 | B124: 39183 | C124: 吳秉穎 | E124: 38+13 | F124: 5+5 | G124: 簡淑惠 | H124: 38 | I124: 13 | J124: 5 | K124: 5 | L124: =(H124*J124+I124*K124)*1000 -> 255000
A125: 123 | B125: 39190 | C125: 郭明菊 | D125: 1721 | E125: 38+13 | F125: 2+2 | G125: 簡淑惠 | H125: 38 | I125: 13 | J125: 2 | K125: 2 | L125: =(H125*J125+I125*K125)*1000 -> 102000
A126: 124 | B126: 39191 | C126: 高振庭 | D126: 1722 | E126: 38+13 | F126: 1+1 | G126: 王姵今 | H126: 38 | I126: 13 | J126: 1 | K126: 1 | L126: =(H126*J126+I126*K126)*1000 -> 51000
A127: 125 | B127: 39198 | C127: 謝書菁 | D127: 1725 | E127: 38+13 | F127: 1+1 | G127: 王姵今 | H127: 38 | I127: 13 | J127: 1 | K127: 1 | L127: =(H127*J127+I127*K127)*1000 -> 51000
A128: 126 | B128: 39205 | C128: 廖永興 | D128: 1724 | E128: 38+13 | F128: 10+10 | G128: 王姵今 | H128: 38 | I128: 13 | J128: 10 | K128: 10 | L128: =(H128*J128+I128*K128)*1000 -> 510000
A129: 127 | B129: 39209 | C129: 呂信昌 | D129: 1729 | E129: 38+13 | F129: 2+2 | G129: 王姵今 | H129: 38 | I129: 13 | J129: 2 | K129: 2 | L129: =(H129*J129+I129*K129)*1000 -> 102000
A130: 128 | B130: 39211 | C130: 吳文進 | D130: 1731 | E130: 38+13 | F130: 2+2 | G130: 簡淑惠 | H130: 38 | I130: 13 | J130: 2 | K130: 2 | L130: =(H130*J130+I130*K130)*1000 -> 102000
A131: 129 | B131: 39213 | C131: 楊淑慧 | D131: 1730 | E131: 38+13 | F131: 1+1 | G131: 王姵今 | H131: 38 | I131: 13 | J131: 1 | K131: 1 | L131: =(H131*J131+I131*K131)*1000 -> 51000
A132: 130 | B132: 39216 | C132: 葉純汝 | D132: 1733 | E132: 38+13 | F132: 1+1 | G132: 簡淑惠 | H132: 38 | I132: 13 | J132: 1 | K132: 1 | L132: =(H132*J132+I132*K132)*1000 -> 51000
A133: 131 | B133: 39216 | C133: 翁珮萱 | D133: 1734 | E133: 38+13 | F133: 2+2 | G133: 簡淑惠 | H133: 38 | I133: 13 | J133: 2 | K133: 2 | L133: =(H133*J133+I133*K133)*1000 -> 102000
A134: 132 | B134: 39218 | C134: 林素菁 | E134: 38+13 | F134: 1+1 | G134: 簡淑惠 | H134: 38 | I134: 13 | J134: 1 | K134: 1 | L134: =(H134*J134+I134*K134)*1000 -> 51000
...

Sheet 附表三華聯
A1: 附表三、被告於102年12月31日以前販售「華聯公司」股票金額彙總表
A2: 編號 | B2: 完款日期 | C2: 姓名 | D2: 戶號 | E2: 價格 (註1) | F2: 張數 (註1) | G2: 業務 | H2: 買價 | J2: 張數 | L2: 合計金額
A3: 1 | B3: 39541 | C3: 鄭彩華 | D3: 320 | E3: 39+18 | F3: 4+4 | G3: 王億芯 | H3: 39 | I3: 18 | J3: 4 | K3: 4 | L3: =(H3*J3+I3*K3)*1000 -> 228000
A4: 2 | B4: 39546 | C4: 顏秀芳 | D4: 322 | E4: 39+18 | F4: 1+1 | G4: 王億芯 | H4: 39 | I4: 18 | J4: 1 | K4: 1 | L4: =(H4*J4+I4*K4)*1000 -> 57000
A5: 3 | B5: 39547 | C5: 王佳玉 | E5: 39+18 | F5: 5+5 | G5: 簡淑惠 | H5: 39 | I5: 18 | J5: 5 | K5: 5 | L5: =(H5*J5+I5*K5)*1000 -> 285000
A6: 4 | B6: 39548 | C6: 李偲寧 | D6: 321 | E6: 39+18 | F6: 1+1 | G6: 王億芯 | H6: 39 | I6: 18 | J6: 1 | K6: 1 | L6: =(H6*J6+I6*K6)*1000 -> 57000
A7: 5 | B7: 39548 | C7: 郭淑珍 | D7: 323 | E7: 39+18 | F7: 1+1 | G7: 王億芯 | H7: 39 | I7: 18 | J7: 1 | K7: 1 | L7: =(H7*J7+I7*K7)*1000 -> 57000
A8: 6 | B8: 39548 | C8: 馮濬明 | D8: 325 | E8: 39+18 | F8: 3+3 | G8: 王億芯 | H8: 39 | I8: 18 | J8: 3 | K8: 3 | L8: =(H8*J8+I8*K8)*1000 -> 171000
A9: 7 | B9: 39548 | C9: 蔡雅婷 | D9: 328 | E9: 39+18 | F9: 3+3 | G9: 王億芯 | H9: 39 | I9: 18 | J9: 3 | K9: 3 | L9: =(H9*J9+I9*K9)*1000 -> 171000
A10: 8 | B10: 39549 | C10: 周志霖 | D10: 324 | E10: 39+18 | F10: 1+1 | G10: 王億芯 | H10: 39 | I10: 18 | J10: 1 | K10: 1 | L10: =(H10*J10+I10*K10)*1000 -> 57000
A11: 9 | B11: 39554 | C11: 王淼駿 | D11: 327 | E11: 39+18 | F11: 1+1 | G11: 王億芯 | H11: 39 | I11: 18 | J11: 1 | K11: 1 | L11: =(H11*J11+I11*K11)*1000 -> 57000
A12: 10 | B12: 39559 | C12: 洪介岩 | D12: 330 | E12: 39+18 | F12: 40+40 | G12: 王億芯 | H12: 39 | I12: 18 | J12: 40 | K12: 40 | L12: =(H12*J12+I12*K12)*1000 -> 2280000
A13: 11 | B13: 39559 | C13: 洪唐素美 | D13: 332 | E13: 39+18 | F13: 40+40 | G13: 王億芯 | H13: 39 | I13: 18 | J13: 40 | K13: 40 | L13: =(H13*J13+I13*K13)*1000 -> 2280000
A14: 12 | B14: 39559 | C14: 洪琇茜 | D14: 336 | E14: 39+18 | F14: 5+5 | G14: 王億芯 | H14: 39 | I14: 18 | J14: 5 | K14: 5 | L14: =(H14*J14+I14*K14)*1000 -> 285000
A15: 13 | B15: 39559 | C15: 洪緗筌 | D15: 335 | E15: 39+18 | F15: 5+5 | G15: 王億芯 | H15: 39 | I15: 18 | J15: 5 | K15: 5 | L15: =(H15*J15+I15*K15)*1000 -> 285000
A16: 14 | B16: 39559 | C16: 洪緗瑢 | D16: 334 | E16: 39+18 | F16: 5+5 | G16: 王億芯 | H16: 39 | I16: 18 | J16: 5 | K16: 5 | L16: =(H16*J16+I16*K16)*1000 -> 285000
A17: 15 | B17: 39559 | C17: 洪緗暿 | D17: 337 | E17: 39+18 | F17: 5+5 | G17: 王億芯 | H17: 39 | I17: 18 | J17: 5 | K17: 5 | L17: =(H17*J17+I17*K17)*1000 -> 285000
... A34: 32 | B34: 39587 | C34: 謝秉勳 | D34: 368 | E34: 39+18 | F34: 1+1 | G34: 簡淑惠 | H34: 39 | I34: 18 | J34: 1 | K34: 1 | L34: =(H34*J34+I34*K34)*1000 -> 57000
A35: 33 | B35: 39594 | C35: 曾宇任 | E35: 39+18 | F35: 1+1 | G35: 簡淑惠 | H35: 39 | I35: 18 | J35: 1 | K35: 1 | L35: =(H35*J35+I35*K35)*1000 -> 57000
A36: 34 | B36: 39603 | C36: 洪緗筌 | D36: 335 | E36: 39+18 | F36: 5+5 | G36: 王億芯 | H36: 39 | I36: 18 | J36: 5 | K36: 5 | L36: =(H36*J36+I36*K36)*1000 -> 285000
A37: 35 | B37: 39603 | C37: 蔡棏躍 | D37: 382 | E37: 39+18 | F37: 8+8 | G37: 王億芯 | H37: 39 | I37: 18 | J37: 8 | K37: 8 | L37: =(H37*J37+I37*K37)*1000 -> 456000
A38: 36 | B38: 39604 | C38: 林鈺芳 | D38: 369 | E38: 39+13 | F38: 2 | G38: 王億芯 | H38: 39 | I38: 13 | J38: 1 | K38: 1 | L38: =(H38*J38+I38*K38)*1000 -> 52000
A39: 37 | B39: 39604 | C39: 洪琇茜 | D39: 336 | E39: 39+18 | F39: 5+5 | G39: 王億芯 | H39: 39 | I39: 18 | J39: 5 | K39: 5 | L39: =(H39*J39+I39*K39)*1000 -> 285000
A40: 38 | B40: 39604 | C40: 洪緗瑢 | D40: 334 | E40: 39+18 | F40: 5+5 | G40: 王億芯 | H40: 39 | I40: 18 | J40: 5 | K40: 5 | L40: =(H40*J40+I40*K40)*1000 -> 285000
A41: 39 | B41: 39604 | C41: 洪緗暿 | D41: 337 | E41: 39+18 | F41: 5+5 | G41: 王億芯 | H41: 39 | I41: 18 | J41: 5 | K41: 5 | L41: =(H41*J41+I41*K41)*1000 -> 285000
A42: 40 | B42: 39604 | C42: 江昆儒 | E42: 39+18 | F42: 1+1 | G42: 簡淑惠 | H42: 39 | I42: 18 | J42: 1 | K42: 1 | L42: =(H42*J42+I42*K42)*1000 -> 57000
A43: 41 | B43: 39608 | C43: 李偲寧 | D43: 321 | E43: 39+18 | F43: 1+1 | G43: 王億芯 | H43: 39 | I43: 18 | J43: 1 | K43: 1 | L43: =(H43*J43+I43*K43)*1000 -> 57000
A44: 42 | B44: 39610 | C44: 陳怡芬 | D44: 370 | E44: 39+18 | F44: 1+1 | G44: 王億芯 | H44: 39 | I44: 18 | J44: 1 | K44: 1 | L44: =(H44*J44+I44*K44)*1000 -> 57000
A45: 43 | B45: 39610 | C45: 駱奕良 | D45: 371 | E45: 39+18 | F45: 2+2 | G45: 王億芯 | H45: 39 | I45: 18 | J45: 2 | K45: 2 | L45: =(H45*J45+I45*K45)*1000 -> 114000
A46: 44 | B46: 39617 | C46: 洪珮玲 | D46: 380 | E46: 39+18 | F46: 2+2 | G46: 王億芯 | H46: 39 | I46: 18 | J46: 2 | K46: 2 | L46: =(H46*J46+I46*K46)*1000 -> 114000
A47: 45 | B47: 39623 | C47: 高振庭 | D47: 381 | E47: 39+18 | F47: 1+1 | G47: 王億芯 | H47: 39 | I47: 18 | J47: 1 | K47: 1 | L47: =(H47*J47+I47*K47)*1000 -> 57000
A48: 46 | B48: 39625 | C48: 藍偉銓 | D48: 384 | E48: 39+18 | F48: 3+3 | G48: 王億芯 | H48: 39 | I48: 18 | J48: 3 | K48: 3 | L48: =(H48*J48+I48*K48)*1000 -> 171000
A49: 47 | B49: 39633 | C49: 杜長洋 | D49: 386 | E49: 39+18 | F49: 1+1 | G49: 王億芯 | H49: 39 | I49: 18 | J49: 1 | K49: 1 | L49: =(H49*J49+I49*K49)*1000 -> 57000
A50: 48 | B50: 39664 | C50: 姜修齊 | D50: 391 | E50: 39+18 | F50: 2+2 | G50: 王億芯 | H50: 39 | I50: 18 | J50: 2 | K50: 2 | L50: =(H50*J50+I50*K50)*1000 -> 114000
A51: 49 | B51: 39668 | C51: 李偲寧 | D51: 321 | E51: 39+18 | F51: 1+1 | G51: 王億芯 | H51: 39 | I51: 18 | J51: 1 | K51: 1 | L51: =(H51*J51+I51*K51)*1000 -> 57000
A52: 50 | B52: 39668 | C52: 林彥璋 | D52: 393 | E52: 39+18 | F52: 2+2 | G52: 王億芯 | H52: 39 | I52: 18 | J52: 2 | K52: 2 | L52: =(H52*J52+I52*K52)*1000 -> 114000
A53: 51 | B53: 39669 | C53: 謝德鈺 | D53: 389 | E53: 39+18 | F53: 5+5 | G53: 王億芯 | H53: 39 | I53: 18 | J53: 5 | K53: 5 | L53: =(H53*J53+I53*K53)*1000 -> 285000
A54: 52 | B54: 39681 | C54: 蘇美如 | D54: 394 | E54: 39+18 | F54: 1+1 | G54: 簡淑惠 | H54: 39 | I54: 18 | J54: 1 | K54: 1 | L54: =(H54*J54+I54*K54)*1000 -> 57000
... A60: 58 | B60: 39702 | C60: 鮑震谷 | D60: 397 | E60: 39+18 | F60: 5+5 | G60: 簡淑惠 | H60: 39 | I60: 18 | J60: 5 | K60: 5 | L60: =(H60*J60+I60*K60)*1000 -> 285000
A61: 59 | B61: 39709 | C61: 郭世政 | E61: 39+18 | F61: 3+3 | G61: 簡淑惠 | H61: 39 | I61: 18 | J61: 3 | K61: 3 | L61: =(H61*J61+I61*K61)*1000 -> 171000
A62: 60 | B62: 39717 | C62: 姚彥章 | D62: 404 | E62: 39+18 | F62: 10+10 | G62: 王億芯 | H62: 39 | I62: 18 | J62: 10 | K62: 10 | L62: =(H62*J62+I62*K62)*1000 -> 570000
A63: 61 | B63: 39721 | C63: 林俊儀 | D63: 409 | E63: 39+18 | F63: 1+1 | G63: 王億芯 | H63: 39 | I63: 18 | J63: 1 | K63: 1 | L63: =(H63*J63+I63*K63)*1000 -> 57000
A64: 62 | B64: 39722 | C64: 李雯琪 | E64: 39+18 | F64: 2+2 | G64: 簡淑惠 | H64: 39 | I64: 18 | J64: 2 | K64: 2 | L64: =(H64*J64+I64*K64)*1000 -> 114000
A65: 63 | B65: 39724 | C65: 林俊儀 | D65: 409 | E65: 39+18 | F65: 1+1 | G65: 王億芯 | H65: 39 | I65: 18 | J65: 1 | K65: 1 | L65: =(H65*J65+I65*K65)*1000 -> 57000
A66: 64 | B66: 39728 | C66: 李仁皓 | D66: 406 | E66: 39+18 | F66: 3+3 | G66: 王億芯 | H66: 39 | I66: 18 | J66: 3 | K66: 3 | L66: =(H66*J66+I66*K66)*1000 -> 171000
A67: 65 | B67: 39728 | C67: 黃威智 | E67: 39+18 | F67: 1+1 | G67: 簡淑惠 | H67: 39 | I67: 18 | J67: 1 | K67: 1 | L67: =(H67*J67+I67*K67)*1000 -> 57000
A68: 66 | B68: 39744 | C68: 張紹明 | D68: 343 | E68: 39+18 | F68: 8+8 | G68: 王億芯 | H68: 39 | I68: 18 | J68: 8 | K68: 8 | L68: =(H68*J68+I68*K68)*1000 -> 456000
A69: 67 | B69: 39744 | C69: 蔡坤崇 | D69: 411 | E69: 39+18 | F69: 2+2 | G69: 王億芯 | H69: 39 | I69: 18 | J69: 2 | K69: 2 | L69: =(H69*J69+I69*K69)*1000 -> 114000
A70: 68 | B70: 39744 | C70: 楊昌霖 | D70: 410 | E70: 39+18 | F70: 1+1 | G70: 簡淑惠 | H70: 39 | I70: 18 | J70: 1 | K70: 1 | L70: =(H70*J70+I70*K70)*1000 -> 57000
A71: 69 | B71: 39745 | C71: 陳淑美 | D71: 350 | E71: 39+18 | F71: 5+5 | G71: 簡淑惠 | H71: 39 | I71: 18 | J71: 5 | K71: 5 | L71: =(H71*J71+I71*K71)*1000 -> 285000
A72: 70 | B72: 39752 | C72: 洪唐素美 | D72: 332 | E72: 39+18 | F72: 5+5 | G72: 王億芯 | H72: 39 | I72: 18 | J72: 5 | K72: 5 | L72: =(H72*J72+I72*K72)*1000 -> 285000
A73: 71 | B73: 39752 | C73: 洪琇茜 | D73: 336 | E73: 39+18 | F73: 5+5 | G73: 王億芯 | H73: 39 | I73: 18 | J73: 5 | K73: 5 | L73: =(H73*J73+I73*K73)*1000 -> 285000
A74: 72 | B74: 39756 | C74: 洪緗筌 | D74: 335 | E74: 39+18 | F74: 5+5 | G74: 王億芯 | H74: 39 | I74: 18 | J74: 5 | K74: 5 | L74: =(H74*J74+I74*K74)*1000 -> 285000
A75: 73 | B75: 39766 | C75: 王順平 | D75: 398 | E75: 39+18 | F75: 1+1 | G75: 王億芯 | H75: 39 | I75: 18 | J75: 1 | K75: 1 | L75: =(H75*J75+I75*K75)*1000 -> 57000
A76: 74 | B76: 39770 | C76: 洪珮玲 | D76: 380 | E76: 39+18 | F76: 3+3 | G76: 王億芯 | H76: 39 | I76: 18 | J76: 3 | K76: 3 | L76: =(H76*J76+I76*K76)*1000 -> 171000
A77: 75 | B77: 39773 | C77: 周志霖 | D77: 324 | E77: 39+18 | F77: 1+1 | G77: 王億芯 | H77: 39 | I77: 18 | J77: 1 | K77: 1 | L77: =(H77*J77+I77*K77)*1000 -> 57000
A78: 76 | B78: 39778 | C78: 許雅伶 | D78: 414 | E78: 39+18 | F78: 1+1 | G78: 簡淑惠 | H78: 39 | I78: 18 | J78: 1 | K78: 1 | L78: =(H78*J78+I78*K78)*1000 -> 57000
A79: 77 | B79: 39791 | C79: 呂成德 | D79: 413 | E79: 39+18 | F79: 2+2 | G79: 簡淑惠 | H79: 39 | I79: 18 | J79: 2 | K79: 2 | L79: =(H79*J79+I79*K79)*1000 -> 114000
... A83: 81 | B83: 39799 | C83: 陳淑惠 | D83: 423 | E83: 39+18 | F83: 1+1 | G83: 簡淑惠 | H83: 39 | I83: 18 | J83: 1 | K83: 1 | L83: =(H83*J83+I83*K83)*1000 -> 57000
A84: 82 | B84: 39801 | C84: 張燕妮 | E84: 39+18 | F84: 5+5 | G84: 簡淑惠 | H84: 39 | I84: 18 | J84: 5 | K84: 5 | L84: =(H84*J84+I84*K84)*1000 -> 285000
A85: 83 | B85: 39801 | C85: 謝至奇 | D85: 417 | E85: 39+18 | F85: 1+1 | G85: 簡淑惠 | H85: 39 | I85: 18 | J85: 1 | K85: 1 | L85: =(H85*J85+I85*K85)*1000 -> 57000
A86: 84 | B86: 39801 | C86: 謝至昀 | D86: 418 | E86: 39+18 | F86: 1+1 | G86: 簡淑惠 | H86: 39 | I86: 18 | J86: 1 | K86: 1 | L86: =(H86*J86+I86*K86)*1000 -> 57000
A87: 85 | B87: 39801 | C87: 簡山孟 | D87: 390 | E87: 39+18 | F87: 10+10 | G87: 簡淑惠 | H87: 39 | I87: 18 | J87: 10 | K87: 10 | L87: =(H87*J87+I87*K87)*1000 -> 570000
A88: 86 | B88: 39807 | C88: 曹瀛芝 | D88: 420 | E88: 39+18 | F88: 1+1 | G88: 簡淑惠 | H88: 39 | I88: 18 | J88: 1 | K88: 1 | L88: =(H88*J88+I88*K88)*1000 -> 57000
A89: 87 | B89: 39808 | C89: 簡淑惠 | D89: 422 | E89: 39+18 | F89: 5+5 | G89: 簡淑惠 | H89: 39 | I89: 18 | J89: 5 | K89: 5 | L89: =(H89*J89+I89*K89)*1000 -> 285000
A90: 88 | B90: 39820 | C90: 游中榮 | D90: 577 | E90: 39+18 | F90: 1+1 | G90: 陳乃維 | H90: 39 | I90: 18 | J90: 1 | K90: 1 | L90: =(H90*J90+I90*K90)*1000 -> 57000
A91: 89 | B91: 39820 | C91: 陳志學 | E91: 39+18 | F91: 1+1 | G91: 陳乃維 | H91: 39 | I91: 18 | J91: 1 | K91: 1 | L91: =(H91*J91+I91*K91)*1000 -> 57000
A92: 90 | B92: 39822 | C92: 林信宏 | D92: 385 | E92: 39+18 | F92: 1+1 | G92: 簡淑惠 | H92: 39 | I92: 18 | J92: 1 | K92: 1 | L92: =(H92*J92+I92*K92)*1000 -> 57000
A93: 91 | B93: 39823 | C93: 顏鴻彬 | D93: 427 | E93: 39+18 | F93: 2+2 | G93: 簡淑惠 | H93: 39 | I93: 18 | J93: 2 | K93: 2 | L93: =(H93*J93+I93*K93)*1000 -> 114000
A94: 92 | B94: 39823 | C94: 顏鴻彬 | D94: 427 | E94: 39+18 | F94: 3+3 | G94: 簡淑惠 | H94: 39 | I94: 18 | J94: 3 | K94: 3 | L94: =(H94*J94+I94*K94)*1000 -> 171000
A95: 93 | B95: 39827 | C95: 史玲瑋 | D95: 428 | E95: 39+18 | F95: 4+4 | G95: 簡淑惠 | H95: 39 | I95: 18 | J95: 4 | K95: 4 | L95: =(H95*J95+I95*K95)*1000 -> 228000
A96: 94 | B96: 39827 | C96: 賴嘉嫺 | D96: 425 | E96: 39+18 | F96: 20+20 | G96: 簡淑惠 | H96: 39 | I96: 18 | J96: 20 | K96: 20 | L96: =(H96*J96+I96*K96)*1000 -> 1140000
A97: 95 | B97: 39827 | C97: 余中伶 | D97: 424 | E97: 39+18 | F97: 5+5 | G97: 簡淑惠 | H97: 39 | I97: 18 | J97: 5 | K97: 5 | L97: =(H97*J97+I97*K97)*1000 -> 285000
A98: 96 | B98: 39827 | C98: 陳伯銓 | D98: 426 | E98: 39+18 | F98: 2+2 | G98: 黃碧真 | H98: 39 | I98: 18 | J98: 2 | K98: 2 | L98: =(H98*J98+I98*K98)*1000 -> 114000
A99: 97 | B99: 39829 | C99: 簡淑惠 | D99: 422 | E99: 39+18 | F99: 5+5 | G99: 簡淑惠 | H99: 39 | I99: 18 | J99: 5 | K99: 5 | L99: =(H99*J99+I99*K99)*1000 -> 285000
A100: 98 | B100: 39832 | C100: 廖慧儒 | D100: 429 | E100: 39+18 | F100: 5+5 | G100: 陳乃維 | H100: 39 | I100: 18 | J100: 5 | K100: 5 | L100: =(H100*J100+I100*K100)*1000 -> 285000
A101: 99 | B101: 39833 | C101: 陳俊璋 | D101: 432 | E101: 39+18 | F101: 1+1 | G101: 王億芯 | H101: 39 | I101: 18 | J101: 1 | K101: 1 | L101: =(H101*J101+I101*K101)*1000 -> 57000
A102: 100 | B102: 39834 | C102: 林柏揚 | D102: 431 | E102: 39+18 | F102: 2+2 | G102: 簡淑惠 | H102: 39 | I102: 18 | J102: 2 | K102: 2 | L102: =(H102*J102+I102*K102)*1000 -> 114000
A103: 101 | B103: 39834 | C103: 何美齡 | D103: 433 | E103: 39+18 | F103: 1+1 | G103: 簡淑惠 | H103: 39 | I103: 18 | J103: 1 | K103: 1 | L103: =(H103*J103+I103*K103)*1000 -> 57000
A104: 102 | B104: 39850 | C104: 陳政瑋 | D104: 434 | E104: 39+18 | F104: 1+1 | G104: 王億芯 | H104: 39 | I104: 18 | J104: 1 | K104: 1 | L104: =(H104*J104+I104*K104)*1000 -> 57000
A105: 103 | B105: 39868 | C105: 鄭幼敏 | D105: 435 | E105: 39 | F105: 10 | G105: 王億芯 | H105: 39 | J105: 10 | L105: =(H105*J105+I105*K105)*1000 -> 390000
A106: 104 | B106: 39883 | C106: 洪子軒 | D106: 436 | E106: 39 | F106: 5 | G106: 王億芯 | H106: 39 | J106: 5 | L106: =(H106*J106+I106*K106)*1000 -> 195000
A107: 105 | B107: 39883 | C107: 陳姿樺 | D107: 437 | E107: 39 | F107: 1 | G107: 陳乃維 | H107: 39 | J107: 1 | L107: =(H107*J107+I107*K107)*1000 -> 39000
A108: 106 | B108: 39883 | C108: 廖志茂 | D108: 440 | E108: 39 | F108: 5 | G108: 黃碧真 | H108: 39 | J108: 5 | L108: =(H108*J108+I108*K108)*1000 -> 195000
A109: 107 | B109: 39883 | C109: 洪堯日 | D109: 441 | E109: 39 | F109: 5 | G109: 黃碧真 | H109: 39 | J109: 5 | L109: =(H109*J109+I109*K109)*1000 -> 195000
A110: 108 | B110: 39888 | C110: 溫嘉隆 | D110: 438 | E110: 39 | F110: 5 | G110: 簡淑惠 | H110: 39 | J110: 5 | L110: =(H110*J110+I110*K110)*1000 -> 195000
A111: 109 | B111: 39889 | C111: 陳韋蓁 | D111: 439 | E111: 39 | F111: 1 | G111: 王億芯 | H111: 39 | J111: 1 | L111: =(H111*J111+I111*K111)*1000 -> 39000
A112: 110 | B112: 39898 | C112: 嚴炳崑 | D112: 442 | E112: 39+18 | F112: 5+5 | G112: 簡淑惠 | H112: 39 | I112: 18 | J112: 5 | K112: 5 | L112: =(H112*J112+I112*K112)*1000 -> 285000
A113: 111 | B113: 39906 | C113: 溫嘉隆 | D113: 438 | E113: 39 | F113: 5 | G113: 簡淑惠 | H113: 39 | J113: 5 | L113: =(H113*J113+I113*K113)*1000 -> 195000
A114: 112 | B114: 39912 | C114: 陳沅諼 | D114: 315 | E114: 39+18 | F114: 10+10 | G114: 簡淑惠 | H114: 39 | I114: 18 | J114: 10 | K114: 10 | L114: =(H114*J114+I114*K114)*1000 -> 570000
A115: 113 | B115: 39913 | C115: 郭明河 | D115: 447 | E115: 39+18 | F115: 1+1 | G115: 王億芯 | H115: 39 | I115: 18 | J115: 1 | K115: 1 | L115: =(H115*J115+I115*K115)*1000 -> 57000
A116: 114 | B116: 39916 | C116: 呂維德 | D116: 451 | E116: 39+18 | F116: 1+1 | G116: 簡淑惠 | H116: 39 | I116: 18 | J116: 1 | K116: 1 | L116: =(H116*J116+I116*K116)*1000 -> 57000
A117: 115 | B117: 39916 | C117: 廖志茂 | D117: 440 | E117: 18 | F117: 5 | G117: 黃碧真 | H117: 18 | J117: 5 | L117: =(H117*J117+I117*K117)*1000 -> 90000
A118: 116 | B118: 39916 | C118: 洪堯日 | D118: 441 | E118: 18 | F118: 5 | G118: 黃碧真 | H118: 18 | J118: 5 | L118: =(H118*J118+I118*K118)*1000 -> 90000
A119: 117 | B119: 39918 | C119: 王騰毅 | D119: 326 | E119: 39+18 | F119: 2+2 | G119: 簡淑惠 | H119: 39 | I119: 18 | J119: 2 | K119: 2 | L119: =(H119*J119+I119*K119)*1000 -> 114000
A120: 118 | B120: 39919 | C120: 鄭孟杰 | D120: 319 | E120: 39+18 | F120: 3+3 | G120: 王億芯 | H120: 39 | I120: 18 | J120: 3 | K120: 3 | L120: =(H120*J120+I120*K120)*1000 -> 171000
A121: 119 | B121: 39920 | C121: 高進來 | D121: 448 | E121: 39+18 | F121: 1+1 | G121: 王億芯 | H121: 39 | I121: 18 | J121: 1 | K121: 1 | L121: =(H121*J121+I121*K121)*1000 -> 57000
A122: 120 | B122: 39923 | C122: 胡珮宸 | E122: 39+18 | F122: 1+1 | G122: 簡淑惠 | H122: 39 | I122: 18 | J122: 1 | K122: 1 | L122: =(H122*J122+I122*K122)*1000 -> 57000
A123: 121 | B123: 39925 | C123: 游輝豪 | D123: 449 | E123: 39 | F123: 1 | G123: 簡淑惠 | H123: 39 | J123: 1 | L123: =(H123*J123+I123*K123)*1000 -> 39000
A124: 122 | B124: 39925 | C124: 郭明菊 | D124: 342 | E124: 39+18 | F124: 2+2 | G124: 簡淑惠 | H124: 39 | I124: 18 | J124: 2 | K124: 2 | L124: =(H124*J124+I124*K124)*1000 -> 114000
...

Sheet 附表三之一華聯
A1: 附表三之一、被告於103年1月1日以後販售「華聯公司」股票金額彙總表
A2: 編號 | B2: 買受人 | C2: 出賣人 | D2: 交割日期 | E2: 成交股數 | F2: 成交單價 | G2: 成交總價
A3: 1 | B3: 吳志文 | C3: 唐志驄 | D3: 103/11/20 | E3: 10000 | F3: 4 | G3: 40000
A4: 2 | B4: 吳志文 | C4: 唐志驄 | D4: 103/11/20 | E4: 30000 | F4: 3.6 | G4: 108000
A5: 3 | B5: 吳志文 | C5: 唐志驄 | D5: 103/11/25 | E5: 100000 | F5: 4.6 | G5: 460000
A6: 4 | B6: 吳志文 | C6: 唐志驄 | D6: 103/11/25 | E6: 50000 | F6: 4.5 | G6: 225000
A7: 5 | B7: 吳志文 | C7: 唐志驄 | D7: 103/11/26 | E7: 50000 | F7: 5.2 | G7: 260000
A8: 6 | B8: 吳志文 | C8: 唐志驄 | D8: 103/12/31 | E8: 30000 | F8: 5.1 | G8: 153000
A9: 7 | B9: 吳志文 | C9: 唐志驄 | D9: 104/06/23 | E9: 20000 | F9: 14 | G9: 280000
A10: 8 | B10: 金震國 | C10: 唐志驄 | D10: 104/07/01 | E10: 2000 | F10: 25 | G10: 50000
A11: 9 | B11: 金偉翔 | C11: 唐志驄 | D11: 104/07/01 | E11: 1000 | F11: 25 | G11: 25000
A12: 10 | B12: 簡淑惠 | C12: 唐志驄 | D12: 104/07/01 | E12: 12000 | F12: 25 | G12: 300000
A13: 11 | B13: 許敏航 | C13: 唐志驄 | D13: 104/07/07 | E13: 3000 | F13: 21 | G13: 63000
A14: 12 | B14: 李承濬 | C14: 唐志驄 | D14: 104/07/27 | E14: 202 | F14: 20 | G14: 4040
... A16: 14 | B16: 吳志文 | C16: 唐志驄 | D16: 104/11/23 | E16: 20000 | F16: 11 | G16: 220000
B17: 小計 | E17: =SUM(E3:E16) -> 338202 | G17: =SUM(G3:G16) -> 2293040
A18: 資料來源：係由107年5月16日財政部財政資訊中心回函所附檔案，經利用EXCEL篩選功能篩選「交割日期」在「103年1月1日（含）以後」，「出賣人名稱」為「唐志聰、唐霈喬、王秀鳳」之交易後而得。

Sheet 附表四聯相
A1: 附表四、被告於102年12月31日以前販售「聯相公司」股票金額彙總表
A2: 編號 | B2: 報單日期 | C2: 完款日期 | D2: 姓名 | E2: 戶號 | F2: 價格 (註1) | G2: 張數 (註1) | H2: 業務 | I2: 買價 | K2: 張數 | M2: 合計金額
A3: 1 | B3: 40870 | C3: 40906 | D3: 蔡明憲 | E3: 2277 | F3: 28 | G3: 1 | H3: 陳乃維 | I3: 28 | K3: 1 | M3: =(I3*K3+J3*L3)*1000 -> 28000
A4: 2 | B4: 40877 | C4: 40906 | D4: 陳浩方 | E4: 1995 | F4: 28 | G4: 3 | H4: 王億芯 | I4: 28 | K4: 3 | M4: =(I4*K4+J4*L4)*1000 -> 84000
A5: 3 | B5: 40870 | C5: 40906 | D5: 李松泉 | E5: 2278 | F5: 28 | G5: 2 | H5: 陳乃維 | I5: 28 | K5: 2 | M5: =(I5*K5+J5*L5)*1000 -> 56000
A6: 4 | B6: 40877 | C6: 40906 | D6: 張孟彥 | E6: 1260 | F6: 28 | G6: 2 | H6: 王億芯 | I6: 28 | K6: 2 | M6: =(I6*K6+J6*L6)*1000 -> 56000
A7: 5 | B7: 40862 | C7: 40906 | D7: 董子瑋 | E7: 2187 | F7: 28 | G7: 5 | H7: 簡淑惠 | I7: 28 | K7: 5 | M7: =(I7*K7+J7*L7)*1000 -> 140000
A8: 6 | B8: 40877 | C8: 40906 | D8: 陳姣伶 | E8: 1187 | F8: 28 | G8: 2 | H8: 王億芯 | I8: 28 | K8: 2 | M8: =(I8*K8+J8*L8)*1000 -> 56000
A9: 7 | B9: 40858 | C9: 40906 | D9: 陳黛馨 | E9: 2157 | F9: 28 | G9: 6 | H9: 簡淑惠 | I9: 28 | K9: 6 | M9: =(I9*K9+J9*L9)*1000 -> 168000
A10: 8 | B10: 40878 | C10: 40906 | D10: 張怡仙 | E10: 1406 | F10: 28 | G10: 1 | H10: 王姵今 | I10: 28 | K10: 1 | M10: =(I10*K10+J10*L10)*1000 -> 28000
A11: 9 | B11: 40858 | C11: 40906 | D11: 陳倩馨 | E11: 1986 | F11: 28 | G11: 15 | H11: 簡淑惠 | I11: 28 | K11: 15 | M11: =(I11*K11+J11*L11)*1000 -> 420000
A12: 10 | B12: 40858 | C12: 40906 | D12: 洪紹華 | E12: 1268 | F12: 28 | G12: 2 | H12: 王姵今 | I12: 28 | K12: 2 | M12: =(I12*K12+J12*L12)*1000 -> 56000
A13: 11 | B13: 40954 | C13: 40955 | D13: 陳良泉 | E13: 2316 | F13: 59+28 | G13: 3+3 | H13: 王姵今 | I13: 59 | J13: 28 | K13: 3 | L13: 3 | M13: =(I13*K13+J13*L13)*1000 -> 261000
A14: 12 | B14: 40956 | C14: 40962 | D14: 周子強 | E14: 2341 | F14: 59+28 | G14: 1+1 | H14: 陳乃維 | I14: 59 | J14: 28 | K14: 1 | L14: 1 | M14: =(I14*K14+J14*L14)*1000 -> 87000
A15: 13 | B15: 40961 | D15: 葉素菁 | F15: 59+28 | G15: 5+5 | H15: 簡淑惠 | I15: 59 | J15: 28 | K15: 5 | L15: 5 | M15: =(I15*K15+J15*L15)*1000 -> 435000
A16: 14 | B16: 40968 | C16: 40969 | D16: 蔡杰煬 | E16: 2351 | F16: 59+28 | G16: 1+1 | H16: 王億芯 | I16: 59 | J16: 28 | K16: 1 | L16: 1 | M16: =(I16*K16+J16*L16)*1000 -> 87000
A17: 15 | B17: 40963 | C17: 41176 | D17: 林喬斯 | E17: 2296 | F17: 59+28 | G17: 1+1 | H17: 黃碧真 | I17: 59 | J17: 28 | K17: 1 | L17: 1 | M17: =(I17*K17+J17*L17)*1000 -> 87000
A18: 16 | B18: 40970 | D18: 黃燕妃 | F18: 59+28 | G18: 5+5 | H18: 王億芯 | I18: 59 | J18: 28 | K18: 5 | L18: 5 | M18: =(I18*K18+J18*L18)*1000 -> 435000
A19: 17 | B19: 40969 | C19: 40971 | D19: 翁菱鴻 | E19: 2349 | F19: 59+28 | G19: 2+2 | H19: 簡淑惠 | I19: 59 | J19: 28 | K19: 2 | L19: 2 | M19: =(I19*K19+J19*L19)*1000 -> 174000
A20: 18 | B20: 40640 | C20: 40732 | D20: 吳春玫 | E20: 1808 | F20: 59+28 | G20: 1+1 | H20: 簡淑惠 | I20: 59 | J20: 28 | K20: 1 | L20: 1 | M20: =(I20*K20+J20*L20)*1000 -> 87000
A21: 19 | B21: 40598 | C21: 40732 | D21: 吳羽芃 | E21: 2217 | F21: 59+28 | G21: 42+42 | H21: 簡淑惠 | I21: 59 | J21: 28 | K21: 42 | L21: 42 | M21: =(I21*K21+J21*L21)*1000 -> 3654000
A22: 20 | B22: 40707 | C22: 40731 | D22: 徐銘佐 | E22: 2202 | F22: 59+28 | G22: 2+2 | H22: 簡淑惠 | I22: 59 | J22: 28 | K22: 2 | L22: 2 | M22: =(I22*K22+J22*L22)*1000 -> 174000
A23: 21 | B23: 40714 | C23: 40728 | D23: 廖一昌 | E23: 2201 | F23: 59+28 | G23: 5+5 | H23: 簡淑惠 | I23: 59 | J23: 28 | K23: 5 | L23: 5 | M23: =(I23*K23+J23*L23)*1000 -> 435000
A24: 22 | B24: 40717 | C24: 40728 | D24: 吳安慧 | E24: 1463 | F24: 59+28 | G24: 3+3 | H24: 簡淑惠 | I24: 59 | J24: 28 | K24: 3 | L24: 3 | M24: =(I24*K24+J24*L24)*1000 -> 261000
A25: 23 | B25: 40723 | C25: 40724 | D25: 陳瑞言 | E25: 1897 | F25: 59+28 | G25: 1+1 | H25: 王姵今 | I25: 59 | J25: 28 | K25: 1 | L25: 1 | M25: =(I25*K25+J25*L25)*1000 -> 87000
A26: 24 | B26: 40724 | C26: 40724 | D26: 王姵今 | E26: 1248 | F26: 59+28 | G26: 3+3 | H26: 王姵今 | I26: 59 | J26: 28 | K26: 3 | L26: 3 | M26: =(I26*K26+J26*L26)*1000 -> 261000
A27: 25 | B27: 40708 | C27: 40723 | D27: 劉軍綻 | E27: 1870 | F27: 59+28 | G27: 1+1 | H27: 王姵今 | I27: 59 | J27: 28 | K27: 1 | L27: 1 | M27: =(I27*K27+J27*L27)*1000 -> 87000
A28: 26 | B28: 40714 | C28: 40722 | D28: 莊佩珍 | E28: 2175 | F28: 59 | G28: 1 | H28: 王姵今 | I28: 59 | K28: 1 | M28: =(I28*K28+J28*L28)*1000 -> 59000
A29: 27 | B29: 40718 | C29: 40722 | D29: 林宜樺 | E29: 2193 | F29: 59+28 | G29: 1+1 | H29: 王姵今 | I29: 59 | J29: 28 | K29: 1 | L29: 1 | M29: =(I29*K29+J29*L29)*1000 -> 87000
A30: 28 | B30: 40718 | C30: 40721 | D30: 詹秀玲 | E30: 1988 | F30: 59+28 | G30: 2+2 | H30: 簡淑惠 | I30: 59 | J30: 28 | K30: 2 | L30: 2 | M30: =(I30*K30+J30*L30)*1000 -> 174000
A31: 29 | B31: 40717 | C31: 40721 | D31: 徐秀鳳 | E31: 2170 | F31: 59+28 | G31: 10+10 | H31: 黃碧真 | I31: 59 | J31: 28 | K31: 10 | L31: 10 | M31: =(I31*K31+J31*L31)*1000 -> 870000
A32: 30 | B32: 40654 | C32: 40654 | D32: 藍偉銓 | E32: 1327 | F32: 59+28 | G32: 3+3 | H32: 王億芯 | I32: 59 | J32: 28 | K32: 3 | L32: 3 | M32: =(I32*K32+J32*L32)*1000 -> 261000
A33: 31 | B33: 40647 | C33: 40654 | D33: 王偉澤 | E33: 2133 | F33: 59+28 | G33: 2+2 | H33: 王姵今 | I33: 59 | J33: 28 | K33: 2 | L33: 2 | M33: =(I33*K33+J33*L33)*1000 -> 174000
A34: 32 | B34: 40631 | C34: 40652 | D34: 李文德 | E34: 2003 | F34: 59+28 | G34: 1+1 | H34: 王姵今 | I34: 59 | J34: 28 | K34: 1 | L34: 1 | M34: =(I34*K34+J34*L34)*1000 -> 87000
A35: 33 | B35: 40633 | C35: 40648 | D35: 李玉英 | E35: 2136 | F35: 59+28 | G35: 5+5 | H35: 簡淑惠 | I35: 59 | J35: 28 | K35: 5 | L35: 5 | M35: =(I35*K35+J35*L35)*1000 -> 435000
A36: 34 | B36: 40626 | C36: 40648 | D36: 李玉英 | E36: 2136 | F36: 59+28 | G36: 15+15 | H36: 簡淑惠 | I36: 59 | J36: 28 | K36: 15 | L36: 15 | M36: =(I36*K36+J36*L36)*1000 -> 1305000
A37: 35 | B37: 40623 | C37: 40647 | D37: 廖昭篤 | E37: 1933 | F37: 59+28 | G37: 3+3 | H37: 簡淑惠 | I37: 59 | J37: 28 | K37: 3 | L37: 3 | M37: =(I37*K37+J37*L37)*1000 -> 261000
A38: 36 | B38: 40632 | C38: 40647 | D38: 李荷花 | E38: 2125 | F38: 59+28 | G38: 5+5 | H38: 簡淑惠 | I38: 59 | J38: 28 | K38: 5 | L38: 5 | M38: =(I38*K38+J38*L38)*1000 -> 435000
A39: 37 | B39: 40632 | C39: 40647 | D39: 李淑琴 | E39: 2137 | F39: 59+28 | G39: 5+5 | H39: 簡淑惠 | I39: 59 | J39: 28 | K39: 5 | L39: 5 | M39: =(I39*K39+J39*L39)*1000 -> 435000
A40: 38 | B40: 40855 | C40: 40907 | D40: 柯宗男 | E40: 1470 | F40: 28 | G40: 1 | H40: 王姵今 | I40: 28 | K40: 1 | M40: =(I40*K40+J40*L40)*1000 -> 28000
A41: 39 | B41: 40858 | C41: 40907 | D41: 高珊姵 | E41: 2311 | F41: 59+28 | G41: 1+1 | H41: 簡淑惠 | I41: 59 | J41: 28 | K41: 1 | L41: 1 | M41: =(I41*K41+J41*L41)*1000 -> 87000
A42: 40 | B42: 40858 | C42: 40907 | D42: 宋佳霖 | E42: 1942 | F42: 28 | G42: 3 | H42: 簡淑惠 | I42: 28 | K42: 3 | M42: =(I42*K42+J42*L42)*1000 -> 84000
A43: 41 | B43: 40907 | C43: 40907 | D43: 周裕順 | E43: 2092 | F43: 28 | G43: 2 | H43: 王姵今 | I43: 28 | K43: 2 | M43: =(I43*K43+J43*L43)*1000 -> 56000
A44: 42 | B44: 40864 | C44: 40907 | D44: 吳振華 | E44: 1403 | F44: 28 | G44: 2 | H44: 陳乃維 | I44: 28 | K44: 2 | M44: =(I44*K44+J44*L44)*1000 -> 56000
A45: 43 | B45: 40857 | C45: 40907 | D45: 朱俊享 | E45: 1900 | F45: 28 | G45: 2 | H45: 陳乃維 | I45: 28 | K45: 2 | M45: =(I45*K45+J45*L45)*1000 -> 56000
A46: 44 | B46: 40905 | C46: 40907 | D46: 林柏廷 | E46: 2312 | F46: 59+28 | G46: 5+5 | H46: 王姵今 | I46: 59 | J46: 28 | K46: 5 | L46: 5 | M46: =(I46*K46+J46*L46)*1000 -> 435000
A47: 45 | B47: 40865 | C47: 40907 | D47: 陳佑彬 | E47: 2026 | F47: 28 | G47: 1 | H47: 王姵今 | I47: 28 | K47: 1 | M47: =(I47*K47+J47*L47)*1000 -> 28000
A48: 46 | B48: 40858 | C48: 40907 | D48: 張峰嚴 | E48: 1919 | F48: 28 | G48: 2 | H48: 王姵今 | I48: 28 | K48: 2 | M48: =(I48*K48+J48*L48)*1000 -> 56000
A49: 47 | B49: 40903 | C49: 40906 | D49: 陳良泉 | E49: 2316 | F49: 59+28 | G49: 2+2 | H49: 王姵今 | I49: 59 | J49: 28 | K49: 2 | L49: 2 | M49: =(I49*K49+J49*L49)*1000 -> 174000
A50: 48 | B50: 40640 | C50: 40906 | D50: 王佳玉 | E50: 1894 | F50: 59+28 | G50: 5+5 | H50: 簡淑惠 | I50: 59 | J50: 28 | K50: 5 | L50: 5 | M50: =(I50*K50+J50*L50)*1000 -> 435000
A51: 49 | B51: 40507 | C51: 40520 | D51: 林岱萱 | E51: 1472 | F51: 59+28 | G51: 6+6 | H51: 簡淑惠 | I51: 59 | J51: 28 | K51: 6 | L51: 6 | M51: =(I51*K51+J51*L51)*1000 -> 522000
A52: 50 | B52: 40504 | C52: 40519 | D52: 王家興 | E52: 1931 | F52: 59+28 | G52: 10+10 | H52: 簡淑惠 | I52: 59 | J52: 28 | K52: 10 | L52: 10 | M52: =(I52*K52+J52*L52)*1000 -> 870000
A53: 51 | B53: 40511 | C53: 40518 | D53: 翁菱璣 | E53: 1930 | F53: 59+28 | G53: 5+5 | H53: 簡淑惠 | I53: 59 | J53: 28 | K53: 5 | L53: 5 | M53: =(I53*K53+J53*L53)*1000 -> 435000
A54: 52 | B54: 40518 | C54: 40518 | D54: 黃碧真 | E54: 1920 | F54: 員工增25 | G54: 5 | H54: 黃碧真 | I54: 25 | K54: 5 | M54: =(I54*K54+J54*L54)*1000 -> 125000
A55: 53 | B55: 40513 | C55: 40518 | D55: 鮑韋如 | E55: 1929 | F55: 59+28 | G55: 15+15 | H55: 簡淑惠 | I55: 59 | J55: 28 | K55: 15 | L55: 15 | M55: =(I55*K55+J55*L55)*1000 -> 1305000
A56: 54 | B56: 40494 | C56: 40518 | D56: 馮濬明 | E56: 1921 | F56: 59+28 | G56: 4+4 | H56: 王姵今 | I56: 59 | J56: 28 | K56: 4 | L56: 4 | M56: =(I56*K56+J56*L56)*1000 -> 348000
A57: 55 | B57: 40512 | C57: 40515 | D57: 陳文鏘 | E57: 1928 | F57: 59+28 | G57: 2+2 | H57: 王姵今 | I57: 59 | J57: 28 | K57: 2 | L57: 2 | M57: =(I57*K57+J57*L57)*1000 -> 174000
A58: 56 | B58: 40513 | C58: 40515 | D58: 涂碩修 | E58: 1878 | F58: 59+28 | G58: 1+1 | H58: 簡淑惠 | I58: 59 | J58: 28 | K58: 1 | L58: 1 | M58: =(I58*K58+J58*L58)*1000 -> 87000
A59: 57 | B59: 40511 | C59: 40514 | D59: 張峰嚴 | E59: 1919 | F59: 59+28 | G59: 2+2 | H59: 王姵今 | I59: 59 | J59: 28 | K59: 2 | L59: 2 | M59: =(I59*K59+J59*L59)*1000 -> 174000
A60: 58 | B60: 40511 | C60: 40514 | D60: 陳樺 | E60: 1915 | F60: 59+28 | G60: 2+2 | H60: 簡淑惠 | I60: 59 | J60: 28 | K60: 2 | L60: 2 | M60: =(I60*K60+J60*L60)*1000 -> 174000
A61: 59 | B61: 40513 | C61: 40514 | D61: 吳文進 | E61: 1923 | F61: 59+28 | G61: 4+4 | H61: 簡淑惠 | I61: 59 | J61: 28 | K61: 4 | L61: 4 | M61: =(I61*K61+J61*L61)*1000 -> 348000
A62: 60 | B62: 40479 | C62: 40513 | D62: 周志霖 | E62: 1147 | F62: 增28 | G62: 2 | H62: 王姵今 | I62: 28 | K62: 2 | M62: =(I62*K62+J62*L62)*1000 -> 56000
A63: 61 | B63: 40507 | C63: 40513 | D63: 游安君 | E63: 1916 | F63: 59+28 | G63: 1+1 | H63: 簡淑惠 | I63: 59 | J63: 28 | K63: 1 | L63: 1 | M63: =(I63*K63+J63*L63)*1000 -> 87000
A64: 62 | B64: 40507 | C64: 40513 | D64: 周志霖 | E64: 1147 | F64: 59+28 | G64: 3+3 | H64: 王姵今 | I64: 59 | J64: 28 | K64: 3 | L64: 3 | M64: =(I64*K64+J64*L64)*1000 -> 261000
A65: 63 | B65: 40512 | C65: 40512 | D65: 簡淑惠 | E65: 1250 | F65: 增25 | G65: 10 | H65: 簡淑惠 | I65: 25 | K65: 10 | M65: =(I65*K65+J65*L65)*1000 -> 250000
A66: 64 | B66: 40500 | C66: 40512 | D66: 葉耀文 | E66: 1889 | F66: 59+28 | G66: 1+1 | H66: 簡淑惠 | I66: 59 | J66: 28 | K66: 1 | L66: 1 | M66: =(I66*K66+J66*L66)*1000 -> 87000
A67: 65 | B67: 40507 | C67: 40512 | D67: 朱俊享 | E67: 1900 | F67: 59+28 | G67: 1+1 | H67: 陳乃維 | I67: 59 | J67: 28 | K67: 1 | L67: 1 | M67: =(I67*K67+J67*L67)*1000 -> 87000
A68: 66 | B68: 40504 | C68: 40512 | D68: 呂淑金 | E68: 1918 | F68: 59+28 | G68: 3+3 | H68: 簡淑惠 | I68: 59 | J68: 28 | K68: 3 | L68: 3 | M68: =(I68*K68+J68*L68)*1000 -> 261000
A69: 67 | B69: 40511 | C69: 40512 | D69: 顏君諱 | E69: 1265 | F69: 增25 | G69: 1 | H69: 王億芯 | I69: 25 | K69: 1 | M69: =(I69*K69+J69*L69)*1000 -> 25000
A70: 68 | B70: 40506 | C70: 40512 | D70: 許敏航 | E70: 1774 | F70: 25 | G70: 8 | H70: 簡淑惠 | I70: 25 | K70: 8 | M70: =(I70*K70+J70*L70)*1000 -> 200000
A71: 69 | B71: 40504 | C71: 40512 | D71: 吳秉忠 | E71: 1917 | F71: 59+28 | G71: 8+8 | H71: 簡淑惠 | I71: 59 | J71: 28 | K71: 8 | L71: 8 | M71: =(I71*K71+J71*L71)*1000 -> 696000
A72: 70 | B72: 40499 | C72: 40511 | D72: 楊東隆 | E72: 1891 | F72: 59+28 | G72: 5+5 | H72: 簡淑惠 | I72: 59 | J72: 28 | K72: 5 | L72: 5 | M72: =(I72*K72+J72*L72)*1000 -> 435000
A73: 71 | B73: 40494 | C73: 40511 | D73: 蘇智雄 | E73: 1826 | F73: 增25 | G73: 1 | H73: 王姵今 | I73: 25 | K73: 1 | M73: =(I73*K73+J73*L73)*1000 -> 25000
A74: 72 | B74: 40511 | C74: 40511 | D74: 王姵今 | E74: 1248 | F74: 增25 | G74: 10 | H74: 王姵今 | I74: 25 | K74: 10 | M74: =(I74*K74+J74*L74)*1000 -> 250000
A75: 73 | B75: 40506 | C75: 40511 | D75: 石琬緞 | E75: 1197 | F75: 增25 | G75: 2 | H75: 黃碧真 | I75: 25 | K75: 2 | M75: =(I75*K75+J75*L75)*1000 -> 50000
A76: 74 | B76: 40511 | C76: 40511 | D76: 王姵今 | E76: 1248 | F76: 增25 | G76: 9 | H76: 王姵今 | I76: 25 | K76: 9 | M76: =(I76*K76+J76*L76)*1000 -> 225000
A77: 75 | B77: 40500 | C77: 40508 | D77: 王佳玉 | E77: 1894 | F77: 59+28 | G77: 5+5 | H77: 簡淑惠 | I77: 59 | J77: 28 | K77: 5 | L77: 5 | M77: =(I77*K77+J77*L77)*1000 -> 435000
A78: 76 | B78: 40507 | C78: 40508 | D78: 藍素萍 | E78: 1893 | F78: 59+28 | G78: 1+1 | H78: 簡淑惠 | I78: 59 | J78: 28 | K78: 1 | L78: 1 | M78: =(I78*K78+J78*L78)*1000 -> 87000
A79: 77 | B79: 40493 | C79: 40507 | D79: 簡淑惠 | E79: 1250 | F79: 增25 | G79: 20 | H79: 簡淑惠 | I79: 25 | K79: 20 | M79: =(I79*K79+J79*L79)*1000 -> 500000
A80: 78 | B80: 40507 | C80: 40507 | D80: 蔡佩玲 | E80: 1899 | F80: 59+28 | G80: 20+20 | H80: 呂國州 | I80: 59 | J80: 28 | K80: 20 | L80: 20 | M80: =(I80*K80+J80*L80)*1000 -> 1740000
A81: 79 | B81: 40499 | C81: 40507 | D81: 江維仁 | E81: 1895 | F81: 59+28 | G81: 1+1 | H81: 黃碧真 | I81: 59 | J81: 28 | K81: 1 | L81: 1 | M81: =(I81*K81+J81*L81)*1000 -> 87000
A82: 80 | B82: 40497 | C82: 40507 | D82: 吳信儀 | E82: 1892 | F82: 59+28 | G82: 3+3 | H82: 簡淑惠 | I82: 59 | J82: 28 | K82: 3 | L82: 3 | M82: =(I82*K82+J82*L82)*1000 -> 261000
A83: 81 | B83: 40498 | C83: 40505 | D83: 陳瑞言 | E83: 1897 | F83: 59+28 | G83: 2+2 | H83: 王姵今 | I83: 59 | J83: 28 | K83: 2 | L83: 2 | M83: =(I83*K83+J83*L83)*1000 -> 174000
A84: 82 | B84: 40500 | C84: 40505 | D84: 張鵬偉 | E84: 1880 | F84: 59+28 | G84: 1+1 | H84: 簡淑惠 | I84: 59 | J84: 28 | K84: 1 | L84: 1 | M84: =(I84*K84+J84*L84)*1000 -> 87000
A85: 83 | B85: 40490 | C85: 40505 | D85: 潘欽惠 | E85: 1896 | F85: 59+28 | G85: 6+6 | H85: 黃碧真 | I85: 59 | J85: 28 | K85: 6 | L85: 6 | M85: =(I85*K85+J85*L85)*1000 -> 522000
A86: 84 | B86: 40497 | C86: 40505 | D86: 馬廣敏 | E86: 1879 | F86: 59+28 | G86: 1+1 | H86: 簡淑惠 | I86: 59 | J86: 28 | K86: 1 | L86: 1 | M86: =(I86*K86+J86*L86)*1000 -> 87000
A87: 85 | B87: 40497 | C87: 40504 | D87: 許秀婷 | E87: 1881 | F87: 59+28 | G87: 2+2 | H87: 簡淑惠 | I87: 59 | J87: 28 | K87: 2 | L87: 2 | M87: =(I87*K87+J87*L87)*1000 -> 174000
A88: 86 | B88: 40497 | C88: 40501 | D88: 賈智仁 | E88: 1883 | F88: 59+28 | G88: 1+1 | H88: 王姵今 | I88: 59 | J88: 28 | K88: 1 | L88: 1 | M88: =(I88*K88+J88*L88)*1000 -> 87000
A89: 87 | B89: 40497 | C89: 40501 | D89: 謝德鈺 | E89: 1884 | F89: 59+28 | G89: 3+3 | H89: 王億芯 | I89: 59 | J89: 28 | K89: 3 | L89: 3 | M89: =(I89*K89+J89*L89)*1000 -> 261000
A90: 88 | B90: 40483 | C90: 40500 | D90: 林政男 | E90: 1877 | F90: 59+28 | G90: 1+1 | H90: 王姵今 | I90: 59 | J90: 28 | K90: 1 | L90: 1 | M90: =(I90*K90+J90*L90)*1000 -> 87000
A91: 89 | B91: 40500 | C91: 40500 | D91: 嚴炳崑 | E91: 1882 | F91: 59+28 | G91: 2+2 | H91: 簡淑惠 | I91: 59 | J91: 28 | K91: 2 | L91: 2 | M91: =(I91*K91+J91*L91)*1000 -> 174000
A92: 90 | B92: 40500 | C92: 40500 | D92: 涂碩修 | E92: 1878 | F92: 59+28 | G92: 1+1 | H92: 簡淑惠 | I92: 59 | J92: 28 | K92: 1 | L92: 1 | M92: =(I92*K92+J92*L92)*1000 -> 87000
A93: 91 | B93: 40493 | C93: 40499 | D93: 蔡秀美 | E93: 1772 | F93: 增25 | G93: 3 | H93: 簡淑惠 | I93: 25 | K93: 3 | M93: =(I93*K93+J93*L93)*1000 -> 75000
A94: 92 | B94: 40493 | C94: 40499 | D94: 歐桂蘭 | E94: 1829 | F94: 增25 | G94: 1 | H94: 簡淑惠 | I94: 25 | K94: 1 | M94: =(I94*K94+J94*L94)*1000 -> 25000
A95: 93 | B95: 40493 | C95: 40499 | D95: 許惠萍 | E95: 1898 | F95: 59+28 | G95: 2+2 | H95: 簡淑惠 | I95: 59 | J95: 28 | K95: 2 | L95: 2 | M95: =(I95*K95+J95*L95)*1000 -> 174000
A96: 94 | B96: 40499 | C96: 40499 | D96: 陳雅麗 | E96: 1864 | F96: 59+28 | G96: 1+1 | H96: 簡淑惠 | I96: 59 | J96: 28 | K96: 1 | L96: 1 | M96: =(I96*K96+J96*L96)*1000 -> 87000
A97: 95 | C97: 40498 | D97: 侯施秀敏 | E97: 1773 | F97: 增25 | G97: 3 | H97: 黃碧真 | I97: 25 | K97: 3 | M97: =(I97*K97+J97*L97)*1000 -> 75000
A98: 96 | B98: 40484 | C98: 40498 | D98: 簡蔚瑾 | E98: 1866 | F98: 59+28 | G98: 5+5 | H98: 簡淑惠 | I98: 59 | J98: 28 | K98: 5 | L98: 5 | M98: =(I98*K98+J98*L98)*1000 -> 435000
A99: 97 | B99: 40484 | C99: 40498 | D99: 洪珮玲 | E99: 1867 | F99: 59+28 | G99: 5+5 | H99: 王姵今 | I99: 59 | J99: 28 | K99: 5 | L99: 5 | M99: =(I99*K99+J99*L99)*1000 -> 435000
A100: 98 | B100: 40493 | C100: 40497 | D100: 吳春玫 | E100: 1808 | F100: 增25 | G100: 1 | H100: 簡淑惠 | I100: 25 | K100: 1 | M100: =(I100*K100+J100*L100)*1000 -> 25000
...

Sheet 附表四之一聯相
A1: 附表四之一、被告於103年1月1日以後販售「聯相公司」股票金額彙總表
A2: 編號 | B2: 買受人 | C2: 出賣人 | D2: 交割日期 | E2: 成交股數 | F2: 成交單價 | G2: 成交總價
A3: 1 | B3: 吳志文 | C3: 唐志驄 | D3: 104/03/25 | E3: 50000 | F3: 3.5 | G3: 175000
A4: 2 | B4: 劉韓儀 | C4: 唐志驄 | D4: 104/06/09 | E4: 6000 | F4: 5 | G4: 30000
A5: 3 | B5: 吳志文 | C5: 唐志驄 | D5: 104/06/16 | E5: 20000 | F5: 2 | G5: 40000
A6: 4 | B6: 金震國 | C6: 唐志驄 | D6: 104/06/25 | E6: 9000 | F6: 3 | G6: 27000
A7: 5 | B7: 金偉翔 | C7: 唐志驄 | D7: 104/06/25 | E7: 3000 | F7: 3 | G7: 9000
A8: 6 | B8: 金偉傑 | C8: 唐志驄 | D8: 104/06/25 | E8: 5000 | F8: 3 | G8: 15000
A9: 7 | B9: 簡淑惠 | C9: 唐志驄 | D9: 104/06/25 | E9: 142000 | F9: 3 | G9: 426000
A10: 8 | B10: 吳志文 | C10: 唐志驄 | D10: 104/07/01 | E10: 5000 | F10: 3 | G10: 15000
A11: 9 | B11: 邱士緁 | C11: 唐志驄 | D11: 104/07/06 | E11: 2000 | F11: 3 | G11: 6000
A12: 10 | B12: 陳文彬 | C12: 唐志驄 | D12: 104/07/06 | E12: 10000 | F12: 3 | G12: 30000
A13: 11 | B13: 陳桂玲 | C13: 唐志驄 | D13: 104/07/06 | E13: 22000 | F13: 3 | G13: 66000
A14: 12 | B14: 陳媛美 | C14: 唐志驄 | D14: 104/07/06 | E14: 60000 | F14: 3 | G14: 180000
... A29: 27 | B29: 陳沿佑 | C29: 王秀鳳 | D29: 104/09/02 | E29: 6000 | F29: 3 | G29: 18000
B30: 小計 | E30: =SUM(E3:E29) -> 548000 | G30: =SUM(G3:G29) -> 1661000
A31: 資料來源：係由107年5月16日財政部財政資訊中心回函所附檔案，經利用EXCEL篩選功能篩選「交割日期」在「103年1月1日（含）以後」，「出賣人名稱」為「唐志聰、唐霈喬、王秀鳳」之交易後而得。

Sheet 附表五台固
A1: 附表五、被告於102年12月31日以前販售「台積固態公司」股票金額彙總表
A2: 編號 | B2: 報單日期 | C2: 完款日期 | D2: 姓名 | E2: 戶號 | F2: 價格 (註1) | G2: 張數 (註1) | H2: 業務 | I2: 買價 | K2: 張數 | M2: 合計金額
A3: 1 | B3: 41495 | C3: 41505 | D3: 葉日榕 | E3: 305 | F3: 49+20 | G3: 1+1 | H3: 黃碧真 | I3: 49 | J3: 20 | K3: 1 | L3: 1 | M3: =(I3*K3+J3*L3)*1000 -> 69000
A4: 2 | B4: 41498 | C4: 41506 | D4: 劉宗翰 | E4: 306 | F4: 49+20 | G4: 1+1 | H4: 黃碧真 | I4: 49 | J4: 20 | K4: 1 | L4: 1 | M4: =(I4*K4+J4*L4)*1000 -> 69000
A5: 3 | B5: 41505 | C5: 41530 | D5: 陳安傑 | E5: 328 | F5: 49+20 | G5: 5+5 | H5: 王億芯 | I5: 49 | J5: 20 | K5: 5 | L5: 5 | M5: =(I5*K5+J5*L5)*1000 -> 345000
A6: 4 | B6: 41506 | C6: 41535 | D6: 陳鵬 | E6: 337 | F6: 49+20 | G6: 3+3 | H6: 王億芯 | I6: 49 | J6: 20 | K6: 3 | L6: 3 | M6: =(I6*K6+J6*L6)*1000 -> 207000
A7: 5 | B7: 41506 | C7: 41592 | D7: 蔡坤崇 | F7: 49+20 | G7: 2+2 | H7: 王億芯 | I7: 49 | J7: 20 | K7: 2 | L7: 2 | M7: =(I7*K7+J7*L7)*1000 -> 138000
A8: 6 | B8: 41509 | C8: 41515 | D8: 劉菁萍 | E8: 304 | F8: 49+20 | G8: 3+3 | H8: 王億芯 | I8: 49 | J8: 20 | K8: 3 | L8: 3 | M8: =(I8*K8+J8*L8)*1000 -> 207000
A9: 7 | B9: 41509 | C9: 41529 | D9: 楊婉甄 | E9: 326 | F9: 49+20 | G9: 10+10 | H9: 王億芯 | I9: 49 | J9: 20 | K9: 10 | L9: 10 | M9: =(I9*K9+J9*L9)*1000 -> 690000
A10: 8 | B10: 41509 | C10: 41535 | D10: 陳鵬來 | E10: 329 | F10: 49+20 | G10: 5+5 | H10: 王億芯 | I10: 49 | J10: 20 | K10: 5 | L10: 5 | M10: =(I10*K10+J10*L10)*1000 -> 345000
A11: 9 | B11: 41509 | C11: 41535 | D11: 高振庭 | E11: 330 | F11: 49+20 | G11: 1+1 | H11: 王億芯 | I11: 49 | J11: 20 | K11: 1 | L11: 1 | M11: =(I11*K11+J11*L11)*1000 -> 69000
A12: 10 | B12: 41514 | C12: 41520 | D12: 黃錦寶 | E12: 318 | F12: 49+20 | G12: 2+2 | H12: 王億芯 | I12: 49 | J12: 20 | K12: 2 | L12: 2 | M12: =(I12*K12+J12*L12)*1000 -> 138000
A13: 11 | B13: 41519 | C13: 41520 | D13: 廖霞 | E13: 317 | F13: 49+20 | G13: 8+8 | H13: 呂國洲 | I13: 49 | J13: 20 | K13: 8 | L13: 8 | M13: =(I13*K13+J13*L13)*1000 -> 552000
A14: 12 | B14: 41515 | C14: 41522 | D14: 王春雀 | E14: 324 | F14: 49+20 | G14: 20+20 | H14: 王億芯 | I14: 49 | J14: 20 | K14: 20 | L14: 20 | M14: =(I14*K14+J14*L14)*1000 -> 1380000
A15: 13 | B15: 41520 | C15: 41540 | D15: 涂靖漢 | E15: 343 | F15: 49+20 | G15: 5+5 | H15: 黃碧真 | I15: 49 | J15: 20 | K15: 5 | L15: 5 | M15: =(I15*K15+J15*L15)*1000 -> 345000
A16: 14 | B16: 41519 | C16: 41542 | D16: 林鴻松 | E16: 346 | F16: 49+20 | G16: 5+5 | H16: 簡淑惠 | I16: 49 | J16: 20 | K16: 5 | L16: 5 | M16: =(I16*K16+J16*L16)*1000 -> 345000
A17: 15 | B17: 41520 | C17: 41547 | D17: 袁興華 | E17: 396 | F17: 49+20 | G17: 1+1 | H17: 簡淑惠 | I17: 49 | J17: 20 | K17: 1 | L17: 1 | M17: =(I17*K17+J17*L17)*1000 -> 69000
A18: 16 | B18: 41522 | C18: 41531 | D18: 林岱萱 | E18: 327 | F18: 49+20 | G18: 3+3 | H18: 簡淑惠 | I18: 49 | J18: 20 | K18: 3 | L18: 3 | M18: =(I18*K18+J18*L18)*1000 -> 207000
A19: 17 | B19: 41521 | C19: 41527 | D19: 史玲瑋 | E19: 316 | F19: 49+20 | G19: 5+5 | H19: 簡淑惠 | I19: 49 | J19: 20 | K19: 5 | L19: 5 | M19: =(I19*K19+J19*L19)*1000 -> 345000
A20: 18 | B20: 41528 | C20: 41542 | D20: 徐秀鳳 | E20: 344 | F20: 49+20 | G20: 5+5 | H20: 黃碧真 | I20: 49 | J20: 20 | K20: 5 | L20: 5 | M20: =(I20*K20+J20*L20)*1000 -> 345000
A21: 19 | B21: 41529 | C21: 41533 | D21: 唐素秋 | F21: 49+20 | G21: 5+5 | H21: 簡淑惠 | I21: 49 | J21: 20 | K21: 5 | L21: 5 | M21: =(I21*K21+J21*L21)*1000 -> 345000
A22: 20 | B22: 41531 | C22: 41543 | D22: 陳震國 | E22: 338 | F22: 49+20 | G22: 3+3 | H22: 簡淑惠 | I22: 49 | J22: 20 | K22: 3 | L22: 3 | M22: =(I22*K22+J22*L22)*1000 -> 207000
A23: 21 | B23: 41531 | C23: 41543 | D23: 傅群憶 | E23: 348 | F23: 49+20 | G23: 2+2 | H23: 簡淑惠 | I23: 49 | J23: 20 | K23: 2 | L23: 2 | M23: =(I23*K23+J23*L23)*1000 -> 138000
A24: 22 | B24: 41533 | C24: 41543 | D24: 楊東隆 | E24: 347 | F24: 49+20 | G24: 5+5 | H24: 簡淑惠 | I24: 49 | J24: 20 | K24: 5 | L24: 5 | M24: =(I24*K24+J24*L24)*1000 -> 345000
A25: 23 | B25: 41529 | C25: 41529 | D25: 蔡慧珠 | E25: 323 | F25: 49+20 | G25: 40+40 | H25: 呂國州 | I25: 49 | J25: 20 | K25: 40 | L25: 40 | M25: =(I25*K25+J25*L25)*1000 -> 2760000
A26: 24 | B26: 41534 | C26: 41544 | D26: 張仁俊 | F26: 49+20 | G26: 5+5 | H26: 簡淑惠 | I26: 49 | J26: 20 | K26: 5 | L26: 5 | M26: =(I26*K26+J26*L26)*1000 -> 345000
A27: 25 | B27: 41523 | C27: 41535 | D27: 陳鵬來 | E27: 329 | F27: 49+20 | G27: 1+1 | H27: 王億芯 | I27: 49 | J27: 20 | K27: 1 | L27: 1 | M27: =(I27*K27+J27*L27)*1000 -> 69000
A28: 26 | B28: 41522 | C28: 41535 | D28: 高嘉璘 | E28: 333 | F28: 49+20 | G28: 3+3 | H28: 王億芯 | I28: 49 | J28: 20 | K28: 3 | L28: 3 | M28: =(I28*K28+J28*L28)*1000 -> 207000
A29: 27 | B29: 41540 | C29: 41558 | D29: 葉明忠 | F29: 49+20 | G29: 5+5 | H29: 黃碧真 | I29: 49 | J29: 20 | K29: 5 | L29: 5 | M29: =(I29*K29+J29*L29)*1000 -> 345000
A30: 28 | B30: 41540 | C30: 41544 | D30: 張妙伃 | E30: 354 | F30: 49+20 | G30: 3+3 | H30: 簡淑惠 | I30: 49 | J30: 20 | K30: 3 | L30: 3 | M30: =(I30*K30+J30*L30)*1000 -> 207000
A31: 29 | B31: 41541 | C31: 41544 | D31: 宋小苓 | E31: 356 | F31: 49+20 | G31: 8+8 | H31: 簡淑惠 | I31: 49 | J31: 20 | K31: 8 | L31: 8 | M31: =(I31*K31+J31*L31)*1000 -> 552000
A32: 30 | B32: 41542 | C32: 41549 | D32: 林採盆 | E32: 375 | F32: 49+20 | G32: 2+2 | H32: 黃碧真 | I32: 49 | J32: 20 | K32: 2 | L32: 2 | M32: =(I32*K32+J32*L32)*1000 -> 138000
A33: 31 | B33: 41541 | C33: 41547 | D33: 莫克 | E33: 380 | F33: 49+20 | G33: 5+5 | H33: 黃碧真 | I33: 49 | J33: 20 | K33: 5 | L33: 5 | M33: =(I33*K33+J33*L33)*1000 -> 345000
A34: 32 | B34: 41542 | C34: 41547 | D34: 廖淑如 | E34: 355 | F34: 49+20 | G34: 2+2 | H34: 簡淑惠 | I34: 49 | J34: 20 | K34: 2 | L34: 2 | M34: =(I34*K34+J34*L34)*1000 -> 138000
A35: 33 | B35: 41543 | C35: 41543 | D35: 許明烽 | E35: 353 | F35: 49+20 | G35: 1+1 | H35: 簡淑惠 | I35: 49 | J35: 20 | K35: 1 | L35: 1 | M35: =(I35*K35+J35*L35)*1000 -> 69000
A36: 34 | B36: 41547 | C36: 41554 | D36: 孫禾穎 | E36: 389 | F36: 49+20 | G36: 5+5 | H36: 王億芯 | I36: 49 | J36: 20 | K36: 5 | L36: 5 | M36: =(I36*K36+J36*L36)*1000 -> 345000
A37: 35 | B37: 41547 | C37: 41548 | D37: 王順平 | E37: 397 | F37: 49+20 | G37: 1+1 | H37: 王億芯 | I37: 49 | J37: 20 | K37: 1 | L37: 1 | M37: =(I37*K37+J37*L37)*1000 -> 69000
A38: 36 | B38: 41542 | C38: 41548 | D38: 林祐震 | E38: 352 | F38: 49+20 | G38: 1+1 | H38: 黃碧真 | I38: 49 | J38: 20 | K38: 1 | L38: 1 | M38: =(I38*K38+J38*L38)*1000 -> 69000
A39: 37 | B39: 41549 | C39: 41556 | D39: 陳丹怡 | F39: 49+20 | G39: 5+5 | H39: 簡淑惠 | I39: 49 | J39: 20 | K39: 5 | L39: 5 | M39: =(I39*K39+J39*L39)*1000 -> 345000
A40: 38 | B40: 41549 | C40: 41561 | D40: 陳力萁 | E40: 379 | F40: 49+20 | G40: 5+5 | H40: 黃碧真 | I40: 49 | J40: 20 | K40: 5 | L40: 5 | M40: =(I40*K40+J40*L40)*1000 -> 345000
A41: 39 | B41: 41550 | C41: 41554 | D41: 姜修齊 | E41: 390 | F41: 49+20 | G41: 1+1 | H41: 王億芯 | I41: 49 | J41: 20 | K41: 1 | L41: 1 | M41: =(I41*K41+J41*L41)*1000 -> 69000
A42: 40 | B42: 41549 | C42: 41555 | D42: 廖一昌 | E42: 387 | F42: 49+20 | G42: 10+10 | H42: 簡淑惠 | I42: 49 | J42: 20 | K42: 10 | L42: 10 | M42: =(I42*K42+J42*L42)*1000 -> 690000
A43: 41 | B43: 41551 | C43: 41555 | D43: 鄭彩華 | E43: 388 | F43: 49+20 | G43: 5+5 | H43: 王億芯 | I43: 49 | J43: 20 | K43: 5 | L43: 5 | M43: =(I43*K43+J43*L43)*1000 -> 345000
A44: 42 | B44: 41551 | C44: 41555 | D44: 陳瑞言 | E44: 393 | F44: 49+20 | G44: 3+3 | H44: 王億芯 | I44: 49 | J44: 20 | K44: 3 | L44: 3 | M44: =(I44*K44+J44*L44)*1000 -> 207000
A45: 43 | B45: 41554 | C45: 41593 | D45: 洪堯日 | F45: 49+20 | G45: 10+10 | H45: 黃碧真 | I45: 49 | J45: 20 | K45: 10 | L45: 10 | M45: =(I45*K45+J45*L45)*1000 -> 690000
A46: 44 | B46: 41554 | C46: 41593 | D46: 廖志茂 | F46: 49+20 | G46: 10+10 | H46: 黃碧真 | I46: 49 | J46: 20 | K46: 10 | L46: 10 | M46: =(I46*K46+J46*L46)*1000 -> 690000
A47: 45 | B47: 41554 | C47: 41578 | D47: 林盈君 | F47: 49 | G47: 5+5 | H47: 黃碧真 | I47: 49 | J47: 49 | K47: 5 | L47: 5 | M47: =(I47*K47+J47*L47)*1000 -> 490000
A48: 46 | B48: 41547 | C48: 41555 | D48: 吳昇鴻 | E48: 392 | F48: 49+20 | G48: 1+1 | H48: 簡淑惠 | I48: 49 | J48: 20 | K48: 1 | L48: 1 | M48: =(I48*K48+J48*L48)*1000 -> 69000
A49: 47 | B49: 41555 | C49: 41556 | D49: 吳宗穎 | F49: 49+20 | G49: 2+2 | H49: 王億芯 | I49: 49 | J49: 20 | K49: 2 | L49: 2 | M49: =(I49*K49+J49*L49)*1000 -> 138000
A50: 48 | B50: 41556 | C50: 41556 | D50: 陳淑佩 | F50: 49+20 | G50: 1+1 | H50: 簡淑惠 | I50: 49 | J50: 20 | K50: 1 | L50: 1 | M50: =(I50*K50+J50*L50)*1000 -> 69000
A51: 49 | B51: 41555 | C51: 41558 | D51: 洪珮玲 | F51: 49+20 | G51: 5+5 | H51: 王億芯 | I51: 49 | J51: 20 | K51: 5 | L51: 5 | M51: =(I51*K51+J51*L51)*1000 -> 345000
A52: 50 | B52: 41556 | C52: 41558 | D52: 許裕仁 | E52: 394 | F52: 49+20 | G52: 2+2 | H52: 簡淑惠 | I52: 49 | J52: 20 | K52: 2 | L52: 2 | M52: =(I52*K52+J52*L52)*1000 -> 138000
A53: 51 | B53: 41551 | C53: 41570 | D53: 李翠如 | F53: 49+20 | G53: 10+10 | H53: 簡淑惠 | I53: 49 | J53: 20 | K53: 10 | L53: 10 | M53: =(I53*K53+J53*L53)*1000 -> 690000
A54: 52 | B54: 41555 | C54: 41555 | D54: 林秀美 | F54: 49+20 | G54: 15+15 | H54: 呂國州 | I54: 49 | J54: 20 | K54: 15 | L54: 15 | M54: =(I54*K54+J54*L54)*1000 -> 1035000
A55: 53 | B55: 41558 | C55: 41596 | D55: 陳松葵 | F55: 49+20 | G55: 1+1 | H55: 王億芯 | I55: 49 | J55: 20 | K55: 1 | L55: 1 | M55: =(I55*K55+J55*L55)*1000 -> 69000
A56: 54 | B56: 41554 | C56: 41578 | D56: 方昭慧 | F56: 49+20 | G56: 1+1 | H56: 簡淑惠 | I56: 49 | J56: 20 | K56: 1 | L56: 1 | M56: =(I56*K56+J56*L56)*1000 -> 69000
A57: 55 | B57: 41561 | C57: 41592 | D57: 林慰信 | F57: 49+20 | G57: 2+2 | H57: 黃碧真 | I57: 49 | J57: 20 | K57: 2 | L57: 2 | M57: =(I57*K57+J57*L57)*1000 -> 138000
A58: 56 | B58: 41561 | C58: 41571 | D58: 孟慶豪 | F58: 49+20 | G58: 1+1 | H58: 黃碧真 | I58: 49 | J58: 20 | K58: 1 | L58: 1 | M58: =(I58*K58+J58*L58)*1000 -> 69000
A59: 57 | B59: 41562 | C59: 41562 | D59: 黃張麗惠 | F59: 49+20 | G59: 8+8 | H59: 黃碧真 | I59: 49 | J59: 20 | K59: 8 | L59: 8 | M59: =(I59*K59+J59*L59)*1000 -> 552000
A60: 58 | B60: 41554 | C60: 41561 | D60: 蕭匡志 | E60: 391 | F60: 49+20 | G60: 1+1 | H60: 鄭伊廷 | I60: 49 | J60: 20 | K60: 1 | L60: 1 | M60: =(I60*K60+J60*L60)*1000 -> 69000
A61: 59 | B61: 41561 | C61: 41562 | D61: 高進興 | F61: 49+20 | G61: 5+5 | H61: 鄭伊廷 | I61: 49 | J61: 20 | K61: 5 | L61: 5 | M61: =(I61*K61+J61*L61)*1000 -> 345000
A62: 60 | B62: 41561 | C62: 41576 | D62: 陳安傑 | E62: 328 | F62: 49+20 | G62: 5+5 | H62: 王億芯 | I62: 49 | J62: 20 | K62: 5 | L62: 5 | M62: =(I62*K62+J62*L62)*1000 -> 345000
A63: 61 | B63: 41562 | C63: 41562 | D63: 林彥璋 | F63: 49+20 | G63: 3+3 | H63: 王億芯 | I63: 49 | J63: 20 | K63: 3 | L63: 3 | M63: =(I63*K63+J63*L63)*1000 -> 207000
A64: 62 | B64: 41562 | C64: 41568 | D64: 莊淵智 | F64: 49+20 | G64: 5+5 | H64: 簡淑惠 | I64: 49 | J64: 20 | K64: 5 | L64: 5 | M64: =(I64*K64+J64*L64)*1000 -> 345000
A65: 63 | B65: 41562 | C65: 41576 | D65: 錢紫雲 | F65: 49+20 | G65: 1+1 | H65: 陳乃維 | I65: 49 | J65: 20 | K65: 1 | L65: 1 | M65: =(I65*K65+J65*L65)*1000 -> 69000
A66: 64 | B66: 41562 | C66: 41572 | D66: 高岳廷 | F66: 49+20 | G66: 3+3 | H66: 陳乃維 | I66: 49 | J66: 20 | K66: 3 | L66: 3 | M66: =(I66*K66+J66*L66)*1000 -> 207000
A67: 65 | B67: 41563 | C67: 41579 | D67: 羅保禹 | F67: 49 | G67: 1 | H67: 鄭伊廷 | I67: 49 | K67: 1 | M67: =(I67*K67+J67*L67)*1000 -> 49000
A68: 66 | B68: 41563 | C68: 41563 | D68: 李雯琪 | F68: 49+20 | G68: 2+2 | H68: 簡淑惠 | I68: 49 | J68: 20 | K68: 2 | L68: 2 | M68: =(I68*K68+J68*L68)*1000 -> 138000
A69: 67 | B69: 41564 | C69: 41586 | D69: 黃璽瑾 | F69: 49+20 | G69: 5+5 | H69: 王億芯 | I69: 49 | J69: 20 | K69: 5 | L69: 5 | M69: =(I69*K69+J69*L69)*1000 -> 345000
A70: 68 | B70: 41547 | C70: 41566 | D70: 翁菱璣 | F70: 49+20 | G70: 17+17 | H70: 簡淑惠 | I70: 49 | J70: 20 | K70: 17 | L70: 17 | M70: =(I70*K70+J70*L70)*1000 -> 1173000
A71: 69 | B71: 41551 | C71: 41591 | D71: 黃瑞池 | F71: 49+20 | G71: 20+20 | H71: 簡淑惠 | I71: 49 | J71: 20 | K71: 20 | L71: 20 | M71: =(I71*K71+J71*L71)*1000 -> 1380000
A72: 70 | B72: 41565 | C72: 41568 | D72: 楊宜學 | E72: 376 | F72: 49+20 | G72: 2+2 | H72: 台積固態照明 | I72: 49 | J72: 20 | K72: 2 | L72: 2 | M72: =(I72*K72+J72*L72)*1000 -> 138000
A73: 71 | B73: 41549 | C73: 41578 | D73: 林麗貞 | F73: 49+20 | G73: 3+3 | H73: 簡淑惠 | I73: 49 | J73: 20 | K73: 3 | L73: 3 | M73: =(I73*K73+J73*L73)*1000 -> 207000
A74: 72 | B74: 41569 | C74: 41569 | D74: 黃重嶧 | F74: 49+20 | G74: 2+2 | H74: 林香孟 | I74: 49 | J74: 20 | K74: 2 | L74: 2 | M74: =(I74*K74+J74*L74)*1000 -> 138000
A75: 73 | B75: 41569 | C75: 41592 | D75: 王騰毅 | F75: 49+20 | G75: 5+5 | H75: 簡淑惠 | I75: 49 | J75: 20 | K75: 5 | L75: 5 | M75: =(I75*K75+J75*L75)*1000 -> 345000
A76: 74 | B76: 41570 | C76: 41571 | D76: 張南城 | E76: 374 | F76: 49+20 | G76: 1+1 | H76: 簡淑惠 | I76: 49 | J76: 20 | K76: 1 | L76: 1 | M76: =(I76*K76+J76*L76)*1000 -> 69000
A77: 75 | B77: 41569 | C77: 41582 | D77: 王肇基 | F77: 49+20 | G77: 3+3 | H77: 簡淑惠 | I77: 49 | J77: 20 | K77: 3 | L77: 3 | M77: =(I77*K77+J77*L77)*1000 -> 207000
A78: 76 | B78: 41569 | C78: 41582 | D78: 藍素萍 | F78: 49+20 | G78: 3+3 | H78: 簡淑惠 | I78: 49 | J78: 20 | K78: 3 | L78: 3 | M78: =(I78*K78+J78*L78)*1000 -> 207000
A79: 77 | B79: 41570 | C79: 41577 | D79: 陳姿樺 | F79: 49+20 | G79: 1+1 | H79: 陳乃維 | I79: 49 | J79: 20 | K79: 1 | L79: 1 | M79: =(I79*K79+J79*L79)*1000 -> 69000
A80: 78 | B80: 41570 | C80: 41577 | D80: 陳姿妤 | F80: 49+20 | G80: 1+1 | H80: 陳乃維 | I80: 49 | J80: 20 | K80: 1 | L80: 1 | M80: =(I80*K80+J80*L80)*1000 -> 69000
A81: 79 | B81: 41569 | C81: 41579 | D81: 許清泉 | F81: 49+20 | G81: 1+1 | H81: 陳乃維 | I81: 49 | J81: 20 | K81: 1 | L81: 1 | M81: =(I81*K81+J81*L81)*1000 -> 69000
A82: 80 | B82: 41569 | C82: 41571 | D82: 鄭力華 | F82: 49+20 | G82: 2+2 | H82: 黃碧真 | I82: 49 | J82: 20 | K82: 2 | L82: 2 | M82: =(I82*K82+J82*L82)*1000 -> 138000
A83: 81 | B83: 41568 | C83: 41576 | D83: 鄧曉燕 | F83: 49+20 | G83: 3+3 | H83: 簡淑惠 | I83: 49 | J83: 20 | K83: 3 | L83: 3 | M83: =(I83*K83+J83*L83)*1000 -> 207000
A84: 82 | B84: 41569 | C84: 41592 | D84: 歐桂蘭 | F84: 49+20 | G84: 5+5 | H84: 簡淑惠 | I84: 49 | J84: 20 | K84: 5 | L84: 5 | M84: =(I84*K84+J84*L84)*1000 -> 345000
A85: 83 | B85: 41576 | C85: 41590 | D85: 周志霖 | F85: 49+20 | G85: 2+2 | H85: 王億芯 | I85: 49 | J85: 20 | K85: 2 | L85: 2 | M85: =(I85*K85+J85*L85)*1000 -> 138000
A86: 84 | B86: 41576 | C86: 41584 | D86: 顏君諱 | F86: 49+20 | G86: 1+1 | H86: 王億芯 | I86: 49 | J86: 20 | K86: 1 | L86: 1 | M86: =(I86*K86+J86*L86)*1000 -> 69000
A87: 85 | B87: 41576 | C87: 41577 | D87: 陳宜暄 | F87: 49+20 | G87: 4+4 | H87: 陳乃維 | I87: 49 | J87: 20 | K87: 4 | L87: 4 | M87: =(I87*K87+J87*L87)*1000 -> 276000
A88: 86 | B88: 41576 | C88: 41592 | D88: 歐宗憲 | F88: 49+20 | G88: 1+1 | H88: 陳乃維 | I88: 49 | J88: 20 | K88: 1 | L88: 1 | M88: =(I88*K88+J88*L88)*1000 -> 69000
... A92: 90 | B92: 41578 | C92: 41591 | D92: 吳政勳 | F92: 49+20 | G92: 2+2 | H92: 王億芯 | I92: 49 | J92: 20 | K92: 2 | L92: 2 | M92: =(I92*K92+J92*L92)*1000 -> 138000
A93: 91 | B93: 41578 | C93: 41579 | D93: 羅保禹 | F93: 20 | G93: 1 | H93: 鄭伊廷 | I93: 20 | K93: 1 | M93: =(I93*K93+J93*L93)*1000 -> 20000
A94: 92 | B94: 41568 | C94: 41579 | D94: 陳立原 | E94: 398 | F94: 49+20 | G94: 3+3 | H94: 黃碧真 | I94: 49 | J94: 20 | K94: 3 | L94: 3 | M94: =(I94*K94+J94*L94)*1000 -> 207000
A95: 93 | B95: 41576 | C95: 41579 | D95: 曾昭崇 | F95: 49+20 | G95: 1+1 | H95: 鄭伊廷 | I95: 49 | J95: 20 | K95: 1 | L95: 1 | M95: =(I95*K95+J95*L95)*1000 -> 69000
A96: 94 | B96: 41578 | C96: 41582 | D96: 黃坤龍 | F96: 49+20 | G96: 25+25 | H96: 林香孟 | I96: 49 | J96: 20 | K96: 25 | L96: 25 | M96: =(I96*K96+J96*L96)*1000 -> 1725000
A97: 95 | B97: 41578 | C97: 41582 | D97: 馮濬明 | F97: 49+20 | G97: 6+6 | H97: 王億芯 | I97: 49 | J97: 20 | K97: 6 | L97: 6 | M97: =(I97*K97+J97*L97)*1000 -> 414000
A98: 96 | B98: 41579 | C98: 41591 | D98: 吳美花 | F98: 49+20 | G98: 2+2 | H98: 王億芯 | I98: 49 | J98: 20 | K98: 2 | L98: 2 | M98: =(I98*K98+J98*L98)*1000 -> 138000
A99: 97 | B99: 41582 | C99: 41582 | D99: 羅章凱 | F99: 49+20 | G99: 1+1 | H99: 簡淑惠 | I99: 49 | J99: 20 | K99: 1 | L99: 1 | M99: =(I99*K99+J99*L99)*1000 -> 69000
A100: 98 | B100: 41582 | C100: 41583 | D100: 許博聞 | F100: 49+20 | G100: 1+1 | H100: 陳乃維 | I100: 49 | J100: 20 | K100: 1 | L100: 1 | M100: =(I100*K100+J100*L100)*1000 -> 69000
A101: 99 | B101: 41582 | C101: 41591 | D101: 李曉婷 | F101: 49+20 | G101: 10+10 | H101: 王億芯 | I101: 49 | J101: 20 | K101: 10 | L101: 10 | M101: =(I101*K101+J101*L101)*1000 -> 690000
A102: 100 | B102: 41583 | C102: 41590 | D102: 陳正珍 | F102: 49+20 | G102: 2+2 | H102: 簡淑惠 | I102: 49 | J102: 20 | K102: 2 | L102: 2 | M102: =(I102*K102+J102*L102)*1000 -> 138000
A103: 101 | B103: 41584 | C103: 41584 | D103: 嚴炳崑 | F103: 49+20 | G103: 3+3 | H103: 簡淑惠 | I103: 49 | J103: 20 | K103: 3 | L103: 3 | M103: =(I103*K103+J103*L103)*1000 -> 207000
...

Sheet 附表五之一台固
A1: 附表五之一、被告於103年1月1日以後販售「台積固態公司」股票金額彙總表
A2: 編號 | B2: 完款日期 | C2: 退單日期 | D2: 姓名 | E2: 買價 | F2: 均價 | G2: 張數 | H2: 總張數 | I2: 金額 | J2: 名稱 | K2: 理專 | L2: 卷證出處（註）
A3: 1 | B3: 2014/1/8 | D3: 林採盆 | E3: 50+28 | F3: 39 | G3: 3+3 | H3: 6 | I3: =F3*H3*1000 -> 234000 | J3: 台固 | K3: 黃碧真 | L3: 107.05.18刑事準備二狀卷六（本院卷八）P145
A4: 2 | B4: 2014/1/9 | D4: 林慰信 | E4: 50+28 | F4: 39 | G4: 3+3 | H4: 6 | I4: =F4*H4*1000 -> 234000 | J4: 台固 | K4: 黃碧真 | L4: 107.05.18刑事準備二狀卷六（本院卷八）P145
A5: 3 | B5: 2014/1/17 | D5: 裘守朋 | E5: 50+28 | F5: 39 | G5: 1+1 | H5: 2 | I5: =F5*H5*1000 -> 78000 | J5: 台固 | K5: 黃碧真 | L5: 107.05.18刑事準備二狀卷六（本院卷八）P145
A6: 4 | B6: 2014/1/23 | D6: 黃建智 | E6: 50+28 | F6: 39 | G6: 1+1 | H6: 2 | I6: =F6*H6*1000 -> 78000 | J6: 台固 | K6: 黃碧真 | L6: 107.05.18刑事準備二狀卷六（本院卷八）P145
A7: 5 | B7: 2014/2/7 | D7: 洪堯日 | E7: 50+28 | F7: 39 | G7: 15+15 | H7: 30 | I7: =F7*H7*1000 -> 1170000 | J7: 台固 | K7: 黃碧真 | L7: 107.05.18刑事準備二狀卷六（本院卷八）P145
A8: 6 | B8: 2014/2/7 | D8: 廖志茂 | E8: 50+28 | F8: 39 | G8: 15+15 | H8: 30 | I8: =F8*H8*1000 -> 1170000 | J8: 台固 | K8: 黃碧真 | L8: 107.05.18刑事準備二狀卷六（本院卷八）P145
A9: 7 | B9: 2014/2/11 | D9: 林佩伶 | E9: 50+28 | F9: 39 | G9: 4+4 | H9: 8 | I9: =F9*H9*1000 -> 312000 | J9: 台固 | K9: 黃碧真 | L9: 107.05.18刑事準備二狀卷六（本院卷八）P145
A10: 8 | B10: 2014/2/13 | D10: 沈游春美 | E10: 50+28 | F10: 39 | G10: 1+1 | H10: 2 | I10: =F10*H10*1000 -> 78000 | J10: 台固 | K10: 黃碧真 | L10: 107.05.18刑事準備二狀卷六（本院卷八）P145
A11: 9 | B11: 2014/2/18 | D11: 潘欽惠 | E11: 50+28 | F11: 39 | G11: 3+3 | H11: 6 | I11: =F11*H11*1000 -> 234000 | J11: 台固 | K11: 黃碧真 | L11: 107.05.18刑事準備二狀卷六（本院卷八）P145
A12: 10 | B12: 2014/2/25 | C12: 2014/4/8 | D12: 王政佳 | E12: 50+28 | F12: 39 | G12: 5+5 | H12: 10 | I12: =F12*H12*1000 -> 390000 | J12: 台固 | K12: 黃碧真 | L12: 107.05.18刑事準備二狀卷六（本院卷八）P145
A13: 11 | B13: 2014/3/3 | D13: 徐瑋志 | E13: 50+28 | F13: 39 | G13: 1+1 | H13: 2 | I13: =F13*H13*1000 -> 78000 | J13: 台固 | K13: 黃碧真 | L13: 107.05.18刑事準備二狀卷六（本院卷八）P145
A14: 12 | B14: 2014/3/3 | D14: 曾怡箐 | E14: 50+28 | F14: 39 | G14: 1+1 | H14: 2 | I14: =F14*H14*1000 -> 78000 | J14: 台固 | K14: 黃碧真 | L14: 107.05.18刑事準備二狀卷六（本院卷八）P145
A15: 13 | B15: 2014/3/7 | D15: 陳玟羽 | E15: 50+28 | F15: 39 | G15: 5+5 | H15: 10 | I15: =F15*H15*1000 -> 390000 | J15: 台固 | K15: 黃碧真 | L15: 107.05.18刑事準備二狀卷六（本院卷八）P145
A16: 14 | B16: 2014/3/12 | D16: 陳力萁 | E16: 50+28 | F16: 39 | G16: 10+10 | H16: 20 | I16: =F16*H16*1000 -> 780000 | J16: 台固 | K16: 黃碧真 | L16: 107.05.18刑事準備二狀卷六（本院卷八）P145
A17: 15 | B17: 2014/3/14 | D17: 黃張麗惠 | E17: 50+28 | F17: 39 | G17: 2+2 | H17: 4 | I17: =F17*H17*1000 -> 156000 | J17: 台固 | K17: 黃碧真 | L17: 107.05.18刑事準備二狀卷六（本院卷八）P145
A18: 16 | B18: 2014/3/25 | D18: 陳文哲 | E18: 50+28 | F18: 39 | G18: 5+5 | H18: 10 | I18: =F18*H18*1000 -> 390000 | J18: 台固 | K18: 黃碧真 | L18: 107.05.18刑事準備二狀卷六（本院卷八）P145
A19: 17 | B19: 2014/3/28 | D19: 石琬緞 | E19: 50+28 | F19: 39 | G19: 20+20 | H19: 40 | I19: =F19*H19*1000 -> 1560000 | J19: 台固 | K19: 黃碧真 | L19: 107.05.18刑事準備二狀卷六（本院卷八）P145
A20: 18 | B20: 2014/3/28 | D20: 楊寶雲 | E20: 50+28 | F20: 39 | G20: 5+5 | H20: 10 | I20: =F20*H20*1000 -> 390000 | J20: 台固 | K20: 黃碧真 | L20: 107.05.18刑事準備二狀卷六（本院卷八）P145
A21: 19 | B21: 2014/3/31 | C21: 2015/1/16 | D21: 陳秋樺 | E21: 50+28 | F21: 39 | G21: 1+1 | H21: 2 | I21: =F21*H21*1000 -> 78000 | J21: 台固 | K21: 黃碧真 | L21: 107.05.18刑事準備二狀卷六（本院卷八）P145
A22: 20 | B22: 2014/4/10 | D22: 廖信寬 | E22: 50+28 | F22: 39 | G22: 2+2 | H22: 4 | I22: =F22*H22*1000 -> 156000 | J22: 台固 | K22: 黃碧真 | L22: 107.05.18刑事準備二狀卷六（本院卷八）P145
A23: 21 | B23: 2014/4/15 | D23: 周美女 | E23: 50+28 | F23: 39 | G23: 2+2 | H23: 4 | I23: =F23*H23*1000 -> 156000 | J23: 台固 | K23: 黃碧真 | L23: 107.05.18刑事準備二狀卷六（本院卷八）P145
A24: 22 | B24: 2014/4/17 | D24: 陳美玉 | E24: 50+28 | F24: 39 | G24: 8+8 | H24: 16 | I24: =F24*H24*1000 -> 624000 | J24: 台固 | K24: 黃碧真 | L24: 107.05.18刑事準備二狀卷六（本院卷八）P145
A25: 23 | B25: 2014/4/21 | D25: 林文仁 | E25: 50+28 | F25: 39 | G25: 1+1 | H25: 2 | I25: =F25*H25*1000 -> 78000 | J25: 台固 | K25: 黃碧真 | L25: 107.05.18刑事準備二狀卷六（本院卷八）P145
A26: 24 | B26: 2014/4/28 | D26: 周玉娟 | E26: 50+28 | F26: 39 | G26: 3+3 | H26: 6 | I26: =F26*H26*1000 -> 234000 | J26: 台固 | K26: 黃碧真 | L26: 107.05.18刑事準備二狀卷六（本院卷八）P145
A27: 25 | B27: 2014/4/30 | D27: 周玉娟 | E27: 50+28 | F27: 39 | G27: 1+1 | H27: 2 | I27: =F27*H27*1000 -> 78000 | J27: 台固 | K27: 黃碧真 | L27: 107.05.18刑事準備二狀卷六（本院卷八）P145
A28: 26 | B28: 2014/5/2 | D28: 陳伯銓 | E28: 50+28 | F28: 39 | G28: 3+3 | H28: 6 | I28: =F28*H28*1000 -> 234000 | J28: 台固 | K28: 黃碧真 | L28: 107.05.18刑事準備二狀卷六（本院卷八）P145
A29: 27 | B29: 2014/5/20 | D29: 江源福 | E29: 50+28 | F29: 39 | G29: 3+3 | H29: 6 | I29: =F29*H29*1000 -> 234000 | J29: 台固 | K29: 黃碧真 | L29: 107.05.18刑事準備二狀卷六（本院卷八）P145
A30: 28 | B30: 2014/5/20 | D30: 陳鯨棉 | E30: 50+28 | F30: 39 | G30: 1+1 | H30: 2 | I30: =F30*H30*1000 -> 78000 | J30: 台固 | K30: 黃碧真 | L30: 107.05.18刑事準備二狀卷六（本院卷八）P145
A31: 29 | B31: 2014/5/20 | D31: 劉玉惠 | E31: 50+28 | F31: 39 | G31: 1+1 | H31: 2 | I31: =F31*H31*1000 -> 78000 | J31: 台固 | K31: 黃碧真 | L31: 107.05.18刑事準備二狀卷六（本院卷八）P145
A32: 30 | B32: 2014/5/21 | D32: 王柔蘋 | E32: 50+28 | F32: 39 | G32: 1+1 | H32: 2 | I32: =F32*H32*1000 -> 78000 | J32: 台固 | K32: 黃碧真 | L32: 107.05.18刑事準備二狀卷六（本院卷八）P145
A33: 31 | B33: 2014/5/22 | D33: 謝德星 | E33: 50+28 | F33: 39 | G33: 5+5 | H33: 10 | I33: =F33*H33*1000 -> 390000 | J33: 台固 | K33: 黃碧真 | L33: 107.05.18刑事準備二狀卷六（本院卷八）P145
... A66: 64 | B66: 2014/1/9 | D66: 陳桂玲 | E66: 50+28 | F66: 39 | G66: 11+11 | H66: 22 | I66: =F66*H66*1000 -> 858000 | J66: 台固 | K66: 林香孟 | L66: 107.05.18刑事準備二狀卷四（本院卷六）P445
A67: 65 | B67: 41649 | D67: 郭士銘 | E67: 50+28 | F67: 39 | G67: 5+5 | H67: 10 | I67: =F67*H67*1000 -> 390000 | J67: 台固 | K67: 林香孟 | L67: 107.05.18刑事準備二狀卷四（本院卷六）P445
A68: 66 | B68: 2014/1/15 | D68: 林宜樺 | E68: 50+28 | F68: 39 | G68: 5+5 | H68: 10 | I68: =F68*H68*1000 -> 390000 | J68: 台固 | K68: 林香孟 | L68: 107.05.18刑事準備二狀卷四（本院卷六）P445
A69: 67 | B69: 2014/1/21 | D69: 沐美珍 | E69: 50+28 | F69: 39 | G69: 28+28 | H69: 56 | I69: =F69*H69*1000 -> 2184000 | J69: 台固 | K69: 林香孟 | L69: 107.05.18刑事準備二狀卷四（本院卷六）P445
A70: 68 | B70: 2014/2/6 | D70: 陳妙英 | E70: 50+28 | F70: 39 | G70: 4+4 | H70: 8 | I70: =F70*H70*1000 -> 312000 | J70: 台固 | K70: 林香孟 | L70: 107.05.18刑事準備二狀卷四（本院卷六）P445
A71: 69 | B71: 2014/2/7 | D71: 何芊芊 | E71: 50+28 | F71: 39 | G71: 5+5 | H71: 10 | I71: =F71*H71*1000 -> 390000 | J71: 台固 | K71: 林香孟 | L71: 107.05.18刑事準備二狀卷四（本院卷六）P445
A72: 70 | B72: 2014/2/10 | D72: 李盛華 | E72: 50+28 | F72: 39 | G72: 5+5 | H72: 10 | I72: =F72*H72*1000 -> 390000 | J72: 台固 | K72: 林香孟 | L72: 107.05.18刑事準備二狀卷四（本院卷六）P445
A73: 71 | B73: 2014/2/13 | C73: 2014/2/18 | D73: 林怡伶 | E73: 50+28 | F73: 39 | G73: 1+1 | H73: 2 | I73: =F73*H73*1000 -> 78000 | J73: 台固 | K73: 林香孟 | L73: 107.05.18刑事準備二狀卷四（本院卷六）P445
A74: 72 | B74: 2014/2/13 | D74: 林柔忻 | E74: 50+28 | F74: 39 | G74: 3+3 | H74: 6 | I74: =F74*H74*1000 -> 234000 | J74: 台固 | K74: 林香孟 | L74: 107.05.18刑事準備二狀卷四（本院卷六）P445
A75: 73 | B75: 2014/2/14 | D75: 郭士銘 | E75: 50+28 | F75: 39 | G75: 5+5 | H75: 10 | I75: =F75*H75*1000 -> 390000 | J75: 台固 | K75: 林香孟 | L75: 107.05.18刑事準備二狀卷四（本院卷六）P445
A76: 74 | B76: 2014/2/14 | D76: 呂和政 | E76: 50+28 | F76: 39 | G76: 5+5 | H76: 10 | I76: =F76*H76*1000 -> 390000 | J76: 台固 | K76: 林香孟 | L76: 107.05.18刑事準備二狀卷四（本院卷六）P445
A77: 75 | B77: 41691 | D77: 史結雄 | E77: 50+28 | F77: 39 | G77: 5+5 | H77: 10 | I77: =F77*H77*1000 -> 390000 | J77: 台固 | K77: 林香孟 | L77: 107.05.18刑事準備二狀卷四（本院卷六）P445
A78: 76 | B78: 2014/2/27 | D78: 林正鋒 | E78: 50+28 | F78: 39 | G78: 25+25 | H78: 50 | I78: =F78*H78*1000 -> 1950000 | J78: 台固 | K78: 林香孟 | L78: 107.05.18刑事準備二狀卷四（本院卷六）P445
A79: 77 | B79: 2014/2/27 | D79: 吳詩榆 | E79: 50+28 | F79: 39 | G79: 1+1 | H79: 2 | I79: =F79*H79*1000 -> 78000 | J79: 台固 | K79: 林香孟 | L79: 107.05.18刑事準備二狀卷四（本院卷六）P445
A80: 78 | B80: 2014/3/5 | D80: 陳宥邑 | E80: 50+28 | F80: 39 | G80: 5+5 | H80: 10 | I80: =F80*H80*1000 -> 390000 | J80: 台固 | K80: 林香孟 | L80: 107.05.18刑事準備二狀卷四（本院卷六）P445
A81: 79 | B81: 2014/3/7 | D81: 張佳惠 | E81: 50+28 | F81: 39 | G81: 1+1 | H81: 2 | I81: =F81*H81*1000 -> 78000 | J81: 台固 | K81: 林香孟 | L81: 107.05.18刑事準備二狀卷四（本院卷六）P445
A82: 80 | B82: 41705 | D82: 何芊芊 | E82: 50+28 | F82: 39 | G82: 3+3 | H82: 6 | I82: =F82*H82*1000 -> 234000 | J82: 台固 | K82: 林香孟 | L82: 107.05.18刑事準備二狀卷四（本院卷六）P445
A83: 81 | B83: 41711 | D83: 林志隆 | E83: 50+28 | F83: 39 | G83: 1+1 | H83: 2 | I83: =F83*H83*1000 -> 78000 | J83: 台固 | K83: 林香孟 | L83: 107.05.18刑事準備二狀卷四（本院卷六）P445
A84: 82 | B84: 2014/3/13 | D84: 林志隆 | E84: 50+28 | F84: 39 | G84: 2+2 | H84: 4 | I84: =F84*H84*1000 -> 156000 | J84: 台固 | K84: 林香孟 | L84: 107.05.18刑事準備二狀卷四（本院卷六）P445
A85: 83 | B85: 2014/3/14 | D85: 陳賢明 | E85: 50+28 | F85: 39 | G85: 7+7 | H85: 14 | I85: =F85*H85*1000 -> 546000 | J85: 台固 | K85: 林香孟 | L85: 107.05.18刑事準備二狀卷四（本院卷六）P445
A86: 84 | B86: 2014/3/17 | D86: 詹月英 | E86: 50+28 | F86: 39 | G86: 10+10 | H86: 20 | I86: =F86*H86*1000 -> 780000 | J86: 台固 | K86: 林香孟 | L86: 107.05.18刑事準備二狀卷四（本院卷六）P445
A87: 85 | B87: 2014/3/17 | D87: 汪碧璉 | E87: 50+28 | F87: 39 | G87: 40+40 | H87: 80 | I87: =F87*H87*1000 -> 3120000 | J87: 台固 | K87: 林香孟 | L87: 107.05.18刑事準備二狀卷四（本院卷六）P445
A88: 86 | B88: 2014/3/18 | D88: 蔡瑞媛 | E88: 50+28 | F88: 39 | G88: 1+1 | H88: 2 | I88: =F88*H88*1000 -> 78000 | J88: 台固 | K88: 林香孟 | L88: 107.05.18刑事準備二狀卷四（本院卷六）P445
A89: 87 | B89: 2014/3/19 | D89: 李昭勳 | E89: 50+28 | F89: 39 | G89: 5+5 | H89: 10 | I89: =F89*H89*1000 -> 390000 | J89: 台固 | K89: 林香孟 | L89: 107.05.18刑事準備二狀卷四（本院卷六）P445
A90: 88 | B90: 2014/3/27 | D90: 劉雲杏 | E90: 50+28 | F90: 39 | G90: 4+4 | H90: 8 | I90: =F90*H90*1000 -> 312000 | J90: 台固 | K90: 林香孟 | L90: 107.05.18刑事準備二狀卷四（本院卷六）P445
A91: 89 | B91: 2014/3/31 | D91: 廖秋平 | E91: 50+28 | F91: 39 | G91: 10+10 | H91: 20 | I91: =F91*H91*1000 -> 780000 | J91: 台固 | K91: 林香孟 | L91: 107.05.18刑事準備二狀卷四（本院卷六）P445
A92: 90 | B92: 2014/4/1 | D92: 張桂蘭 | E92: 50+28 | F92: 39 | G92: 8+8 | H92: 16 | I92: =F92*H92*1000 -> 624000 | J92: 台固 | K92: 林香孟 | L92: 107.05.18刑事準備二狀卷四（本院卷六）P445
A93: 91 | B93: 2014/4/1 | D93: 汪碧璉 | E93: 50+28 | F93: 39 | G93: 65+65 | H93: 130 | I93: =F93*H93*1000 -> 5070000 | J93: 台固 | K93: 林香孟 | L93: 107.05.18刑事準備二狀卷四（本院卷六）P445
A94: 92 | B94: 2014/4/2 | D94: 賴郁美 | E94: 50+28 | F94: 39 | G94: 8+8 | H94: 16 | I94: =F94*H94*1000 -> 624000 | J94: 台固 | K94: 林香孟 | L94: 107.05.18刑事準備二狀卷四（本院卷六）P445
A95: 93 | B95: 2014/4/7 | D95: 張嗣均 | E95: 50+28 | F95: 39 | G95: 1+1 | H95: 2 | I95: =F95*H95*1000 -> 78000 | J95: 台固 | K95: 林香孟 | L95: 107.05.18刑事準備二狀卷四（本院卷六）P445
... A130: 128 | B130: 2014/10/21 | D130: 陳婉茹 | E130: 50+28 | F130: 39 | G130: 8+8 | H130: 16 | I130: =F130*H130*1000 -> 624000 | J130: 台固 | K130: 林香孟 | L130: 107.05.18刑事準備二狀卷四（本院卷六）P447
A131: 129 | B131: 41963 | D131: 揚文菁 | E131: 50+28 | F131: 39 | G131: 4+4 | H131: 8 | I131: =F131*H131*1000 -> 312000 | J131: 台固 | K131: 林香孟 | L131: 107.05.18刑事準備二狀卷四（本院卷六）P447
A132: 130 | B132: 2014/11/25 | D132: 江孟惠 | E132: 50+28 | F132: 39 | G132: 35+35 | H132: 70 | I132: =F132*H132*1000 -> 2730000 | J132: 台固 | K132: 林香孟 | L132: 107.05.18刑事準備二狀卷四（本院卷六）P447
A133: 131 | B133: 2014/11/28 | D133: 陳銘凱 | E133: 50+28 | F133: 39 | G133: 1+1 | H133: 2 | I133: =F133*H133*1000 -> 78000 | J133: 台固 | K133: 林香孟 | L133: 107.05.18刑事準備二狀卷四（本院卷六）P447
A134: 132 | B134: 2014/11/28 | D134: 陳則亨 | E134: 50+28 | F134: 39 | G134: 1+1 | H134: 2 | I134: =F134*H134*1000 -> 78000 | J134: 台固 | K134: 林香孟 | L134: 107.05.18刑事準備二狀卷四（本院卷六）P447
A135: 133 | B135: 2014/12/12 | D135: 林鴻興 | E135: 50+28 | F135: 39 | G135: 2+2 | H135: 4 | I135: =F135*H135*1000 -> 156000 | J135: 台固 | K135: 林香孟 | L135: 107.05.18刑事準備二狀卷四（本院卷六）P447
A136: 134 | B136: 2014/12/23 | D136: 吳宗龍 | E136: 50+28 | F136: 39 | G136: 5+5 | H136: 10 | I136: =F136*H136*1000 -> 390000 | J136: 台固 | K136: 林香孟 | L136: 107.05.18刑事準備二狀卷四（本院卷六）P447
A137: 135 | B137: 2014/12/25 | D137: 林鴻興 | E137: 50+28 | F137: 39 | G137: 1+1 | H137: 2 | I137: =F137*H137*1000 -> 78000 | J137: 台固. | K137: 林香孟 | L137: 107.05.18刑事準備二狀卷四（本院卷六）P447
A138: 136 | B138: 2014/12/31 | D138: 常品淳 | E138: 50+28 | F138: 39 | G138: 5+5 | H138: 10 | I138: =F138*H138*1000 -> 390000 | J138: 台固 | K138: 林香孟 | L138: 107.05.18刑事準備二狀卷四（本院卷六）P447
A139: 137 | B139: 2014/12/31 | D139: 盤欣芸 | E139: 50+28 | F139: 39 | G139: 1+1 | H139: 2 | I139: =F139*H139*1000 -> 78000 | J139: 台固 | K139: 林香孟 | L139: 107.05.18刑事準備二狀卷四（本院卷六）P447
A140: 138 | B140: 2014/12/31 | D140: 吳宗憲 | E140: 50+28 | F140: 39 | G140: 1+1 | H140: 2 | I140: =F140*H140*1000 -> 78000 | J140: 台固 | K140: 林香孟 | L140: 107.05.18刑事準備二狀卷四（本院卷六）P447
A141: 139 | B141: 2014/1/3 | D141: 劉韓儀 | E141: 50+28 | F141: 39 | G141: 4+4 | H141: 8 | I141: =F141*H141*1000 -> 312000 | J141: 台固 | K141: 簡淑惠 | L141: 107.05.18刑事準備二狀卷二（本院卷四）P301
A142: 140 | B142: 2014/1/7 | D142: 嚴炳崑 | E142: 50+28 | F142: 39 | G142: 2+2 | H142: 4 | I142: =F142*H142*1000 -> 156000 | J142: 台固 | K142: 簡淑惠 | L142: 107.05.18刑事準備二狀卷二（本院卷四）P301
A143: 141 | B143: 2014/1/8 | D143: 林建明 | E143: 50+28 | F143: 39 | G143: 4+4 | H143: 8 | I143: =F143*H143*1000 -> 312000 | J143: 台固 | K143: 簡淑惠 | L143: 107.05.18刑事準備二狀卷二（本院卷四）P301
... A148: 146 | B148: 2014/1/10 | D148: 杜芳薇 | E148: 50+28 | F148: 39 | G148: 2+2 | H148: 4 | I148: =F148*H148*1000 -> 156000 | J148: 台固 | K148: 簡淑惠 | L148: 107.05.18刑事準備二狀卷二（本院卷四）P301
A149: 147 | B149: 41683 | D149: 黃彥儒 | E149: 50+28 | F149: 39 | G149: 3+3 | H149: 6 | I149: =F149*H149*1000 -> 234000 | J149: 台固 | K149: 簡淑惠 | L149: 107.05.18刑事準備二狀卷二（本院卷四）P301
A150: 148 | B150: 2014/2/13 | D150: 傅群憶 | E150: 50+28 | F150: 39 | G150: 3+3 | H150: 6 | I150: =F150*H150*1000 -> 234000 | J150: 台固 | K150: 簡淑惠 | L150: 107.05.18刑事準備二狀卷二（本院卷四）P301
A151: 149 | B151: 2014/2/13 | D151: 陳震國 | E151: 50+28 | F151: 39 | G151: 27+27 | H151: 54 | I151: =F151*H151*1000 -> 2106000 | J151: 台固 | K151: 簡淑惠 | L151: 107.05.18刑事準備二狀卷二（本院卷四）P301
A152: 150 | B152: 2014/2/13 | D152: 吳佳燕 | E152: 50+28 | F152: 39 | G152: 10+10 | H152: 20 | I152: =F152*H152*1000 -> 780000 | J152: 台固 | K152: 簡淑惠 | L152: 107.05.18刑事準備二狀卷二（本院卷四）P301
A153: 151 | B153: 2014/2/18 | C153: 2014/2/18 | D153: 林文鈐 | E153: 50+28 | F153: 39 | G153: 5+5 | H153: 10 | I153: =F153*H153*1000 -> 390000 | J153: 台固 | K153: 簡淑惠 | L153: 107.05.18刑事準備二狀卷二（本院卷四）P301
A154: 152 | B154: 2014/2/21 | D154: 余淑壤 | E154: 50+28 | F154: 39 | G154: 15+15 | H154: 30 | I154: =F154*H154*1000 -> 1170000 | J154: 台固 | K154: 簡淑惠 | L154: 107.05.18刑事準備二狀卷二（本院卷四）P301
A155: 153 | B155: 2014/2/21 | D155: 王秀枝 | E155: 50+28 | F155: 39 | G155: 2+2 | H155: 4 | I155: =F155*H155*1000 -> 156000 | J155: 台固 | K155: 簡淑惠 | L155: 107.05.18刑事準備二狀卷二（本院卷四）P301
A156: 154 | B156: 2014/3/3 | D156: 蔡秀美 | E156: 50+28 | F156: 39 | G156: 5+5 | H156: 10 | I156: =F156*H156*1000 -> 390000 | J156: 台固 | K156: 簡淑惠 | L156: 107.05.18刑事準備二狀卷二（本院卷四）P301
A157: 155 | B157: 2014/3/6 | D157: 陳綉品 | E157: 50+28 | F157: 39 | G157: 5+5 | H157: 10 | I157: =F157*H157*1000 -> 390000 | J157: 台固 | K157: 簡淑惠 | L157: 107.05.18刑事準備二狀卷二（本院卷四）P301
A158: 156 | B158: 2014/3/12 | D158: 林岱萱 | E158: 50+28 | F158: 39 | G158: 5+5 | H158: 10 | I158: =F158*H158*1000 -> 390000 | J158: 台固 | K158: 簡淑惠 | L158: 107.05.18刑事準備二狀卷二（本院卷四）P301
A159: 157 | B159: 2014/3/13 | D159: 揚垂山 | E159: 50+28 | F159: 39 | G159: 50+50 | H159: 100 | I159: =F159*H159*1000 -> 3900000 | J159: 台固 | K159: 簡淑惠 | L159: 107.05.18刑事準備二狀卷二（本院卷四）P301
A160: 158 | B160: 2014/3/14 | D160: 王琳貴 | E160: 50+28 | F160: 39 | G160: 2+2 | H160: 4 | I160: =F160*H160*1000 -> 156000 | J160: 台固 | K160: 簡淑惠 | L160: 107.05.18刑事準備二狀卷二（本院卷四）P301
A161: 159 | B161: 41718 | D161: 卓美真 | E161: 50+28 | F161: 39 | G161: 1+1 | H161: 2 | I161: =F161*H161*1000 -> 78000 | J161: 台固 | K161: 簡淑惠 | L161: 107.05.18刑事準備二狀卷二（本院卷四）P301
A162: 160 | B162: 2014/3/27 | D162: 盧钰云 | E162: 50+28 | F162: 39 | G162: 2+2 | H162: 4 | I162: =F162*H162*1000 -> 156000 | J162: 台固 | K162: 簡淑惠 | L162: 107.05.18刑事準備二狀卷二（本院卷四）P301
A163: 161 | B163: 2014/4/2 | D163: 卓世文 | E163: 50+28 | F163: 39 | G163: 5+5 | H163: 10 | I163: =F163*H163*1000 -> 390000 | J163: 台固 | K163: 簡淑惠 | L163: 107.05.18刑事準備二狀卷二（本院卷四）P301
A164: 162 | B164: 2014/4/7 | D164: 周哲禎 | E164: 50+28 | F164: 39 | G164: 1+1 | H164: 2 | I164: =F164*H164*1000 -> 78000 | J164: 台固 | K164: 簡淑惠 | L164: 107.05.18刑事準備二狀卷二（本院卷四）P301
A165: 163 | B165: 2014/4/16 | D165: 郭世政 | E165: 50+28 | F165: 39 | G165: 3+3 | H165: 6 | I165: =F165*H165*1000 -> 234000 | J165: 台固 | K165: 簡淑惠 | L165: 107.05.18刑事準備二狀卷二（本院卷四）P301
A166: 164 | B166: 2014/4/17 | D166: 陳雅琳 | E166: 50+28 | F166: 39 | G166: 1+1 | H166: 2 | I166: =F166*H166*1000 -> 78000 | J166: 台固 | K166: 簡淑惠 | L166: 107.05.18刑事準備二狀卷二（本院卷四）P301
A167: 165 | B167: 2014/4/17 | D167: 林麗珠 | E167: 50+28 | F167: 39 | G167: 1+1 | H167: 2 | I167: =F167*H167*1000 -> 78000 | J167: 台固 | K167: 簡淑惠 | L167: 107.05.18刑事準備二狀卷二（本院卷四）P301
A168: 166 | B168: 2014/4/21 | D168: 鄧金梅 | E168: 50+28 | F168: 39 | G168: 2+2 | H168: 4 | I168: =F168*H168*1000 -> 156000 | J168: 台固 | K168: 簡淑惠 | L168: 107.05.18刑事準備二狀卷二（本院卷四）P301
A169: 167 | B169: 2014/4/22 | D169: 吳佩真 | E169: 50+28 | F169: 39 | G169: 2+2 | H169: 4 | I169: =F169*H169*1000 -> 156000 | J169: 台固 | K169: 簡淑惠 | L169: 107.05.18刑事準備二狀卷二（本院卷四）P301
A170: 168 | B170: 2014/4/25 | D170: 莊孟峰 | E170: 50+28 | F170: 39 | G170: 5+5 | H170: 10 | I170: =F170*H170*1000 -> 390000 | J170: 台固 | K170: 簡淑惠 | L170: 107.05.18刑事準備二狀卷二（本院卷四）P301
...

Sheet 附表六太景
A1: 附表六、被告販售「太景公司」股票金額彙總表
A2: 編號 | B2: 完款日期 | C2: 姓名 | D2: 戶號 | E2: 買價 | F2: 張數 | G2: 理專 | H2: 張數 | J2: 換算後張數 | K2: 買價 | M2: 相加 | N2: 金額
A3: 1 | B3: 41211 | C3: 王騰毅 | D3: 773 | E3: 38+18 | F3: 4 | G3: 簡淑惠 | H3: 4 | J3: 2 | K3: 38 | L3: 18 | M3: =K3+L3 -> 56 | N3: =M3*J3*1000 -> 112000
A4: 2 | B4: 41194 | C4: 史玲瑋 | D4: 706 | E4: 38+18 | F4: 10 | G4: 簡淑惠 | H4: 10 | J4: 5 | K4: 38 | L4: 18 | M4: =K4+L4 -> 56 | N4: =M4*J4*1000 -> 280000
A5: 3 | B5: 41215 | C5: 吳文進 | D5: 849 | E5: 38+18 | F5: 20 | G5: 簡淑惠 | H5: 20 | J5: 10 | K5: 38 | L5: 18 | M5: =K5+L5 -> 56 | N5: =M5*J5*1000 -> 560000
A6: 4 | B6: 41191 | C6: 吳佳享 | D6: 703 | E6: 38+18 | F6: 2 | G6: 王億芯 | H6: 2 | J6: 1 | K6: 38 | L6: 18 | M6: =K6+L6 -> 56 | N6: =M6*J6*1000 -> 56000
A7: 5 | B7: 41212 | C7: 吳佩芬 | E7: 38+18 | F7: 10 | G7: 簡淑惠 | H7: 10 | J7: 5 | K7: 38 | L7: 18 | M7: =K7+L7 -> 56 | N7: =M7*J7*1000 -> 280000
A8: 6 | B8: 41199 | C8: 吳俊欣 | D8: 775 | E8: 38+18 | F8: 2 | G8: 陳乃維 | H8: 2 | J8: 1 | K8: 38 | L8: 18 | M8: =K8+L8 -> 56 | N8: =M8*J8*1000 -> 56000
A9: 7 | B9: 41193 | C9: 李心怡 | D9: 705 | E9: 38+18 | F9: 10 | G9: 王億芯 | H9: 10 | J9: 5 | K9: 38 | L9: 18 | M9: =K9+L9 -> 56 | N9: =M9*J9*1000 -> 280000
A10: 8 | B10: 41191 | C10: 李松泉 | D10: 728 | E10: 38+18 | F10: 8 | G10: 陳乃維 | H10: 8 | J10: 4 | K10: 38 | L10: 18 | M10: =K10+L10 -> 56 | N10: =M10*J10*1000 -> 224000
A11: 9 | B11: 41204 | C11: 李彥緯 | D11: 743 | E11: 38+18 | F11: 2 | G11: 陳乃維 | H11: 2 | J11: 1 | K11: 38 | L11: 18 | M11: =K11+L11 -> 56 | N11: =M11*J11*1000 -> 56000
A12: 10 | B12: 41166 | C12: 李思嫺 | D12: 606 | E12: 38+18 | F12: 10 | G12: 簡淑惠 | H12: 10 | J12: 5 | K12: 38 | L12: 18 | M12: =K12+L12 -> 56 | N12: =M12*J12*1000 -> 280000
A13: 11 | B13: 41207 | C13: 李國樑 | D13: 785 | E13: 38+18 | F13: 60 | G13: 簡淑惠 | H13: 60 | J13: 30 | K13: 38 | L13: 18 | M13: =K13+L13 -> 56 | N13: =M13*J13*1000 -> 1680000
A14: 12 | B14: 41218 | C14: 李曉婷 | D14: 848 | E14: 38+18 | F14: 20 | G14: 王億芯 | H14: 20 | J14: 10 | K14: 38 | L14: 18 | M14: =K14+L14 -> 56 | N14: =M14*J14*1000 -> 560000
A15: 13 | B15: 41185 | C15: 周志霖 | D15: 662 | E15: 38+18 | F15: 2 | G15: 王億芯 | H15: 2 | J15: 1 | K15: 38 | L15: 18 | M15: =K15+L15 -> 56 | N15: =M15*J15*1000 -> 56000
A16: 14 | B16: 41177 | C16: 周昌憲 | D16: 639 | E16: 38+18 | F16: 10 | G16: 王億芯 | H16: 10 | J16: 5 | K16: 38 | L16: 18 | M16: =K16+L16 -> 56 | N16: =M16*J16*1000 -> 280000
A17: 15 | B17: 41207 | C17: 孟慶豪 | D17: 778 | E17: 38+18 | F17: 4 | G17: 黃碧真 | H17: 4 | J17: 2 | K17: 38 | L17: 18 | M17: =K17+L17 -> 56 | N17: =M17*J17*1000 -> 112000
A18: 16 | B18: 41183 | C18: 林文仁 | D18: 645 | E18: 38+18 | F18: 2 | G18: 黃碧真 | H18: 2 | J18: 1 | K18: 38 | L18: 18 | M18: =K18+L18 -> 56 | N18: =M18*J18*1000 -> 56000
A19: 17 | B19: 41186 | C19: 林岱萱 | D19: 689 | E19: 38+18 | F19: 14 | G19: 簡淑惠 | H19: 14 | J19: 7 | K19: 38 | L19: 18 | M19: =K19+L19 -> 56 | N19: =M19*J19*1000 -> 392000
... A21: 19 | B21: 41199 | C21: 林慰信 | D21: 755 | E21: 38+18 | F21: 10 | G21: 黃碧真 | H21: 10 | J21: 5 | K21: 38 | L21: 18 | M21: =K21+L21 -> 56 | N21: =M21*J21*1000 -> 280000
A22: 20 | B22: 41194 | C22: 林澤青 | D22: 709 | E22: 38+18 | F22: 9+9 | G22: 簡淑惠 | H22: 9 | I22: 9 | J22: 9 | K22: 38 | L22: 18 | M22: =K22+L22 -> 56 | N22: =M22*J22*1000 -> 504000
A23: 21 | B23: 41215 | C23: 林麗貞 | D23: 791 | E23: 38+18 | F23: 50 | G23: 簡淑惠 | H23: 50 | J23: 25 | K23: 38 | L23: 18 | M23: =K23+L23 -> 56 | N23: =M23*J23*1000 -> 1400000
A24: 22 | B24: 41187 | C24: 姜佰權 | D24: 691 | E24: 38+18 | F24: 72 | G24: 陳乃維 | H24: 72 | J24: 36 | K24: 38 | L24: 18 | M24: =K24+L24 -> 56 | N24: =M24*J24*1000 -> 2016000
A25: 23 | B25: 41213 | C25: 沈政宏 | E25: 38+18 | F25: 12 | G25: 黃碧真 | H25: 12 | J25: 6 | K25: 38 | L25: 18 | M25: =K25+L25 -> 56 | N25: =M25*J25*1000 -> 336000
A26: 24 | B26: 41185 | C26: 施梅棋 | D26: 644 | E26: 38+18 | F26: 4 | G26: 王億芯 | H26: 4 | J26: 2 | K26: 38 | L26: 18 | M26: =K26+L26 -> 56 | N26: =M26*J26*1000 -> 112000
A27: 25 | B27: 41191 | C27: 洪紹華 | D27: 692 | E27: 38+18 | F27: 10 | G27: 王億芯 | H27: 10 | J27: 5 | K27: 38 | L27: 18 | M27: =K27+L27 -> 56 | N27: =M27*J27*1000 -> 280000
A28: 26 | B28: 41206 | C28: 洪堯日 | D28: 782 | E28: 38+18 | F28: 40 | G28: 黃碧真 | H28: 40 | J28: 20 | K28: 38 | L28: 18 | M28: =K28+L28 -> 56 | N28: =M28*J28*1000 -> 1120000
A29: 27 | B29: 41169 | C29: 孫禾穎 | D29: 607 | E29: 38+18 | F29: 20 | G29: 王億芯 | H29: 20 | J29: 10 | K29: 38 | L29: 18 | M29: =K29+L29 -> 56 | N29: =M29*J29*1000 -> 560000
A30: 28 | B30: 41204 | C30: 孫禾穎 | D30: 607 | E30: 38+18 | F30: 6 | G30: 王億芯 | H30: 6 | J30: 3 | K30: 38 | L30: 18 | M30: =K30+L30 -> 56 | N30: =M30*J30*1000 -> 168000
A31: 29 | B31: 41194 | C31: 馬小萍 | D31: 741 | E31: 38+18 | F31: 4 | G31: 簡淑惠 | H31: 4 | J31: 2 | K31: 38 | L31: 18 | M31: =K31+L31 -> 56 | N31: =M31*J31*1000 -> 112000
A32: 30 | B32: 41197 | C32: 馬廣敏 | D32: 708 | E32: 38+18 | F32: 4 | G32: 簡淑惠 | H32: 4 | J32: 2 | K32: 38 | L32: 18 | M32: =K32+L32 -> 56 | N32: =M32*J32*1000 -> 112000
A33: 31 | B33: 41193 | C33: 涂靖漢 | D33: 729 | E33: 38+18 | F33: 2 | G33: 黃碧真 | H33: 2 | J33: 1 | K33: 38 | L33: 18 | M33: =K33+L33 -> 56 | N33: =M33*J33*1000 -> 56000
A34: 32 | B34: 41187 | C34: 梁成舟 | D34: 699 | E34: 38+18 | F34: 2 | G34: 王億芯 | H34: 2 | J34: 1 | K34: 38 | L34: 18 | M34: =K34+L34 -> 56 | N34: =M34*J34*1000 -> 56000
A35: 33 | B35: 41212 | C35: 莊孟峰 | D35: 823 | E35: 38+18 | F35: 10 | G35: 簡淑惠 | H35: 10 | J35: 5 | K35: 38 | L35: 18 | M35: =K35+L35 -> 56 | N35: =M35*J35*1000 -> 280000
A36: 34 | B36: 41198 | C36: 莊淳斐 | D36: 719 | E36: 38+18 | F36: 14 | G36: 簡淑惠 | H36: 14 | J36: 7 | K36: 38 | L36: 18 | M36: =K36+L36 -> 56 | N36: =M36*J36*1000 -> 392000
A37: 35 | B37: 41187 | C37: 陳伯銓 | D37: 674 | E37: 38+18 | F37: 8 | G37: 黃碧真 | H37: 8 | J37: 4 | K37: 38 | L37: 18 | M37: =K37+L37 -> 56 | N37: =M37*J37*1000 -> 224000
... A60: 58 | B60: 41169 | C60: 葉明忠 | D60: 610 | E60: 38+18 | F60: 18 | G60: 黃碧真 | H60: 18 | J60: 9 | K60: 38 | L60: 18 | M60: =K60+L60 -> 56 | N60: =M60*J60*1000 -> 504000
A61: 59 | B61: 41197 | C61: 葉明忠 | E61: 38+18 | F61: 6 | G61: 黃碧真 | H61: 6 | J61: 3 | K61: 38 | L61: 18 | M61: =K61+L61 -> 56 | N61: =M61*J61*1000 -> 168000
A62: 60 | B62: 41213 | C62: 董大衛 | D62: 809 | E62: 38+18 | F62: 2 | G62: 陳乃維 | H62: 2 | J62: 1 | K62: 38 | L62: 18 | M62: =K62+L62 -> 56 | N62: =M62*J62*1000 -> 56000
A63: 61 | B63: 41201 | C63: 董子瑋 | D63: 745 | E63: 38+18 | F63: 4 | G63: 簡淑惠 | H63: 4 | J63: 2 | K63: 38 | L63: 18 | M63: =K63+L63 -> 56 | N63: =M63*J63*1000 -> 112000
A64: 62 | B64: 41199 | C64: 解丁一 | D64: 747 | E64: 38+18 | F64: 14 | G64: 王億芯 | H64: 14 | J64: 7 | K64: 38 | L64: 18 | M64: =K64+L64 -> 56 | N64: =M64*J64*1000 -> 392000
A65: 63 | B65: 41193 | C65: 賈智仁 | D65: 711 | E65: 38+18 | F65: 2 | G65: 王億芯 | H65: 2 | J65: 1 | K65: 38 | L65: 18 | M65: =K65+L65 -> 56 | N65: =M65*J65*1000 -> 56000
A66: 64 | B66: 41221 | C66: 廖永興 | D66: 899 | E66: 38+18 | F66: 2 | G66: 王億芯 | H66: 2 | J66: 1 | K66: 38 | L66: 18 | M66: =K66+L66 -> 56 | N66: =M66*J66*1000 -> 56000
A67: 65 | B67: 41180 | C67: 劉韓儀 | D67: 643 | E67: 38+18 | F67: 6 | G67: 簡淑惠 | H67: 6 | J67: 3 | K67: 38 | L67: 18 | M67: =K67+L67 -> 56 | N67: =M67*J67*1000 -> 168000
A68: 66 | B68: 41187 | C68: 歐佳興 | E68: 38+18 | G68: 陳乃維 | J68: 0 | K68: 38 | L68: 18 | M68: =K68+L68 -> 56 | N68: =M68*J68*1000 -> 0
A69: 67 | B69: 41166 | C69: 潘欽惠 | D69: 605 | E69: 38+18 | F69: 6 | G69: 黃碧真 | H69: 6 | J69: 3 | K69: 38 | L69: 18 | M69: =K69+L69 -> 56 | N69: =M69*J69*1000 -> 168000
A70: 68 | B70: 41194 | C70: 蔡坤崇 | D70: 702 | E70: 38+18 | F70: 10 | G70: 王億芯 | H70: 10 | J70: 5 | K70: 38 | L70: 18 | M70: =K70+L70 -> 56 | N70: =M70*J70*1000 -> 280000
A71: 69 | B71: 41179 | C71: 蔡杰煬 | D71: 666 | E71: 38+18 | F71: 10 | G71: 王億芯 | H71: 10 | J71: 5 | K71: 38 | L71: 18 | M71: =K71+L71 -> 56 | N71: =M71*J71*1000 -> 280000
A72: 70 | B72: 41180 | C72: 蔡淑玲 | D72: 638 | E72: 38+18 | F72: 8 | G72: 簡淑惠 | H72: 8 | J72: 4 | K72: 38 | L72: 18 | M72: =K72+L72 -> 56 | N72: =M72*J72*1000 -> 224000
A73: 71 | B73: 41185 | C73: 鄭蕙姍 | D73: 661 | E73: 38+18 | F73: 2 | G73: 王億芯 | H73: 2 | J73: 1 | K73: 38 | L73: 18 | M73: =K73+L73 -> 56 | N73: =M73*J73*1000 -> 56000
A74: 72 | B74: 41190 | C74: 賴沛吾 | D74: 695 | E74: 38+18 | F74: 4 | G74: 王億芯 | H74: 4 | J74: 2 | K74: 38 | L74: 18 | M74: =K74+L74 -> 56 | N74: =M74*J74*1000 -> 112000
A75: 73 | B75: 41204 | C75: 錢紫雲 | D75: 757 | E75: 38+18 | F75: 4 | G75: 陳乃維 | H75: 4 | J75: 2 | K75: 38 | L75: 18 | M75: =K75+L75 -> 56 | N75: =M75*J75*1000 -> 112000
A76: 74 | B76: 41194 | C76: 薛靜雯 | D76: 717 | E76: 38+18 | F76: 2 | G76: 黃碧真 | H76: 2 | J76: 1 | K76: 38 | L76: 18 | M76: =K76+L76 -> 56 | N76: =M76*J76*1000 -> 56000
A77: 75 | B77: 41212 | C77: 藍素萍 | D77: 822 | E77: 38+18 | F77: 4 | G77: 簡淑惠 | H77: 4 | J77: 2 | K77: 38 | L77: 18 | M77: =K77+L77 -> 56 | N77: =M77*J77*1000 -> 112000
A78: 76 | B78: 41184 | C78: 羅敏功 | D78: 667 | E78: 38+18 | F78: 16 | G78: 王億芯 | H78: 16 | J78: 8 | K78: 38 | L78: 18 | M78: =K78+L78 -> 56 | N78: =M78*J78*1000 -> 448000
A79: 77 | B79: 41193 | C79: 嚴炳崑 | D79: 739 | E79: 38+18 | F79: 2 | G79: 簡淑惠 | H79: 2 | J79: 1 | K79: 38 | L79: 18 | M79: =K79+L79 -> 56 | N79: =M79*J79*1000 -> 56000
A80: 78 | B80: 41213 | C80: 陳秋樺 | D80: 808 | E80: 38+18 | F80: 2 | G80: 黃碧真 | H80: 2 | J80: 1 | K80: 38 | L80: 18 | M80: =K80+L80 -> 56 | N80: =M80*J80*1000 -> 56000
... A83: 81 | B83: 41198 | C83: 王淼駿 | D83: 850 | E83: 38+18 | F83: 4 | G83: 王億芯 | H83: 4 | J83: 2 | K83: 38 | L83: 18 | M83: =K83+L83 -> 56 | N83: =M83*J83*1000 -> 112000
A84: 82 | B84: 41212 | C84: 黃瑞池 | E84: 38+18 | F84: 30 | G84: 簡淑惠 | H84: 30 | J84: 15 | K84: 38 | L84: 18 | M84: =K84+L84 -> 56 | N84: =M84*J84*1000 -> 840000
A85: 83 | B85: 41201 | C85: 吳信儀 | D85: 748 | E85: 38+18 | F85: 6 | G85: 簡淑惠 | H85: 6 | J85: 3 | K85: 38 | L85: 18 | M85: =K85+L85 -> 56 | N85: =M85*J85*1000 -> 168000
A86: 84 | B86: 41212 | C86: 陳黛馨 | D86: 819 | E86: 38+18 | F86: 6 | G86: 簡淑惠 | H86: 6 | J86: 3 | K86: 38 | L86: 18 | M86: =K86+L86 -> 56 | N86: =M86*J86*1000 -> 168000
A87: 85 | B87: 41215 | C87: 江麗美 | D87: 871 | E87: 38+18 | F87: 2 | G87: 簡淑惠 | H87: 2 | J87: 1 | K87: 38 | L87: 18 | M87: =K87+L87 -> 56 | N87: =M87*J87*1000 -> 56000
A88: 86 | B88: 41214 | C88: 林士景 | D88: 841 | E88: 38+18 | F88: 6 | G88: 簡淑惠 | H88: 6 | J88: 3 | K88: 38 | L88: 18 | M88: =K88+L88 -> 56 | N88: =M88*J88*1000 -> 168000
A89: 87 | B89: 41213 | C89: 諸葛珍 | E89: 38+18 | F89: 20 | G89: 簡淑惠 | H89: 20 | J89: 10 | K89: 38 | L89: 18 | M89: =K89+L89 -> 56 | N89: =M89*J89*1000 -> 560000
A90: 88 | B90: 41201 | C90: 郭俊哲 | D90: 744 | E90: 38+18 | F90: 30 | G90: 簡淑惠 | H90: 30 | J90: 15 | K90: 38 | L90: 18 | M90: =K90+L90 -> 56 | N90: =M90*J90*1000 -> 840000
A91: 89 | B91: 41207 | C91: 廖一昌 | D91: 784 | E91: 38+18 | F91: 10 | G91: 簡淑惠 | H91: 10 | J91: 5 | K91: 38 | L91: 18 | M91: =K91+L91 -> 56 | N91: =M91*J91*1000 -> 280000
A92: 90 | B92: 41214 | C92: 蔡慧琳 | D92: 870 | E92: 38+18 | F92: 2 | G92: 簡淑惠 | H92: 2 | J92: 1 | K92: 38 | L92: 18 | M92: =K92+L92 -> 56 | N92: =M92*J92*1000 -> 56000
A93: 91 | B93: 41198 | C93: 林麗珠 | D93: 750 | E93: 38+18 | F93: 2 | G93: 簡淑惠 | H93: 2 | J93: 1 | K93: 38 | L93: 18 | M93: =K93+L93 -> 56 | N93: =M93*J93*1000 -> 56000
A94: 92 | B94: 41213 | C94: 陳俊仁 | D94: 811 | E94: 38+18 | F94: 2 | G94: 王億芯 | H94: 2 | J94: 1 | K94: 38 | L94: 18 | M94: =K94+L94 -> 56 | N94: =M94*J94*1000 -> 56000
A95: 93 | B95: 41198 | C95: 張玲玲 | D95: 758 | E95: 38+18 | F95: 40 | G95: 王億芯 | H95: 40 | J95: 20 | K95: 38 | L95: 18 | M95: =K95+L95 -> 56 | N95: =M95*J95*1000 -> 1120000
A96: 94 | B96: 41198 | C96: 洪紹華 | D96: 692 | E96: 38+18 | F96: 6 | G96: 王億芯 | H96: 6 | J96: 3 | K96: 38 | L96: 18 | M96: =K96+L96 -> 56 | N96: =M96*J96*1000 -> 168000
A97: 95 | B97: 41211 | C97: 陳鵬 | D97: 774 | E97: 38+18 | F97: 8 | G97: 王億芯 | H97: 8 | J97: 4 | K97: 38 | L97: 18 | M97: =K97+L97 -> 56 | N97: =M97*J97*1000 -> 224000
A98: 96 | B98: 41199 | C98: 張玲玲 | D98: 758 | E98: 38+18 | F98: 6 | G98: 王億芯 | H98: 6 | J98: 3 | K98: 38 | L98: 18 | M98: =K98+L98 -> 56 | N98: =M98*J98*1000 -> 168000
A99: 97 | B99: 41198 | C99: 陳雅琳 | D99: 713 | E99: 38+18 | F99: 4 | G99: 簡淑惠 | H99: 4 | J99: 2 | K99: 38 | L99: 18 | M99: =K99+L99 -> 56 | N99: =M99*J99*1000 -> 112000
A100: 98 | B100: 41200 | C100: 徐銘佐 | D100: 947 | E100: 38+18 | F100: 4 | G100: 簡淑惠 | H100: 4 | J100: 2 | K100: 38 | L100: 18 | M100: =K100+L100 -> 56 | N100: =M100*J100*1000 -> 112000
A101: 99 | B101: 41201 | C101: 徐秀美 | D101: 746 | E101: 38+18 | F101: 36 | G101: 黃碧真 | H101: 36 | J101: 18 | K101: 38 | L101: 18 | M101: =K101+L101 -> 56 | N101: =M101*J101*1000 -> 1008000
... A106: 104 | B106: 41215 | C106: 洪秋莉 | D106: 795 | E106: 38+18 | F106: 10 | G106: 黃碧真 | H106: 10 | J106: 5 | K106: 38 | L106: 18 | M106: =K106+L106 -> 56 | N106: =M106*J106*1000 -> 280000
A107: 105 | B107: 41213 | C107: 諸葛嫈 | E107: 38+18 | F107: 2 | G107: 簡淑惠 | H107: 2 | J107: 1 | K107: 38 | L107: 18 | M107: =K107+L107 -> 56 | N107: =M107*J107*1000 -> 56000
A108: 106 | B108: 41213 | C108: 諸葛娟 | E108: 38+18 | F108: 4 | G108: 簡淑惠 | H108: 4 | J108: 2 | K108: 38 | L108: 18 | M108: =K108+L108 -> 56 | N108: =M108*J108*1000 -> 112000
A109: 107 | B109: 41213 | C109: 黃寶蓮 | E109: 38+18 | F109: 4 | G109: 簡淑惠 | H109: 4 | J109: 2 | K109: 38 | L109: 18 | M109: =K109+L109 -> 56 | N109: =M109*J109*1000 -> 112000
A110: 108 | B110: 41218 | C110: 許秀婷 | E110: 38+18 | F110: 6 | G110: 簡淑惠 | H110: 6 | J110: 3 | K110: 38 | L110: 18 | M110: =K110+L110 -> 56 | N110: =M110*J110*1000 -> 168000
A111: 109 | B111: 41199 | C111: 謝宗憲 | D111: 754 | E111: 38+18 | F111: 10 | G111: 王億芯 | H111: 10 | J111: 5 | K111: 38 | L111: 18 | M111: =K111+L111 -> 56 | N111: =M111*J111*1000 -> 280000
A112: 110 | B112: 41213 | C112: 詹麗蓉 | D112: 814 | E112: 38+18 | F112: 2 | G112: 簡淑惠 | H112: 2 | J112: 1 | K112: 38 | L112: 18 | M112: =K112+L112 -> 56 | N112: =M112*J112*1000 -> 56000
A113: 111 | B113: 41215 | C113: 石琬緞 | D113: 861 | E113: 38+18 | F113: 20 | G113: 黃碧真 | H113: 20 | J113: 10 | K113: 38 | L113: 18 | M113: =K113+L113 -> 56 | N113: =M113*J113*1000 -> 560000
A114: 112 | B114: 41215 | C114: 張瀞方 | D114: 839 | E114: 38+18 | F114: 24 | G114: 簡淑惠 | H114: 24 | J114: 12 | K114: 38 | L114: 18 | M114: =K114+L114 -> 56 | N114: =M114*J114*1000 -> 672000
A115: 113 | B115: 41218 | C115: 張孟彥 | D115: 837 | E115: 38+18 | F115: 22 | G115: 王億芯 | H115: 22 | J115: 11 | K115: 38 | L115: 18 | M115: =K115+L115 -> 56 | N115: =M115*J115*1000 -> 616000
A116: 114 | B116: 41207 | C116: 王春雀 | D116: 777 | E116: 38+18 | F116: 50 | G116: 王億芯 | H116: 50 | J116: 25 | K116: 38 | L116: 18 | M116: =K116+L116 -> 56 | N116: =M116*J116*1000 -> 1400000
A117: 115 | B117: 41214 | C117: 李翠如 | D117: 862 | E117: 38+18 | F117: 20 | G117: 簡淑惠 | H117: 20 | J117: 10 | K117: 38 | L117: 18 | M117: =K117+L117 -> 56 | N117: =M117*J117*1000 -> 560000
A118: 116 | B118: 41218 | C118: 傅群憶 | D118: 847 | E118: 38+18 | F118: 10 | G118: 簡淑惠 | H118: 10 | J118: 5 | K118: 38 | L118: 18 | M118: =K118+L118 -> 56 | N118: =M118*J118*1000 -> 280000
A119: 117 | B119: 41215 | C119: 陳沅諼 | D119: 893 | E119: 38+18 | F119: 10 | G119: 簡淑惠 | H119: 10 | J119: 5 | K119: 38 | L119: 18 | M119: =K119+L119 -> 56 | N119: =M119*J119*1000 -> 280000
A120: 118 | B120: 41218 | C120: 方昭慧 | D120: 859 | E120: 38+18 | F120: 10 | G120: 簡淑惠 | H120: 10 | J120: 5 | K120: 38 | L120: 18 | M120: =K120+L120 -> 56 | N120: =M120*J120*1000 -> 280000
A121: 119 | B121: 41213 | C121: 蕭寶玉 | E121: 38+18 | F121: 10 | G121: 簡淑惠 | H121: 10 | J121: 5 | K121: 38 | L121: 18 | M121: =K121+L121 -> 56 | N121: =M121*J121*1000 -> 280000
A122: 120 | B122: 41208 | C122: 張雅菁 | D122: 781 | E122: 38+18 | F122: 2 | G122: 簡淑惠 | H122: 2 | J122: 1 | K122: 38 | L122: 18 | M122: =K122+L122 -> 56 | N122: =M122*J122*1000 -> 56000
A123: 121 | B123: 41207 | C123: 鄭彩華 | D123: 771 | E123: 38+18 | F123: 12 | G123: 王億芯 | H123: 12 | J123: 6 | K123: 38 | L123: 18 | M123: =K123+L123 -> 56 | N123: =M123*J123*1000 -> 336000
A124: 122 | B124: 41205 | C124: 林柏揚 | D124: 776 | E124: 38+18 | F124: 6 | G124: 簡淑惠 | H124: 6 | J124: 3 | K124: 38 | L124: 18 | M124: =K124+L124 -> 56 | N124: =M124*J124*1000 -> 168000
A125: 123 | B125: 41218 | C125: 余淑瓊 | D125: 838 | E125: 38+18 | F125: 36 | G125: 簡淑惠 | H125: 36 | J125: 18 | K125: 38 | L125: 18 | M125: =K125+L125 -> 56 | N125: =M125*J125*1000 -> 1008000
A126: 124 | B126: 41214 | C126: 林寶文 | D126: 880 | E126: 38+18 | F126: 4 | G126: 簡淑惠 | H126: 4 | J126: 2 | K126: 38 | L126: 18 | M126: =K126+L126 -> 56 | N126: =M126*J126*1000 -> 112000
A127: 125 | B127: 41214 | C127: 陳丹怡 | D127: 793 | E127: 38+18 | F127: 10 | G127: 簡淑惠 | H127: 10 | J127: 5 | K127: 38 | L127: 18 | M127: =K127+L127 -> 56 | N127: =M127*J127*1000 -> 280000
A128: 126 | B128: 41218 | C128: 張妙伃 | D128: 888 | E128: 38+18 | F128: 10 | G128: 簡淑惠 | H128: 10 | J128: 5 | K128: 38 | L128: 18 | M128: =K128+L128 -> 56 | N128: =M128*J128*1000 -> 280000
A129: 127 | B129: 41212 | C129: 林佩伶 | D129: 832 | E129: 38+18 | F129: 20 | G129: 黃碧真 | H129: 20 | J129: 10 | K129: 38 | L129: 18 | M129: =K129+L129 -> 56 | N129: =M129*J129*1000 -> 560000
...

Sheet 附表七顧問費
A1: 附表七、被告收受「太景公司」、「台灣神隆公司」股票上市櫃顧問費明細表
A2: 編號 | B2: 股票 | C2: 日期 | D2: 投資人 | E2: 金額 | F2: 卷證出處
A3: 1 | B3: 台灣神隆 | C3: 100.05.04 | D3: 黃瑞池 | E3: 24450 | F3: 發票（A1P12） 匯款申請書（A1P13）
C4: 小計 | E4: =E3 -> 24450
A5: 2 | B5: 太景 | C5: 102.11.13 | D5: 黃瑞池 | E5: 25200 | F5: 匯款申請書（A3P21）
A6: 3 | B6: 太景 | C6: 102.10.08 | D6: 吳雪珍 | E6: 8400 | F6: 收據【107刑保788號扣押物品清單編號16「太景顧問費」（即市調處原始扣押物編號A-16）】
A7: 4 | B7: 太景 | C7: 102.09.29 | D7: 陳怡芬 | E7: 8400 | F7: 同上
A8: 5 | B8: 太景 | C8: 102.10.24 | D8: 張明珠 | E8: 1380 | F8: 同上
A9: 6 | B9: 太景 | C9: 102.10.23 | D9: 張顥鐙 | E9: 840 | F9: 同上
B10: 小計 | E10: =SUM(E5:E9) -> 44220
B11: 合計 | E11: =E4+E10 -> 68670

Sheet 附表八員工獎金
A1: 附表八、被告唐志驄發放員工薪資獎金之金額彙總表
A2: 編號 | B2: 員工 | C2: 領取日期 | D2: 金額 | E2: 卷證出處 | F2: 備註
A3: 1 | B3: 王億芯 （更名前為王姵今） | C3: 96.12.14 | D3: 600000 | E3: 107.05.18刑事準備二狀卷一（本院卷三）P29
A4: =A3 -> 1 | C4: 97.01.04 | D4: 20000 | E4: 107.05.18刑事準備二狀卷一（本院卷三）P31
A5: =A4 -> 1 | C5: 97.01.04 | D5: 100000 | E5: 107.05.18刑事準備二狀卷一（本院卷三）P33
A6: =A5 -> 1 | C6: 97.01.04 | D6: 25000 | E6: 107.05.18刑事準備二狀卷一（本院卷三）P35
A7: =A6 -> 1 | C7: 97.02.01 | D7: 10000 | E7: 107.05.18刑事準備二狀卷一（本院卷三）P37
A8: =A7 -> 1 | C8: 97.03.10 | D8: 310000 | E8: 107.05.18刑事準備二狀卷一（本院卷三）P39
A9: =A8 -> 1 | C9: 97.03.03 | D9: 5000 | E9: 107.05.18刑事準備二狀卷一（本院卷三）P41
A10: =A9 -> 1 | C10: 97.03.31 | D10: 5000 | E10: 107.05.18刑事準備二狀卷一（本院卷三）P43
A11: =A10 -> 1 | C11: 97.04.07 | D11: 20000 | E11: 107.05.18刑事準備二狀卷一（本院卷三）P45
A12: =A11 -> 1 | C12: 97.04.07 | D12: 180000 | E12: 107.05.18刑事準備二狀卷一（本院卷三）P47
A13: =A12 -> 1 | C13: 97.04.14 | D13: 95000 | E13: 107.05.18刑事準備二狀卷一（本院卷三）P49
A14: =A13 -> 1 | C14: 97.04.21 | D14: 5000 | E14: 107.05.18刑事準備二狀卷一（本院卷三）P51
A15: =A14 -> 1 | C15: 97.04.28 | D15: 550000 | E15: 107.05.18刑事準備二狀卷一（本院卷三）P53
... A47: =A46 -> 1 | C47: 98.03.02 | D47: 0 | E47: 107.05.18刑事準備二狀卷一（本院卷三）P119
A48: =A47 -> 1 | C48: 98.03.16 | D48: =25000+20000+14704 -> 59704 | E48: 107.05.18刑事準備二狀卷一（本院卷三）P121
A49: =A48 -> 1 | C49: 98.03.30 | D49: 5000 | E49: 107.05.18刑事準備二狀卷一（本院卷三）P123
A50: =A49 -> 1 | C50: 98.04.06 | D50: 0 | E50: 107.05.18刑事準備二狀卷一（本院卷三）P125
A51: =A50 -> 1 | C51: 98.04.13 | D51: 5000 | E51: 107.05.18刑事準備二狀卷一（本院卷三）P127
A52: =A51 -> 1 | C52: 98.05.05 | D52: 30000 | E52: 107.05.18刑事準備二狀卷一（本院卷三）P129
A53: =A52 -> 1 | C53: 98.05.11 | D53: 10000 | E53: 107.05.18刑事準備二狀卷一（本院卷三）P131
A54: =A53 -> 1 | C54: 98.05.25 | D54: 300000 | E54: 107.05.18刑事準備二狀卷一（本院卷三）P133
A55: =A54 -> 1 | C55: 98.06.01 | D55: 50000 | E55: 107.05.18刑事準備二狀卷一（本院卷三）P135
A56: =A55 -> 1 | C56: 98.06.01 | D56: 20000 | E56: 107.05.18刑事準備二狀卷一（本院卷三）P137
A57: =A56 -> 1 | C57: 98.06.08 | D57: 10000 | E57: 107.05.18刑事準備二狀卷一（本院卷三）P139
A58: =A57 -> 1 | C58: 98.06.22 | D58: 160000 | E58: 107.05.18刑事準備二狀卷一（本院卷三）P141
A59: =A58 -> 1 | C59: 98.07.06 | D59: 10000 | E59: 107.05.18刑事準備二狀卷一（本院卷三）P143
A60: =A59 -> 1 | C60: 98.07.06 | D60: 20000 | E60: 107.05.18刑事準備二狀卷一（本院卷三）P145
... A70: =A69 -> 1 | C70: 98.09.15 | D70: 5000 | E70: 107.05.18刑事準備二狀卷一（本院卷三）P165
A71: =A69 -> 1 | C71: 98.09.22 | D71: 305000 | E71: 107.06.07刑事準備三狀卷（本院卷十）P203
A72: =A70 -> 1 | C72: 98.10.05 | D72: 15000 | E72: 107.05.18刑事準備二狀卷一（本院卷三）P167
A73: =A72 -> 1 | C73: 98.10.05 | D73: 20000 | E73: 107.05.18刑事準備二狀卷一（本院卷三）P169
A74: =A73 -> 1 | C74: 98.10.12 | D74: 375000 | E74: 107.05.18刑事準備二狀卷一（本院卷三）P171
A75: =A74 -> 1 | C75: 98.10.20 | D75: 140000 | E75: 107.05.18刑事準備二狀卷一（本院卷三）P173
A76: =A75 -> 1 | C76: 98.10.26 | D76: 25000 | E76: 107.05.18刑事準備二狀卷一（本院卷三）P175
A77: =A76 -> 1 | C77: 98.11.02 | D77: 20000 | E77: 107.05.18刑事準備二狀卷一（本院卷三）P177
A78: =A77 -> 1 | C78: 98.11.09 | D78: 185000 | E78: 107.05.18刑事準備二狀卷一（本院卷三）P179
A79: =A78 -> 1 | C79: 98.11.16 | D79: 35000 | E79: 107.05.18刑事準備二狀卷一（本院卷三）P181
A80: =A79 -> 1 | C80: 98.11.23 | D80: 25000 | E80: 107.05.18刑事準備二狀卷一（本院卷三）P183
A81: =A80 -> 1 | C81: 98.12.01 | D81: 35000 | E81: 107.05.18刑事準備二狀卷一（本院卷三）P185
A82: =A81 -> 1 | C82: 98.12.01 | D82: 20000 | E82: 107.05.18刑事準備二狀卷一（本院卷三）P187
A83: =A82 -> 1 | C83: 98.12.07 | D83: 95000 | E83: 107.05.18刑事準備二狀卷一（本院卷三）P189
A84: =A83 -> 1 | C84: 98.12.14 | D84: 185000 | E84: 107.05.18刑事準備二狀卷一（本院卷三）P191
... A149: =A148 -> 1 | C149: 101.01.03 | D149: 35000 | E149: 107.05.18刑事準備二狀卷一（本院卷三）P325
A150: =A149 -> 1 | C150: 96.02.13 | D150: 17110 | E150: 107.05.18刑事準備二狀卷一（本院卷三）P329 | F150: 95年度年終獎金
A151: =A150 -> 1 | C151: 97年間 | D151: 431350 | E151: 107.05.18刑事準備二狀卷一（本院卷三）P331、P333 | F151: 96年度年終獎金
A152: =A151 -> 1 | C152: 98.01.08 | D152: 320370 | E152: 107.05.18刑事準備二狀卷一（本院卷三）P335、P337 | F152: 97年度年終獎金
A153: =A152 -> 1 | C153: 99.03.31 | D153: 426050 | E153: 107.05.18刑事準備二狀卷一（本院卷三）P339、P341 | F153: 98年度年終獎金
A154: =A153 -> 1 | C154: 100.01.03 | D154: 277500 | E154: 107.05.18刑事準備二狀卷一（本院卷三）P343、P345 | F154: 99年度年終獎金
A155: =A154 -> 1 | C155: 101.01.10 | D155: 284970 | E155: 107.05.18刑事準備二狀卷一（本院卷三）P347 | F155: 100年度年終獎金
A156: =A155 -> 1 | C156: 102.01.09 | D156: 534902 | E156: 107.05.18刑事準備二狀卷一（本院卷三）P349、P351 | F156: 101年度年終獎金
A157: =A156 -> 1 | C157: 103.01.13 | D157: 748640 | E157: 107.05.18刑事準備二狀卷一（本院卷三）P353、P355 | F157: 102年度年終獎金
A158: =A157 -> 1 | C158: 104.01.12 | D158: 707500 | E158: 107.05.18刑事準備二狀卷一（本院卷三）P357-P363 | F158: 103年度年終獎金
A159: =A158 -> 1 | C159: 99.10.11 | D159: 50000 | E159: 107.05.18刑事準備二狀卷一（本院卷三）P365 | F159: 98年度購物旅遊津貼
A160: =A159 -> 1 | C160: 100.09.06 | D160: 30000 | E160: 107.05.18刑事準備二狀卷一（本院卷三）P367 | F160: 99年度購物旅遊津貼
A161: =A160 -> 1 | C161: 101.07.23 | D161: 40000 | E161: 107.05.18刑事準備二狀卷一（本院卷三）P369 | F161: 100年度購物旅遊津貼
... A163: =A162 -> 1 | C163: 104.03.09 | D163: 200000 | E163: 107.05.18刑事準備二狀卷一（本院卷三）P375、P377 | F163: 103年度購物旅遊津貼
A164: =A163 -> 1 | C164: 101.01.17 | D164: 10000 | E164: 107.05.18刑事準備二狀卷一（本院卷三）P381
A165: =A164 -> 1 | C165: 101.01.31 | D165: 10000 | E165: 107.05.18刑事準備二狀卷一（本院卷三）P383
A166: =A165 -> 1 | C166: 101.02.06 | D166: 0 | E166: 107.05.18刑事準備二狀卷一（本院卷三）P385
A167: =A166 -> 1 | C167: 101.04.16 | D167: 140000 | E167: 107.05.18刑事準備二狀卷一（本院卷三）P387
A168: =A167 -> 1 | C168: 101.04.23 | D168: 5000 | E168: 107.05.18刑事準備二狀卷一（本院卷三）P389
A169: =A168 -> 1 | C169: 101.05.21 | D169: 5000 | E169: 107.05.18刑事準備二狀卷一（本院卷三）P391
A170: =A169 -> 1 | C170: 101.05.28 | D170: 5000 | E170: 107.05.18刑事準備二狀卷一（本院卷三）P393
A171: =A170 -> 1 | C171: 101.06.04 | D171: 5000 | E171: 107.05.18刑事準備二狀卷一（本院卷三）P395
A172: =A171 -> 1 | C172: 101.06.11 | D172: 50000 | E172: 107.05.18刑事準備二狀卷一（本院卷三）P397
A173: =A172 -> 1 | C173: 101.08.06 | D173: 20000 | E173: 107.05.18刑事準備二狀卷一（本院卷三）P399
A174: =A173 -> 1 | C174: 102.01.21 | D174: 3000 | E174: 107.05.18刑事準備二狀卷一（本院卷三）P401
A175: =A174 -> 1 | C175: 102.01.21 | D175: 57000 | E175: 107.05.18刑事準備二狀卷一（本院卷三）P403
... A345: =A344 -> 1 | C345: 101.10.01 | D345: 10000 | E345: 107.05.18刑事準備二狀卷四（本院卷六）P137
A346: =A345 -> 1 | C346: 小計 | D346: =SUM(D3:D345) -> 20900096
A347: 2 | B347: 簡淑惠 | C347: 96.02.13 | D347: 26680 | E347: 107.05.18刑事準備二狀卷二（本院卷四）P267 | F347: 95年度年終獎金
A348: 2 | C348: 96.12.07 | D348: 10000 | E348: 107.06.07刑事準備三狀卷（本院卷十）P205
A349: =A347 -> 2 | C349: 97年 | D349: 271670 | E349: 107.05.18刑事準備二狀卷二（本院卷四）P269、P271 | F349: 96年度年終獎金
A350: =A349 -> 2 | C350: 98.01.13 | D350: 229220 | E350: 107.05.18刑事準備二狀卷二（本院卷四）P273、P275 | F350: 97年度年終獎金
A351: =A350 -> 2 | C351: 99.02.02 | D351: 255410 | E351: 107.05.18刑事準備二狀卷二（本院卷四）P277、P279 | F351: 98年度年終獎金
A352: =A351 -> 2 | C352: 100.01.03 | D352: 399470 | E352: 107.05.18刑事準備二狀卷二（本院卷四）P281、P283 | F352: 99年度年終獎金
A353: =A352 -> 2 | C353: 101.01.12 | D353: 588820 | E353: 107.05.18刑事準備二狀卷二（本院卷四）P285 | F353: 100年度年終獎金
A354: =A353 -> 2 | C354: 102.01.09 | D354: 945090 | E354: 107.05.18刑事準備二狀卷二（本院卷四）P287、P289 | F354: 101年度年終獎金
A355: =A354 -> 2 | C355: 103.01.13 | D355: 989720 | E355: 107.05.18刑事準備二狀卷二（本院卷四）P291-P297 | F355: 102年度年終獎金
A356: =A355 -> 2 | C356: 104.01.09 | D356: 263200 | E356: 107.05.18刑事準備二狀卷二（本院卷四）P299-P303 | F356: 103年度年終獎金
A357: =A356 -> 2 | C357: 103.03.17 | D357: 174000 | E357: 107.05.18刑事準備二狀卷二（本院卷四）P309、P311
A358: =A357 -> 2 | C358: 103.03.24 | D358: 3000 | E358: 107.05.18刑事準備二狀卷二（本院卷四）P313
A359: =A358 -> 2 | C359: 103.03.31 | D359: 6000 | E359: 107.05.18刑事準備二狀卷二（本院卷四）P315
A360: =A359 -> 2 | C360: 103.04.07 | D360: 201400 | E360: 107.05.18刑事準備二狀卷二（本院卷四）P317、P319
A361: =A360 -> 2 | C361: 103.04.14 | D361: 3000 | E361: 107.05.18刑事準備二狀卷二（本院卷四）P321
A362: =A361 -> 2 | C362: 103.04.21 | D362: 15000 | E362: 107.05.18刑事準備二狀卷二（本院卷四）P323
A363: =A362 -> 2 | C363: 103.04.28 | D363: 27000 | E363: 107.05.18刑事準備二狀卷二（本院卷四）P325
A364: =A363 -> 2 | C364: 103.05.05 | D364: 182950 | E364: 107.05.18刑事準備二狀卷二（本院卷四）P327 | F364: 匯款20萬元P329
A365: =A364 -> 2 | C365: 103.05.19 | D365: 12000 | E365: 107.05.18刑事準備二狀卷二（本院卷四）P331
A366: =A365 -> 2 | C366: 103.05.26 | D366: 15000 | E366: 107.05.18刑事準備二狀卷二（本院卷四）P333
A367: =A366 -> 2 | C367: 103.06.10 | D367: 9000 | E367: 107.05.18刑事準備二狀卷二（本院卷四）P335
A368: =A367 -> 2 | C368: 103.06.03 | D368: 37500 | E368: 107.05.18刑事準備二狀卷二（本院卷四）P337 | F368: 匯款20萬元P339
A369: =A368 -> 2 | C369: 103.06.30 | D369: 51000 | E369: 107.05.18刑事準備二狀卷二（本院卷四）P341
A370: =A369 -> 2 | C370: 103.07.07 | D370: 70100 | E370: 107.05.18刑事準備二狀卷二（本院卷四）P343
A371: =A370 -> 2 | C371: 103.07.21 | D371: 3000 | E371: 107.05.18刑事準備二狀卷二（本院卷四）P345
A372: =A371 -> 2 | C372: 103.07.28 | D372: 21000 | E372: 107.05.18刑事準備二狀卷二（本院卷四）P347
A373: =A372 -> 2 | C373: 103.08.04 | D373: 44000 | E373: 107.05.18刑事準備二狀卷二（本院卷四）P349
A374: =A373 -> 2 | C374: 103.08.11 | D374: 15000 | E374: 107.05.18刑事準備二狀卷二（本院卷四）P351
...

Sheet 附表九退款
A1: 附表九、得自犯罪所得中扣除之退回股款明細表
A2: 編號 | B2: 被告提出之退款單據及退款說明 | L2: 對應至附表二至六部分 | N2: 實際得自犯罪所得中扣除之金額 | O2: 備註
B3: 退款日期 | C3: 退款金額 | D3: 姓名 | E3: 原始買進 完款日期 | F3: 投資人 戶號 | G3: 買進 股價 | H3: 買進 張數 | I3: 買進 金額 | J3: 買進 標的 | K3: 卷證出處 | L3: 金額 | M3: 附表及編號
A4: 1 | B4: 2007/6/8 | C4: 27950 | D4: 謝麗雲 | G4: 28 | H4: 1 | I4: =G4*H4*1000 -> 28000 | J4: 聯相 | K4: 107.06.14刑事準備四狀卷（本院卷十一）P9、P15 | L4: 0 | M4: - | N4: 0 | O4: （註1）
A5: 2 | B5: 2009/5/6 | C5: 135000 | D5: 大華測量 (關源欽） | E5: 2006/1/19 | F5: 1578 | G5: 29 | H5: 2 | I5: =G5*H5*1000 -> 58000 | J5: 神隆 | K5: 107.06.14刑事準備四狀卷（本院卷十一）P9、P17 | L5: 0 | M5: - | N5: 0 | O5: （註1）
D6: 大華測量 (關源欽） | E6: 2006/11/23 | F6: 1578 | G6: 13 | H6: 2 | I6: =G6*H6*1000 -> 26000 | K6: 107.06.14刑事準備四狀卷P9 | L6: 0 | M6: 0
D7: 大華測量 (關源欽） | E7: 2007/7/13 | F7: 1578 | G7: 28 | H7: 2 | I7: =G7*H7*1000 -> 56000 | K7: 107.06.14刑事準備四狀卷P9 | L7: 0 | M7: 0
A8: 3 | B8: 2009/5/11 | C8: 198000 | D8: 陳明秋 | G8: 28 | H8: 20 | I8: =G8*H8*1000 -> 560000 | J8: 華聯 | K8: 107.06.14刑事準備四狀卷（本院卷十一）P9、P19 | L8: 0 | M8: - | N8: 0 | O8: （註1）
A9: 4 | B9: 2010/1/7 | C9: 200000 | D9: 吳安慧 | E9: 2009/9/21 | F9: 501 | G9: 28.5 | H9: 7 | I9: =G9*H9*1000 -> 199500 | J9: 華聯 | K9: 107.06.14刑事準備四狀卷（本院卷十一）P9、P21 | L9: 399000 | M9: 附表三編號199 | N9: 399000
A10: 5 | B10: 2010/5/6 | C10: 199000 | D10: 吳安慧 | E10: 2009/9/21 | F10: 501 | G10: 28.5 | H10: 7 | I10: =G10*H10*1000 -> 199500 | J10: 華聯 | K10: 107.06.14刑事準備四狀卷（本院卷十一）P9、P23
A11: 6 | B11: 2015/2/11 | C11: 1526232 | D11: 張仁俊 | E11: 2010/6/8 | F11: 1208 | G11: 56 | H11: 13 | I11: =G11*H11*1000 -> 728000 | J11: 聯相 | K11: 107.06.14刑事準備四狀卷（本院卷十一）P9、P25 | L11: 0 | M11: - | N11: 0 | O11: （註1）
D12: 張仁俊 | E12: 2010/5/5 | F12: 1208 | G12: 56 | H12: 4 | I12: =G12*H12*1000 -> 224000 | J12: 聯相 | K12: 107.06.14刑事準備四狀卷P9 | L12: 0 | M12: 0
D13: 張仁俊 | E13: 2010/8/24 | F13: 1208 | G13: 28 | H13: 17 | I13: =G13*H13*1000 -> 476000 | J13: 聯相 | K13: 107.06.14刑事準備四狀卷P9 | L13: 0 | M13: 0
D14: 張仁俊 | E14: 2011/12/21 | F14: 1208 | G14: 28 | H14: 6 | I14: =G14*H14*1000 -> 168000 | J14: 聯相 | K14: 107.06.14刑事準備四狀卷P9 | L14: 0 | M14: 0
A15: 7 | B15: 2015/1/12 | C15: 568290 | D15: 張仁俊 | E15: 2009/6/30 | F15: 470 | G15: 28.5 | H15: 4 | I15: =G15*H15*1000 -> 114000 | J15: 華聯 | K15: 107.06.14刑事準備四狀卷（本院卷十一）P9、P25 | L15: 0 | N15: 456000 | O15: （註1）
D16: 張仁俊 | E16: 39698 | F16: 470 | G16: 28.5 | H16: 2 | I16: =G16*H16*1000 -> 57000 | J16: 華聯 | L16: 57000 | M16: 附表三編號189
D17: 張仁俊 | E17: 2009/11/6 | F17: 470 | G17: 28.5 | H17: 4 | I17: =G17*H17*1000 -> 114000 | J17: 華聯 | K17: 107.06.14刑事準備四狀卷P9 | L17: 114000 | M17: 附表三編號248
D18: 張仁俊 | E18: 2010/1/19 | F18: 470 | G18: 28.5 | H18: 10 | I18: =G18*H18*1000 -> 285000 | J18: 華聯 | K18: 107.06.14刑事準備四狀卷P9 | L18: 285000 | M18: 附表三編號316
A19: 8 | B19: 2010/2/1 | C19: 12105 | D19: 張仁俊 | E19: 2011/12/21 | F19: 470 | G19: 28.5 | H19: 10 | I19: =G19*H19*1000 -> 285000 | J19: 華聯 | K19: 107.06.14刑事準備四狀卷（本院卷十一）P9、P27 | L19: 0 | M19: 0 | N19: 0 | O19: （註1）
A20: 9 | B20: 2010/9/8 | C20: 1684930 | D20: 石燕燕 | E20: 2010/5/5 | F20: 1196 | G20: 56 | H20: 20 | I20: =G20*H20*1000 -> 1120000 | J20: 聯相 | K20: 107.06.14刑事準備四狀卷（本院卷十一）P9、P29 | L20: 0 | M20: 0 | N20: 570000 | O20: （註1）
D21: 石燕燕 | E21: 2010/2/26 | F21: 590 | G21: 28.5 | H21: 20 | I21: =G21*H21*1000 -> 570000 | J21: 華聯 | K21: 107.06.14刑事準備四狀卷P9 | L21: 570000 | M21: 附表三編號328
A22: 10 | B22: 2010/11/23 | C22: 87000 | D22: 金麗雲 | E22: 2010/11/12 | F22: 1474 | G22: 43.5 | H22: 2 | I22: =G22*H22*1000 -> 87000 | J22: 聯相 | K22: 107.06.14刑事準備四狀卷（本院卷十一）P9、P31 | L22: 0 | M22: 0 | N22: 0 | O22: （註1）
A23: 11 | B23: 2010/11/26 | C23: 87000 | D23: 林賢得 | E23: 2010/10/27 | F23: 1802 | G23: 43.5 | H23: 2 | I23: =G23*H23*1000 -> 87000 | J23: 聯相 | K23: 107.06.14刑事準備四狀卷（本院卷十一）P9、P33 | L23: 0 | M23: 0 | N23: 0 | O23: （註1）
A24: 12 | B24: 2011/4/25 | C24: 870000 | D24: 黃政 | E24: 2011/4/1 | F24: 2107 | G24: 43.5 | H24: 20 | I24: =G24*H24*1000 -> 870000 | J24: 聯相 | K24: 107.06.14刑事準備四狀卷（本院卷十一）P9、P35 | L24: 0 | M24: 0 | N24: 0 | O24: （註1）
A25: 13 | B25: 2011/6/3 | C25: 312000 | D25: 廖學聰 | G25: 39 | H25: 8 | I25: =G25*H25*1000 -> 312000 | J25: 華聯 | K25: 107.06.14刑事準備四狀卷（本院卷十一）P9、P37 | L25: 0 | M25: 0 | N25: 0 | O25: （註1）
A26: 14 | B26: 2011/9/15 | C26: 20000 | D26: 葉仲琦 | G26: 28 | H26: 2 | I26: =G26*H26*1000 -> 56000 | J26: 太景 | K26: 107.06.14刑事準備四狀卷（本院卷十一）P9、P39 | L26: 0 | M26: 0 | N26: 0 | O26: （註1）
A27: 15 | B27: 2011/12/7 | C27: 230000 | D27: 曾瑞文 | E27: 2011/12/1 | F27: 349 | G27: 23 | H27: 10 | I27: =G27*H27*1000 -> 230000 | J27: 太景 | K27: 107.06.14刑事準備四狀卷（本院卷十一）P9、P41 | L27: 0 | M27: 0 | N27: 0 | O27: （註1）
A28: 16 | B28: 2012/1/6 | C28: 607173 | D28: 許德昭 | E28: 2010/11/25 | F28: 1394 | G28: 43.5 | H28: 14 | I28: =G28*H28*1000 -> 609000 | J28: 聯相 | K28: 107.06.14刑事準備四狀卷（本院卷十一）P9、P43 | L28: 0 | M28: 0 | N28: 0 | O28: （註1）
A29: 17 | B29: 2012/7/2 | C29: 371956 | D29: 許德昭 | E29: 2011/2/24 | F29: 572 | G29: 28.5 | H29: 10 | I29: =G29*H29*1000 -> 285000 | J29: 華聯 | K29: 107.06.14刑事準備四狀卷（本院卷十一）P9、P45 | L29: 285000 | M29: 附表三編號303 | N29: 285000 | O29: （註1）
A30: 18 | B30: 2012/2/13 | C30: 87000 | D30: 陳雅芳 | E30: 2011/8/5 | F30: 2231 | G30: 43.5 | H30: 2 | I30: =G30*H30*1000 -> 87000 | J30: 聯相 | K30: 107.06.14刑事準備四狀卷（本院卷十一）P9、P47 | L30: 0 | M30: 0 | N30: 0 | O30: （註1）
A31: 19 | B31: 2012/1/18 | C31: 369500 | D31: 黃春蘭 | I31: =G31*H31*1000 -> 0 | J31: 聯相 | K31: 107.06.14刑事準備四狀卷（本院卷十一）P9、P49 | L31: 0 | M31: 0 | N31: 0 | O31: （註1）
A32: 20 | B32: 2012/2/10 | C32: 85000 | D32: 黃春蘭 | I32: =G32*H32*1000 -> 0 | J32: 聯相 | K32: 107.06.14刑事準備四狀卷（本院卷十一）P9、P49 | L32: 0 | M32: 0 | N32: 0 | O32: （註1）
A33: 21 | B33: 41019 | C33: 1600185 | D33: 黃永義 | E33: 2008/4/24 | F33: 339 | G33: 28.5 | H33: 10 | I33: =G33*H33*1000 -> 285000 | J33: 華聯 | K33: 107.06.14刑事準備四狀卷（本院卷十一）P9、P51 | L33: 285000 | M33: 附表三編號17 | N33: 1605000 | O33: （註2）
A34: 22 | B34: 2012/4/20 | D34: 黃永義 | E34: 2009/12/3 | F34: 339 | G34: 28.5 | H34: 10 | I34: =G34*H34*1000 -> 285000 | J34: 華聯 | K34: 107.06.14刑事準備四狀卷P9 | L34: 285000 | M34: 附表三編號288
A35: 23 | B35: 41019 | D35: 陳鈺宜 | E35: 2011/3/18 | F35: 1460 | G35: 43.5 | H35: 10 | I35: =G35*H35*1000 -> 435000 | J35: 聯相 | K35: 107.06.14刑事準備四狀卷P9 | L35: 435000 | M35: 附表四編號521
A36: 24 | B36: 2012/4/20 | D36: 陳鈺宜 | E36: 2010/10/1 | F36: 1460 | G36: 43.5 | H36: 8 | I36: =G36*H36*1000 -> 348000 | J36: 聯相 | K36: 107.06.14刑事準備四狀卷P9 | L36: 348000 | M36: 附表四編號145
A37: 25 | B37: 2012/4/20 | D37: 陳鈺宜 | E37: 2012/1/16 | F37: 1460 | G37: 28 | H37: 9 | I37: =G37*H37*1000 -> 252000 | J37: 聯相 | K37: 107.06.14刑事準備四狀卷P9 | L37: 252000 | M37: 附表四編號234
A38: 26 | B38: 2012/6/25 | C38: 56000 | D38: 楊仁強 | E38: 2012/6/4 | F38: 456 | G38: 28 | H38: 2 | I38: =G38*H38*1000 -> 56000 | J38: 太景 | K38: 107.06.14刑事準備四狀卷（本院卷十一）P9、P53 | L38: 0 | M38: 0 | N38: 0 | O38: （註1）
A39: 27 | B39: 2012/7/9 | C39: 87000 | D39: 游炘諺 | E39: 2012/1/11 | G39: 43.5 | H39: 2 | I39: =G39*H39*1000 -> 87000 | J39: 聯相 | K39: 107.06.14刑事準備四狀卷（本院卷十一）P9、P55 | L39: 0 | M39: 0 | N39: 0 | O39: （註1）
A40: 28 | B40: 2012/7/9 | C40: 140000 | D40: 呂美玲 (呂盈瑩） | G40: 28 | H40: 5 | I40: =G40*H40*1000 -> 140000 | J40: 太景 | K40: 107.06.14刑事準備四狀卷（本院卷十一）P9、P57 | L40: 0 | M40: 0 | N40: 0 | O40: （註1）
A41: 29 | B41: 2012/7/30 | C41: 173478 | D41: 謝靜媛 | E41: 2012/6/18 | F41: 2389 | G41: 43.5 | H41: 4 | I41: =G41*H41*1000 -> 174000 | J41: 聯相 | K41: 107.06.14刑事準備四狀卷（本院卷十一）P9、P59 | L41: 174000 | M41: 附表四編號783 | N41: 174000 | O41: （註2）
A42: 30 | B42: 2012/7/31 | C42: 433695 | D42: 陳金蓮 | E42: 2011/8/26 | G42: 43.5 | H42: 10 | I42: =G42*H42*1000 -> 435000 | J42: 聯相 | K42: 107.06.14刑事準備四狀卷（本院卷十一）P9、P61 | L42: 435000 | M42: 附表四編號415 | N42: 435000 | O42: （註2）
A43: 31 | B43: 2012/8/15 | C43: 82500 | D43: 蔡育霖 | E43: 2012/7/24 | F43: 531 | G43: 28 | H43: 3 | I43: =G43*H43*1000 -> 84000 | J43: 太景 | K43: 107.06.14刑事準備四狀卷（本院卷十一）P9、P63 | L43: 0 | M43: 0 | N43: 0 | O43: （註1）
A44: 32 | B44: 2012/8/20 | C44: 69000 | D44: 溫智寰 | G44: 34.5 | H44: 2 | I44: =G44*H44*1000 -> 69000 | J44: 台積固 | K44: 107.06.14刑事準備四狀卷（本院卷十一）P9、P65 | L44: 0 | M44: 0 | N44: 0 | O44: （註1）
A45: 33 | B45: 2012/8/27 | C45: 56000 | D45: 韓惠萍 | E45: 2012/3/16 | F45: 385 | G45: 23 | H45: 2 | I45: =G45*H45*1000 -> 46000 | J45: 太景 | K45: 107.06.14刑事準備四狀卷（本院卷十一）P9、P67 | L45: 0 | M45: 0 | N45: 0 | O45: （註1）
A46: 34 | B46: 2012/8/27 | C46: 30000 | D46: 郭俊哲 | E46: 2013/11/15 | G46: 34.5 | H46: 10 | I46: =G46*H46*1000 -> 345000 | J46: 台積固 | K46: 107.06.14刑事準備四狀卷（本院卷十一）P9、P69 | L46: 345000 | M46: 附表五編號153 | N46: 30000 | O46: （註1）
A47: 35 | B47: 2012/9/3 | C47: 278500 | D47: 朱亞霈 (李純） | E47: 2012/7/9 | F47: 440 | G47: 28 | H47: 10 | I47: =G47*H47*1000 -> 280000 | J47: 太景 | K47: 107.06.14刑事準備四狀卷（本院卷十一）P11、P71 | L47: 0 | M47: 0 | N47: 0 | O47: （註1）
A48: 36 | B48: 2012/10/8 | C48: 251500 | D48: 朱亞霈 (李純） | E48: 2012/4/6 | F48: 440 | G48: 23 | H48: 11 | I48: =G48*H48*1000 -> 253000 | J48: 太景 | K48: 107.06.14刑事準備四狀卷（本院卷十一）P11、P71 | L48: 0 | M48: 0 | N48: 0 | O48: （註1）
A49: 37 | B49: 2012/9/3 | C49: 54500 | D49: 陳珮毓 | E49: 2012/6/4 | F49: 462 | G49: 28 | H49: 2 | I49: =G49*H49*1000 -> 56000 | J49: 太景 | K49: 107.06.14刑事準備四狀卷（本院卷十一）P11、P73 | L49: 0 | M49: 0 | N49: 0 | O49: （註1）
A50: 38 | B50: 2012/9/10 | C50: 711500 | D50: 葉容慈 | E50: 2012/5/8 | F50: 495 | G50: 23 | H50: 31 | I50: =G50*H50*1000 -> 713000 | J50: 太景 | K50: 107.06.14刑事準備四狀卷（本院卷十一）P11、P75 | L50: 0 | M50: 0 | N50: 0 | O50: （註1）
A51: 39 | B51: 2012/8/29 | C51: 400000 | D51: 葉容慈 | E51: 2012/5/7 | G51: 25 | H51: 16 | I51: =G51*H51*1000 -> 400000 | J51: 聯相 | K51: 107.06.14刑事準備四狀卷（本院卷十一）P11、P77 | L51: 0 | M51: 0 | N51: 0 | O51: （註1）
A52: 40 | B52: 2012/9/10 | C52: 113500 | D52: 邱于財 | E52: 2012/3/26 | F52: 396 | G52: 23 | H52: 5 | I52: =G52*H52*1000 -> 115000 | J52: 太景 | K52: 107.06.14刑事準備四狀卷（本院卷十一）P11、P79 | L52: 0 | M52: 0 | N52: 0 | O52: （註1）
A53: 41 | B53: 2012/10/8 | C53: 274500 | D53: 楊姿嬋 | E53: 2012/4/6 | F53: 410 | G53: 23 | H53: 12 | I53: =G53*H53*1000 -> 276000 | J53: 太景 | K53: 107.06.14刑事準備四狀卷（本院卷十一）P11、P81 | L53: 0 | M53: 0 | N53: 0 | O53: （註1）
A54: 42 | B54: 41197 | C54: 56000 | D54: 許吉源 | E54: 2012/9/27 | G54: 28 | H54: 2 | I54: =G54*H54*1000 -> 56000 | J54: 太景 | K54: 107.06.14刑事準備四狀卷（本院卷十一）P11、P83 | L54: 0 | M54: 0 | N54: 0 | O54: （註1）
A55: 43 | B55: 2012/12/3 | C55: 3216063 | D55: 莊育其 | G55: 28 | H55: 78 | I55: =G55*H55*1000 -> 2184000 | J55: 太景 | K55: 107.06.14刑事準備四狀卷（本院卷十一）P11、P85 | L55: 0 | M55: 0 | N55: 1479000 | O55: （註1）
D56: 莊育其 | G56: 43.5 | H56: 34 | I56: =G56*H56*1000 -> 1479000 | J56: 聯相 | K56: 107.06.14刑事準備四狀卷P11 | L56: 1479000 | M56: 附表四編號423、424
A57: 44 | B57: 41282 | C57: 18000 | D57: 廖迦密 | E57: 2012/7/6 | F57: 2352 | G57: 43.5 | H57: 10 | I57: =G57*H57*1000 -> 435000 | J57: 聯相 | K57: 107.06.14刑事準備四狀卷（本院卷十一）P11、P87 | L57: 435000 | M57: 附表四編號254、837 | N57: 18000 | O57: （註1）
A58: 45 | B58: 2013/1/30 | C58: 250000 | D58: 蔡皇姝 | G58: 25 | H58: 10 | I58: =G58*H58*1000 -> 250000 | J58: 聯相 | K58: 107.06.14刑事準備四狀卷（本院卷十一）P11、P89 | L58: 0 | M58: 0 | N58: 0 | O58: （註1）
A59: 46 | B59: 41331 | C59: 30000 | D59: 蔡瑞媛 | E59: 2013/2/5 | F59: 1306 | G59: 43 | H59: 2 | I59: =G59*H59*1000 -> 86000 | J59: 太景 | K59: 107.06.14刑事準備四狀卷（本院卷十一）P11、P91 | L59: 0 | M59: 0 | N59: 0 | O59: （註1）
A60: 47 | B60: 2013/9/9 | C60: 1404000 | D60: 劉俊儀 | E60: 2013/4/26 | F60: 884 | G60: 39 | H60: 36 | I60: =G60*H60*1000 -> 1404000 | J60: 華聯 | K60: 107.06.14刑事準備四狀卷（本院卷十一）P11、P93 | L60: 0 | M60: 0 | N60: 0 | O60: （註1）
A61: 48 | B61: 2013/11/25 | C61: 867390 | D61: 范耀元 | E61: 2012/2/1 | F61: 2330 | G61: 43.5 | H61: 20 | I61: =G61*H61*1000 -> 870000 | J61: 聯相 | K61: 107.06.14刑事準備四狀卷（本院卷十一）P11、P95 | L61: 870000 | M61: 附表四編號243 | N61: 870000 | O61: （註2）
A62: 49 | B62: 2014/1/6 | C62: 156000 | D62: 楊麗琴 | E62: 2013/12/18 | G62: 39 | H62: 4 | I62: =G62*H62*1000 -> 156000 | J62: 台積固 | K62: 107.06.14刑事準備四狀卷（本院卷十一）P11、P97 | L62: 0 | M62: 0 | N62: 0 | O62: （註1）
A63: 50 | B63: 2014/2/18 | C63: 78000 | D63: 林怡伶 | E63: 2014/2/13 | G63: 39 | H63: 2 | I63: =G63*H63*1000 -> 78000 | J63: 台積固 | K63: 107.06.14刑事準備四狀卷（本院卷十一）P11、P99 | L63: 78000 | M63: 附表五之一編號71 | N63: 78000
A64: 51 | B64: 2014/2/18 | C64: 78000 | D64: 邱金女 | E64: 2013/11/15 | G64: 39 | H64: 2 | I64: =G64*H64*1000 -> 78000 | J64: 台積固 | K64: 107.06.14刑事準備四狀卷（本院卷十一）P11、P101 | L64: 69000 | M64: 附表五編號138 | N64: 69000 | O64: （註1）
A65: 52 | B65: 2014/2/21 | C65: 234000 | D65: 楊詩涵 | E65: 2013/12/18 | G65: 39 | H65: 6 | I65: =G65*H65*1000 -> 234000 | J65: 台積固 | K65: 107.06.14刑事準備四狀卷（本院卷十一）P11、P103 | L65: 0 | M65: 0 | N65: 0 | O65: （註1）
A66: 53 | B66: 2015/1/12 | C66: 155532 | D66: 楊詩涵 | E66: 2013/11/22 | G66: 39 | H66: 4 | I66: =G66*H66*1000 -> 156000 | J66: 台積固 | K66: 107.06.14刑事準備四狀卷（本院卷十一）P11、P103 | L66: 156000 | M66: 附表五編號205 | N66: 156000 | O66: （註2）
A67: 54 | B67: 2014/3/13 | C67: 977060 | D67: 陳英仕 | E67: 2013/6/7 | F67: 926 | G67: 49 | H67: 20 | I67: =G67*H67*1000 -> 980000 | J67: 華聯 | K67: 107.06.14刑事準備四狀卷（本院卷十一）P11、P105 | L67: 980000 | M67: 附表三編號444 | N67: 980000 | O67: （註2）
A68: 55 | B68: 2014/4/8 | C68: 390000 | D68: 王政佳 | E68: 2014/2/25 | G68: 39 | H68: 10 | I68: =G68*H68*1000 -> 390000 | J68: 台積固 | K68: 107.06.14刑事準備四狀卷（本院卷十一）P11、P107 | L68: 390000 | M68: 附表五之一編號10 | N68: 390000
A69: 56 | B69: 2014/4/14 | C69: 1301787 | D69: 李心怡 | E69: 2013/5/22 | F69: 1318 | G69: 49 | H69: 5 | I69: =G69*H69*1000 -> 245000 | J69: 華聯 | K69: 107.06.14刑事準備四狀卷（本院卷十一）P11、P109 | L69: 245000 | M69: 附表三編號418 | N69: 969000 | O69: （註1）
D70: 李心怡 | E70: 2013/8/13 | F70: 1318 | G70: 49 | H70: 10 | I70: =G70*H70*1000 -> 490000 | J70: 華聯 | K70: 107.06.14刑事準備四狀卷P11 | L70: 490000 | M70: 附表三編號512
D71: 李心怡 | E71: 2010/8/30 | F71: 1159 | G71: 28 | H71: 4 | I71: =G71*H71*1000 -> 112000 | J71: 聯相 | K71: 107.06.14刑事準備四狀卷P11 | L71: 0 | M71: 0
D72: 李心怡 | E72: 2010/3/30 | F72: 1159 | G72: 56 | H72: 2 | I72: =G72*H72*1000 -> 112000 | J72: 聯相 | K72: 107.06.14刑事準備四狀卷P11 | L72: 0 | M72: 0
D73: 李心怡 | E73: 2010/4/21 | F73: 1159 | G73: 56 | H73: 2 | I73: =G73*H73*1000 -> 112000 | J73: 聯相 | K73: 107.06.14刑事準備四狀卷P11 | L73: 0 | M73: 0
D74: 李心怡 | E74: 2014/1/10 | G74: 39 | H74: 6 | I74: =G74*H74*1000 -> 234000 | J74: 台積固 | K74: 107.06.14刑事準備四狀卷P11 | L74: 234000 | M74: 附表五之一編號218
A75: 57 | B75: 41750 | C75: 488530 | D75: 許麗碧 | E75: 2013/10/4 | F75: 1368 | G75: 49 | H75: 10 | I75: =G75*H75*1000 -> 490000 | J75: 華聯 | K75: 107.06.14刑事準備四狀卷（本院卷十一）P11、P111 | L75: 490000 | M75: 附表三編號563 | N75: 490000 | O75: （註2）
A76: 58 | B76: 2014/4/28 | C76: 1170000 | D76: 王心怡 | E76: 2013/12/11 | F76: 644 | G76: 39 | H76: 20 | I76: =G76*H76*1000 -> 780000 | J76: 台積固 | K76: 107.06.14刑事準備四狀卷（本院卷十一）P11、P113 | L76: 780000 | M76: 附表五編號228 | N76: 780000 | O76: （註1）
D77: 王心怡 | E77: 2014/1/6 | F77: 644 | G77: 39 | H77: 10 | I77: =G77*H77*1000 -> 390000 | J77: 台積固 | K77: 107.06.14刑事準備四狀卷P11 | L77: 0 | M77: 0
A78: 59 | B78: 41767 | C78: 390000 | D78: 楊紫彤 | E78: 2014/3/20 | G78: 39 | H78: 10 | I78: =G78*H78*1000 -> 390000 | J78: 台積固 | K78: 107.06.14刑事準備四狀卷（本院卷十一）P11、P115 | L78: 0 | M78: 0 | N78: 0 | O78: （註1）
A79: 60 | B79: 41771 | C79: 195412 | D79: 邱櫳生 | E79: 2013/8/27 | F79: 1113 | G79: 49 | H79: 4 | I79: =G79*H79*1000 -> 196000 | J79: 華聯 | K79: 107.06.14刑事準備四狀卷（本院卷十一）P11、P117 | L79: 196000 | M79: 附表三編號519 | N79: 196000 | O79: （註2）
A80: 61 | B80: 2014/5/28 | C80: 343965 | D80: 黃琦翰 | E80: 2013/11/14 | F80: 504 | G80: 34.5 | H80: 10 | I80: =G80*H80*1000 -> 345000 | J80: 台積固 | K80: 107.06.14刑事準備四狀卷（本院卷十一）P11、P119 | L80: 345000 | M80: 附表五編號143 | N80: 345000 | O80: （註2）
A81: 62 | B81: 2014/6/27 | C81: 777660 | D81: 王海霞 | G81: 39 | H81: 20 | I81: =G81*H81*1000 -> 780000 | J81: 台積固 | K81: 107.06.14刑事準備四狀卷（本院卷十一）P11、P121 | L81: 0 | M81: 0 | N81: 0 | O81: （註1）
A82: 63 | B82: 2014/7/28 | C82: 925760 | D82: 馬超宇 | E82: 2013/5/30 | F82: 925 | G82: 49 | H82: 20 | I82: =G82*H82*1000 -> 980000 | J82: 華聯 | K82: 107.06.14刑事準備四狀卷（本院卷十一）P11、P123 | L82: 980000 | M82: 附表三編號431 | N82: 925760 | O82: （註1）
A83: 64 | B83: 2014/8/25 | C83: 77766 | D83: 黃湘翎 | E83: 2014/3/24 | F83: 774 | G83: 39 | H83: 2 | I83: =G83*H83*1000 -> 78000 | J83: 台積固 | K83: 107.06.14刑事準備四狀卷（本院卷十一）P11、P125 | L83: 0 | M83: 0 | N83: 0 | O83: （註1）
A84: 65 | B84: 2014/9/1 | C84: 1944150 | D84: 楊智慧 | E84: 2014/4/28 | F84: 796 | G84: 39 | H84: 50 | I84: =G84*H84*1000 -> 1950000 | J84: 台積固 | K84: 107.06.14刑事準備四狀卷（本院卷十一）P11、P127 | L84: 0 | M84: 0 | N84: 0 | O84: （註1）
A85: 66 | B85: 2014/10/6 | C85: 954129 | D85: 林誼培 | E85: 2011/5/12 | F85: 2152 | G85: 43.5 | H85: 22 | I85: =G85*H85*1000 -> 957000 | J85: 聯相 | K85: 107.06.14刑事準備四狀卷（本院卷十一）P11、P129 | L85: 957000 | M85: 附表四編號489 | N85: 957000 | O85: （註2）
A86: 67 | B86: 2014/11/14 | C86: 388830 | D86: 徐令娟 | E86: 2013/4/26 | F86: 814 | G86: 39 | H86: 10 | I86: =G86*H86*1000 -> 390000 | J86: 華聯 | K86: 107.06.14刑事準備四狀卷（本院卷十一）P11、P131 | L86: 390000 | M86: 附表三編號355 | N86: 390000 | O86: （註2）
A87: 68 | B87: 2014/11/14 | C87: 1555320 | D87: 陳聖明 | E87: 2013/4/25 | F87: 813 | G87: 39 | H87: 40 | I87: =G87*H87*1000 -> 1560000 | J87: 華聯 | K87: 107.06.14刑事準備四狀卷（本院卷十一）P11、P133 | L87: 1560000 | M87: 附表三編號346 | N87: 1560000 | O87: （註2）
A88: 69 | B88: 2014/11/14 | C88: 3110640 | D88: 陳亥明 | E88: 2013/4/30 | F88: 864 | G88: 39 | H88: 80 | I88: =G88*H88*1000 -> 3120000 | J88: 華聯 | K88: 107.06.14刑事準備四狀卷（本院卷十一）P11、P135 | L88: 3120000 | M88: 附表三編號406 | N88: 3120000 | O88: （註2）
A89: 70 | B89: 2014/11/14 | C89: 2332980 | D89: 陳賢明 | E89: 2013/5/2 | F89: 886 | G89: 39 | H89: 60 | I89: =G89*H89*1000 -> 2340000 | J89: 華聯 | K89: 107.06.14刑事準備四狀卷（本院卷十一）P13、P137 | L89: 2340000 | M89: 附表三編號407 | N89: 2340000 | O89: （註2）
A90: 71 | B90: 2014/12/9 | C90: 388830 | D90: 高聰明 | E90: 2013/12/11 | F90: 503 | G90: 39 | H90: 10 | I90: =G90*H90*1000 -> 390000 | J90: 台積固 | K90: 107.06.14刑事準備四狀卷（本院卷十一）P13、P139 | L90: 0 | M90: 0 | N90: 0 | O90: （註1）
A91: 72 | B91: 2014/12/22 | C91: 520434 | D91: 游勝智 | E91: 2011/8/18 | F91: 2237 | G91: 43.5 | H91: 12 | I91: =G91*H91*1000 -> 522000 | J91: 聯相 | K91: 107.06.14刑事準備四狀卷（本院卷十一）P13、P141 | L91: 522000 | M91: 附表四編號427 | N91: 522000 | O91: （註2）
A92: 73 | B92: 2014/12/22 | C92: 97706 | D92: 梁嘉航 | E92: 2013/9/6 | F92: 1121 | G92: 49 | H92: 2 | I92: =G92*H92*1000 -> 98000 | J92: 華聯 | K92: 107.06.14刑事準備四狀卷（本院卷十一）P13、P143 | L92: 98000 | M92: 附表三編號533 | N92: 98000 | O92: （註2）
A93: 74 | B93: 2014/12/22 | C93: 227316 | D93: 吳湘婷 | E93: 2010/1/12 | F93: 416 | G93: 28.5 | H93: 4 | I93: =G93*H93*1000 -> 114000 | J93: 華聯 | K93: 107.06.14刑事準備四狀卷（本院卷十一）P13、P145 | L93: 114000 | M93: 附表三編號309 | N93: 228000 | O93: （註2）
D94: 吳湘婷 | E94: 2008/12/10 | F94: 416 | G94: 28.5 | H94: 2 | I94: =G94*H94*1000 -> 57000 | J94: 華聯 | K94: 107.06.14刑事準備四狀卷P13 | L94: 57000 | M94: 附表三編號78
D95: 吳湘婷 | E95: 2009/6/11 | F95: 416 | G95: 28.5 | H95: 2 | I95: =G95*H95*1000 -> 57000 | J95: 華聯 | K95: 107.06.14刑事準備四狀卷P13 | L95: 57000 | M95: 附表三編號154
A96: 75 | B96: 2015/1/12 | C96: 275172 | D96: 陳宜暄 | E96: 2013/10/30 | F96: 512 | G96: 34.5 | H96: 8 | I96: =G96*H96*1000 -> 276000 | J96: 台積固 | K96: 107.06.14刑事準備四狀卷（本院卷十一）P13、P147 | L96: 276000 | M96: 附表五編號85 | N96: 276000 | O96: （註2）
A97: 76 | B97: 2015/1/12 | C97: 171484 | D97: 游中榮 | E97: 2010/11/10 | F97: 1861 | G97: 43.5 | H97: 2 | I97: =G97*H97*1000 -> 87000 | J97: 聯相 | K97: 107.06.14刑事準備四狀卷（本院卷十一）P13、P149 | L97: 87000 | M97: 附表四編號106 | N97: 172000 | O97: （註2）
A98: 77 | B98: 2015/1/12 | D98: 游中榮 | E98: 2012/1/18 | F98: 1861 | G98: 28 | H98: 1 | I98: =G98*H98*1000 -> 28000 | J98: 聯相 | K98: 107.06.14刑事準備四狀卷P13 | L98: 28000 | M98: 附表四編號706
A99: 78 | B99: 2015/1/12 | D99: 游中榮 | E99: 2009/1/7 | F99: 577 | G99: 28.5 | H99: 2 | I99: =G99*H99*1000 -> 57000 | J99: 華聯 | K99: 107.06.14刑事準備四狀卷P13 | L99: 57000 | M99: 附表三編號88
A100: 79 | B100: 2015/1/16 | C100: 155532 | D100: 陳秋樺 | J100: 台積固 | K100: 107.06.14刑事準備四狀卷（本院卷十一）P151 （被告雖主張係「華聯」之退款，惟匯款單據備註欄上係載明「台積固退款」，故以單據上所載為計算） | L100: 78000 | M100: 附表五之一編號19 | N100: 78000 | O100: （註1）
...

Sheet 附表十和解
A1: 附表十、被告唐志驄與投資人和解金額明細表
A3: 編號 | B3: 投資人 | C3: 和解日期 | D3: 和解金額 | E3: 卷證出處
A4: 1 | B4: 蔡佳宏 | C4: 106.01.20 | D4: 200000 | E4: 107.05.18刑事準備二狀卷七（本院卷九）P533
A5: 2 | B5: 陳張財 詹月英 | C5: 106.03.08 | D5: 400000 | E5: 107.05.18刑事準備二狀卷七（本院卷九）P535-536
B6: 合計 | D6: =SUM(D4:D5) -> 600000
